 Dungeon Crawl Stone Soup version 0.30.0-20-g3615ddf2f0 (webtiles) character file.

Game seed: 4588502577500408712

959641 qw the Conqueror (level 27, 0/199 HPs)
             Began as a Gargoyle Fighter on May 29, 2023.
             Was the Champion of the Shining One.
             Killed by the air
             ... invoked by a titan
              (19 damage)
             ... on level 7 of Cocytus.
             The game lasted 01:55:56 (93637 turns).

qw the Conqueror (Gargoyle Fighter)                Turns: 93637, Time: 01:55:56

Health: 0/199      AC: 81    Str: 29 (30) XL:     27
Magic:  32/32      EV: 16    Int:  9      God:    the Shining One [******]
Gold:   6898       SH: 28    Dex:  9      Spells: 26/26 levels left

rFire   + + .        e - +9 war axe (holy)
rCold   + + .        m - +2 tower shield {rC+}
rNeg    + + +        O - +6 gold dragon scales
rPois   inf          o - +2 helmet {SInv}
rElec   +            N - +2 cloak
rCorr   .            j - +2 pair of gloves
SInv    +            c - +5 pair of boots of Ydeeqyes {rN++}
Will    +++..        J - amulet of faith Stlth
                     B - ring of Tutiodav {rF+ Will+ EV+5}
HPRegen 0.53/turn    u - ring of the Tortoise {AC+8}
MPRegen 0.23/turn

%: clarity, faith
@: about to teleport, flying, glowing, unable to drink
A: sickness immunity, AC +20, big wings, negative energy resistance 1,
electricity resistance, torment resistance 1, petrification resistance, large
bone plates 1, clarity, deterioration 1, dopey 1, low MP 2, weak 1
}: 10/15 runes: decaying, serpentine, slimy, silver, golden, demonic, glowing,
magical, fiery, dark
a: Renounce Religion, Divine Shield, Cleansing Flame, Summon Divine Warrior


You were on level 7 of Cocytus.
You worshipped the Shining One.
The Shining One was exalted by your worship.
You visited 14 branches of the dungeon, and saw 63 of its levels.
You visited Pandemonium 2 times, and saw 16 of its levels.
You visited the Abyss 3 times.
You visited 1 bazaar.

You collected 13234 gold pieces.
You spent 6336 gold pieces at shops.


Innate Abilities, Weirdness & Mutations

You are immune to sickness and miasma.
Your stone body is resilient. (AC +20)
You are immune to poison.
Your large and strong wings let you fly.
You resist negative energy. (rN+)
You are resistant to electric shocks. (rElec)
You are resistant to unholy torment.
You are immune to petrification.
You are partially covered in large bone plates. (SH +4)
You possess an exceptional clarity of mind.
Your body sometimes deteriorates upon taking damage.
You are dopey. (Int -2)
Your magical capacity is very low. (-20% MP)
You are weak. (Str -2)


   Skills:
 O Level 27 Fighting
 - Level 4.8 Short Blades
 + Level 23.4 Axes
 - Level 15.0 Throwing
 O Level 27 Armour
 - Level 12.0 Dodging
 - Level 25.3 Shields
 O Level 27 Invocations


You had 26 spell levels left.
You didn't know any spells.
Your spell library was empty.

Inventory:

Hand Weapons
 e - a +9 war axe of holy wrath (weapon)
 M - the +7 broad axe "Qaatutz" {flame, rElec Will++ Dex-5 Stlth+}
   (You acquired it on level 2 of the Vaults)

   Dex:       It affects your dexterity (-5).
   rElec:     It insulates you from electricity.
   Will:      It greatly increases your willpower.
   Stlth:     It makes you more stealthy.
Armour
 c - the +5 pair of boots of Ydeeqyes (worn) {rN++}
   (You found it on level 3 of the Tomb of the Ancients)

   rN:        It greatly protects you from negative energy.
 j - a +2 pair of gloves (worn)
 k - a +10 plate armour of ponderousness
 m - a +2 tower shield of cold resistance (worn)
 o - a +2 helmet of see invisible (worn)
 t - a +1 tower shield of protection
 N - a +2 cloak (worn)
 O - +6 gold dragon scales (worn)
Jewellery
 p - the amulet of Vitality {RegenMP++ Regen++}
   (You bought it in a shop on level 2 of the Orcish Mines)

   [amulet of magic regeneration]

   It increases your rate of magic regeneration.
   Regen:     It increases your rate of health regeneration.
   The Shining One disapproves of the use of such an item.
 u - the ring of the Tortoise (right hand) {AC+8}
   (You found it on level 4 of the Depths)

   [ring of protection]

   AC:        It affects your AC (+8).
 y - the ring "Irro" {rC+ Str+3 Stlth+}
   (You took it off a wizard on level 3 of the Depths)

   [ring of protection from cold]

   Str:       It affects your strength (+3).
   rC:        It protects you from cold.
   Stlth:     It makes you more stealthy.
 A - the amulet of Jouhew {rElec rC+ Regen+}
   (You took it off a balrug in Pandemonium)

   [amulet of regeneration]

   rC:        It protects you from cold.
   rElec:     It insulates you from electricity.
   Regen:     It increases your rate of health regeneration.
 B - the ring of Tutiodav (left hand) {rF+ Will+ EV+5}
   (You took it off a balrug in Pandemonium)

   [ring of evasion]

   EV:        It affects your evasion (+5).
   rF:        It protects you from fire.
   Will:      It increases your willpower.
 J - an amulet of faith (around neck)
 Y - the ring "Keps" {Drain Will+ rCorr Str+7}
   (You acquired it in Pandemonium)

   [ring of willpower]

   Str:       It affects your strength (+7).
   rCorr:     It protects you from acid and corrosion.
   Drain:     It drains your maximum health when unequipped.
   Will:      It increases your willpower.
Wands
 l - a wand of digging (53)
Scrolls
 a - 17 scrolls of identify
 s - 2 scrolls of teleportation
 x - 5 scrolls of enchant weapon
 z - 6 scrolls of brand weapon
Potions
 d - 15 potions of might
 f - 33 potions of curing
 g - 11 potions of attraction
 i - 7 potions of heal wounds
 n - 5 potions of magic
 q - 19 potions of lignification
 r - 2 potions of haste
 v - 10 potions of mutation

Dungeon Overview and Level Annotations

Branches:
Dungeon (15/15)            Temple (1/1) D:5            Lair (5/5) D:9
  Swamp (4/4) Lair:3        Snake (4/4) Lair:2        Slime (5/5) Lair:4
    Orc (2/2) D:11            Elf (0/3) Orc:2        Vaults (5/5) D:13
  Crypt (3/3) Vaults:2       Tomb (3/3) Crypt:3      Depths (4/4) D:15
   Hell (visited)             Coc (7/7) Hell            Zot (4/5) Depths:4
    Dis: Hell:1         Geh: Hell:1         Tar: Hell:1

Altars:
Ashenzari
Cheibriados
Dithmenos
Elyvilon
Fedhas
Gozag
Hepliaklqana
Kikubaaqudgha
Makhleb
Nemelex Xobeh
Okawaru
Qazlal
Ru
Sif Muna
Trog
Uskayaw
Vehumet
Wu Jian
Xom
Yredelemnul
Zin
The Shining One
Jiyva

Shops:
D:2 (   D:8 (   D:12 *   D:13 [   Orc:2 **?*   Snake:2 *   Vaults:2 *
Vaults:3 *

Portals:
Hell: Depths:1 Depths:2 Depths:3 Depths:4
Abyss: Depths:3
Pandemonium: Depths:1 Depths:2 Depths:4
Ziggurat: Depths:1

Annotations:
D:14 2 transporters, Laowois's ghost, journeyman MiBe
Lair:1 1 runed translucent door, qw's ghost, journeyman GrFi
Swamp:3 3 runed translucent doors, qw's ghost, adept GrFi
Vaults:1 2 transporters
Crypt:3 3 runed translucent doors, Esecs's ghost, veteran GrEE


Message History

Your daeva hits the wendigo with a +3 eudemon blade of holy wrath.
The wendigo convulses.
Your daeva completely misses the wendigo.
A wendigo comes into view.
The wendigo fires a burst of electricity at you.
The stunning burst hits you! You resist.
Your daeva blocks the water elemental's attack.
Enter note:
Enter note:
93635 ||| READING 3 scrolls of teleportation.
As you read the scroll of teleportation, it crumbles to dust.
You feel strangely unstable.
The water elemental disappears in a puff of smoke!
Your daeva misses the wendigo.
Your daeva hits the wendigo with a +3 eudemon blade of holy wrath!!
The wendigo dies!
The Shining One accepts your kill.
The wendigo fires a burst of electricity at you.
The stunning burst misses you.
Water spirits pour forth from the elemental wellspring!
A wendigo comes into view.
The wendigo howls!
Your daeva barely misses the nargun.
Your daeva hits the nargun with a +3 eudemon blade of holy wrath.
You resist with almost no effort.
A torrent of water rises up through the elemental wellspring!
The torrent of water passes through the water elemental.
You block the torrent of water.
The wave splashes down.
You hear a shout!
You hear a screech! x2; You hear a howl! x2
You hear a shout! x2; You hear a howl!
You hear a roar!
You hear a howl! x2
You hear a screech! x2; You hear a howl!
You open the Ice Fiend like a pillowcase!!!
The Ice Fiend convulses!!!
The Ice Fiend is almost dead.
You completely miss the Ice Fiend.
Your daeva hits the nargun with a +3 eudemon blade of holy wrath!
Your daeva hits the nargun with a +3 eudemon blade of holy wrath.
The titan waves its arms in wide circles.
The air twists around and strikes you!!
You die...

~#.~~~~#...~)~#~~~~~~
#~~~~~~#.R.~.#~~~~~~~
~~EE~~~~#.~...#~~~~..#..#
~~~~~~~#......#~~~~.#. ..
~~~~~~~#..#..#~~~~.#.....
~~~~~E~~##~##~.~~~.#.....
~~~~~~~~~~~~~~R. ~.#...#.
~~~~~~~~~~~~~~~~. .#.....
~~~~~~~~@~~~~~~~ ~.#....
~~~~~~~11~~~~... ~~ .#...
~~~~~~~~~~~~.####. J#####
##~~~~~~~~~.#..J.#.#
#~~~~~~~~.#9A¤...##
#~~~~~~~.#.R.C.C..#
#~~~~~~~.#....#
##~~~~~~~.#.......#
#~~~~~~~.#.^..#...#


You could see a titan, 2 Ice Fiends, 2 wendigos, an azure jelly, an elemental
wellspring, a nargun (ally target), 2 water elementals and a friendly daeva
(summoned).

Vanquished Creatures
  the Royal Jelly (Slime:5)
  Mnoleg (Pan)
  the Serpent of Hell (Coc:7)
  Lom Lobon (Pan)
  6 pandemonium lords (Pan)
  A dread lich (Pan)
  3 ancient liches
  Mara (Snake:4)
  Sojobo (Vaults:5)
  Boris (thrice) (Crypt:1 Tomb:1 Tomb:3)
  Vv (Crypt:1)
  6 shard shrikes
  23 royal mummies
  Saint Roka (Vaults:5)
  Vashnia (Snake:2)
  2 curse toes
  A caustic shrike (Depths:3)
  Geryon (Hell)
  16 golden dragons
  3 bone dragons
  A profane servitor (Abyss:4)
  2 electric golems
  A Brimstone Fiend (Pan)
  8 Hell Sentinels (Pan)
  9 Tzitzimimeh (Pan)
  8 Ice Fiends
  23 tentacled monstrosities
  8 liches
  6 deep elf master archers
  3 deep elf blademasters
  20 Executioners (Pan)
  12 quicksilver dragons
  28 acid blobs
  3 tentacled starspawn
  14 titans
  9 death cobs
  8 sphinxes
  9 ancient champions
  Agnes (Snake:2)
  15 shadow dragons
  10 draconian monks
  Kirke (Lair:3)
  6 revenants
  13 tengu reavers
  Donald (Snake:4)
  23 storm dragons
  A nagaraja (Snake:4)
  15 rockslimes
  Roxanne (Swamp:1)
  7 demonspawn warmongers (Pan)
  19 azure jellies
  10 narguns
  23 fire giants
  6 draconian knights
  22 frost giants
  2 iron dragons (Vaults:5)
  8 draconian scorchers
  4 deep elf sorcerers
  13 vault wardens
  11 ghouls
  8 shard shrike simulacra
  2 orc warlords
  6 draconian shifters
  23 balrugs
  4 curse skulls
  7 demonspawn blood saints (Pan)
  10 reapers
  6 draconian stormcallers
  5 caustic shrike skeletons
  19 ironbound preservers
  6 draconian annihilators
  17 cacodemons
  A juggernaut skeleton (Crypt:1)
  A spriggan defender (Depths:4)
  37 very ugly things
  10 quicksilver oozes
  6 ironbound thunderhulks
  22 stone giants
  13 vampire knights
  6 demonspawn corrupters (Pan)
  4 bennus
  18 elemental wellsprings
  20 black draconians
  11 green draconians
  2 deep elf demonologists
  2 demonspawn black suns (Pan)
  6 eleionomae
  7 lorocyprocas (Pan)
  19 white draconians
  10 yellow draconians
  3 deep elf annihilators (Pan)
  7 dire elephants
  21 purple draconians
  5 bunyips
  19 red draconians
  5 wendigos
  11 green deaths
  4 spark wasps (Depths:1)
  11 crystal guardians (Depths:2)
  9 ettins
  9 deep elf death magi
  12 blizzard demons
  7 eidola
  4 jiangshi
  20 mummy priests
  12 yaktaur captains
  A quicksilver dragon zombie (Tomb:1)
  A great orb of eyes (shapeshifter) (Vaults:5)
  2 entropy weavers
  19 fire dragons
  7 ice dragons
  A shambling mangrove (Swamp:1)
  9 great orbs of eyes
  4 deep elf high priests
  9 rakshasas
  3 salamander tyrants
  A quicksilver dragon skeleton (Crypt:3)
  8 caustic shrike simulacra
  26 vault guards
  A peacekeeper (Vaults:3)
  5 juggernaut simulacra
  A fenstrider witch zombie (Crypt:1)
  A catoblepas (Lair:5)
  2 hell beasts
  5 spriggan air magi
  3 ghost crabs (Depths:2)
  A catoblepas (shapeshifter) (Vaults:5)
  13 centaur warriors
  2 ogre magi
  15 hydras
  19 naga warriors
  4 death knights
  14 anacondas
  7 boulder beetles
  7 tengu warriors
  10 alligators
  11 ironbound frosthearts
  2 two-headed ogres
  23 death scarabs (Tomb:1)
  6 vampire magi
  An Orb Guardian skeleton (Crypt:1)
  3 deep troll shamans
  19 naga sharpshooters
  4 deep troll earth magi
  A titan zombie (Depths:2)
  3 death yaks (D:9)
  10 shock serpents
  5 thrashing horrors
  3 spriggan berserkers
  Urug (D:11)
  50 sun demons
  Sonja (Orc:2)
  6 hell knights
  12 deep elf knights
  A storm dragon zombie (Depths:2)
  7 iron trolls
  An anaconda zombie (Tomb:3)
  38 soul eaters
  8 wretched stars
  Nergalle (D:11)
  A titan skeleton (Pan)
  A sea snake (shapeshifter) (Vaults:3)
  2 fire crabs
  A skyshark (shapeshifter) (Depths:1)
  46 skeletal warriors
  3 skysharks
  3 salamander mystics
  7 shadow wraiths
  A bunyip zombie (Crypt:1)
  17 sixfirhies
  A golden dragon zombie (Depths:2)
  7 goliath frogs
  2 quicksilver dragon simulacra
  5 flayed ghosts
  5 death drakes
  9 swamp dragons
  2 sea snakes (Depths:2)
  2 storm dragon skeletons
  An orange crystal statue (Depths:2)
  5 bog bodies
  11 deep elf archers
  15 shadow demons (Pan)
  57 deep trolls
  2 kraken simulacra (Coc:7)
  7 spriggan druids
  6 spriggan simulacra
  11 lindwurms
  An obsidian statue (Snake:4)
  2 glowing orange brains
  16 ironbound convokers
  A bunyip skeleton (Crypt:3)
  A lindwurm (shapeshifter) (Depths:2)
  2 shadow dragon zombies
  2 golden dragon skeletons (Depths:2)
  2 naga ritualists (Snake:2)
  16 phantasmal warriors
  11 necromancers
  20 wizards
  A sphinx zombie (Depths:2)
  13 orc knights
  8 deep elf zephyrmancers
  A shadow dragon skeleton (Pan)
  9 deep elf pyromancers
  14 mana vipers
  11 harpies
  2 iron dragon zombies
  2 manticores
  2 anaconda skeletons
  A human zombie (Crypt:2)
  A will-o-the-wisp (Swamp:2)
  6 draconians (Abyss:4)
  An eleionoma zombie (Crypt:2)
  3 orc sorcerers
  4 cyclopes
  An iron dragon skeleton (Crypt:3)
  7 shining eyes
  46 ugly things
  2 stone giant zombies
  24 salamanders
  A sphinx skeleton (Depths:2)
  A fire giant skeleton (Depths:2)
  An apocalypse crab (Abyss:4)
  A stone giant skeleton (Crypt:1)
  A centaur zombie (Crypt:1)
  4 rust devils (Hell)
  13 elephants
  2 water nymphs (Swamp:2)
  2 ice statues (Depths:2)
  A frost giant zombie (Depths:2)
  32 moths of wrath
  A frost giant skeleton (Depths:2)
  9 guardian serpents
  27 black mambas
  10 vault sentinels
  A torpor snail (shapeshifter) (D:10)
  3 centaur skeletons (Crypt:3)
  16 demonic crawlers (Pan)
  17 naga magi
  3 eyes of devastation
  27 orange demons
  38 smoke demons
  4 titan simulacra
  24 cane toads
  2 unseen horrors
  30 yaktaurs
  4 gargoyles
  A white draconian zombie (Crypt:2)
  A cane toad (shapeshifter) (Abyss:3)
  A dire elephant zombie (Crypt:1)
  15 tormentors (Pan)
  4 kobold demonologists
  14 hellions
  5 dire elephant skeletons
  A purple draconian zombie (Crypt:1)
  3 rime drakes
  7 komodo dragons
  A catoblepas zombie (Crypt:1)
  2 sea snake zombies (Hell)
  2 tengu conjurers
  17 freezing wraiths
  An alligator snapping turtle skeleton (Crypt:2)
  5 anaconda simulacra
  7 efreet
  3 golden dragon simulacra
  44 guardian mummies
  2 ice devils
  5 trolls
  4 ancient zymes
  5 red devils
  13 hellwings (Pan)
  43 large abominations
  A meliai (D:13)
  8 spriggan skeletons
  6 polar bears
  2 tarantellas
  A shadow dragon simulacrum (Coc:1)
  A hornet (shapeshifter) (Abyss:3)
  9 tyrant leeches
  17 hornets
  5 hydra skeletons
  24 blink frogs
  3 spriggan zombies
  An alligator zombie (Hell)
  3 harpy skeletons
  A stone giant simulacrum (Coc:5)
  9 raiju
  An iron dragon simulacrum (Depths:2)
  10 small abominations
  A frost giant simulacrum (Depths:2)
  36 flying skulls
  46 slime creatures
  2 black mamba zombies (Crypt:1)
  A fire dragon skeleton (Crypt:3)
  A boulder beetle zombie (Crypt:3)
  2 centaur simulacra
  3 ettin skeletons
  4 shadows
  A water elemental (Hell)
  An air elemental (Depths:2)
  3 dire elephant simulacra
  A vampire (D:10)
  An ice dragon skeleton (Pan)
  A basilisk (shapeshifter) (Vaults:5)
  9 spriggans
  3 wyverns
  37 ynoxinuls (Pan)
  43 yaks
  An alligator snapping turtle simulacrum (Coc:3)
  7 wraiths
  16 neqoxecs
  4 redbacks
  A black mamba skeleton (Crypt:1)
  8 basilisks
  39 chaos spawn
  15 ushabtiu
  6 hogs (Lair:3)
  4 steam dragons (Swamp:4)
  30 vampire mosquitoes
  A sea snake simulacrum (Hell)
  59 nagas
  5 wargs
  10 swamp worms
  10 harpy simulacra
  A faun zombie (Crypt:2)
  5 acid dragons
  A demonspawn skeleton (Crypt:1)
  4 hell hounds (Hell)
  A floating eye (Slime:3)
  14 water moccasins
  A glowing shapeshifter skeleton (Depths:2)
  2 ice beasts (D:8)
  2 naga skeletons
  An alligator simulacrum (Hell)
  2 hydra simulacra
  36 orc warriors
  6 ettin simulacra
  3 sky beasts
  5 black mamba simulacra
  9 swamp drakes
  A black bear (shapeshifter) (D:14)
  3 black bears
  2 manticore zombies
  A snapping turtle zombie (Crypt:1)
  A fire dragon simulacrum (Depths:2)
  2 ogres
  10 wolves
  21 centaurs
  8 kobold brigands
  A phantom (D:5)
  A rime drake skeleton (Crypt:1)
  2 necrophages (Crypt:1)
  15 bullfrogs
  2 gnoll sergeants
  7 scorpions
  4 wights (D:6)
  A warg zombie (Crypt:2)
  An elephant simulacrum (Depths:2)
  9 killer bees
  3 howler monkeys
  2 electric eels (Lair:5)
  A wolf zombie (Crypt:2)
  A lava snake (Swamp:4)
  2 crimson imps (Pan)
  A quasit (Abyss:3)
  2 hounds (D:4)
  4 jellies
  18 orc priests
  A basilisk zombie (Crypt:2)
  2 gnoll boudas
  An iron imp (Abyss:3)
  A sleepcap (D:5)
  12 starcursed masses
  2 iguanas (D:4)
  19 orc wizards
  4 lightning spires (Depths:2)
  14 hell rats
  2 naga zombies (Crypt:1)
  A hound skeleton (Crypt:1)
  A tengu skeleton (Crypt:2)
  38 mummies
  5 adders
  15 gnolls
  A river rat (D:9)
  2 shadow imps (D:8)
  2 white imps
  An ufetubus (D:4)
  An adder skeleton (Crypt:3)
  A worm (D:4)
  4 dart slugs
  113 orcs
  2 endoplasms
  2 giant cockroaches
  3 goblins
  7 hobgoblins
  4 quokkas
  A ball python (D:4)
  4 bats (D:2)
  19 kobolds
  6 rats
  3 ball lightnings (Pan)
  2 butterflies
  2 fire vortices (Pan)
  2 lurking horrors
  A starspawn tentacle (Abyss:2)
3321 creatures vanquished.

Vanquished Creatures (collateral kills)
  Cerebov (Pan)
  Gloorx Vloq (Pan)
  A pandemonium lord (Pan)
  10 royal mummies
  A shard shrike (Coc:3)
  A Tzitzimitl (Pan)
  A bone dragon (Crypt:3)
  2 titans
  3 Hell Sentinels (Pan)
  5 Ice Fiends
  A deep elf master archer (Crypt:3)
  An ancient champion (Crypt:3)
  An Executioner (Pan)
  An eldritch tentacle (Pan)
  2 demonspawn warmongers (Pan)
  2 narguns
  A balrug (Pan)
  An azure jelly (Coc:7)
  2 fire giants (Crypt:3)
  2 frost giants
  3 cacodemons (Pan)
  A demonspawn blood saint (Pan)
  2 shard shrike simulacra
  3 demonspawn corrupters (Pan)
  A stone giant (Crypt:3)
  2 bennus (Tomb:1)
  4 demonspawn black suns (Pan)
  A deep elf annihilator (Pan)
  4 wendigos
  An elemental wellspring (Coc:4)
  2 lorocyprocas (Pan)
  2 green deaths (Pan)
  A blizzard demon (Pan)
  5 mummy priests
  A jiangshi (Crypt:3)
  2 rakshasas (Pan)
  A caustic shrike simulacrum (Tomb:3)
  4 hell beasts (Pan)
  6 death scarabs (Tomb:1)
  A deep elf knight (Crypt:3)
  3 sun demons (Pan)
  7 soul eaters (Pan)
  3 sixfirhies (Pan)
  21 skeletal warriors
  3 shadow demons (Pan)
  A wolf spider zombie (Crypt:3)
  2 wizards (Pan)
  3 deep elf zephyrmancers (Crypt:3)
  2 deep elf pyromancers
  A sphinx skeleton (Crypt:3)
  A stone giant zombie (Tomb:2)
  A dire elephant zombie (Tomb:2)
  A rust devil (Pan)
  2 centaur zombies (Crypt:1)
  15 smoke demons (Pan)
  5 demonic crawlers (Pan)
  A titan simulacrum (Coc:1)
  A hellion (Pan)
  A dire elephant skeleton (Tomb:2)
  2 orange demons (Pan)
  A naga skeleton (Tomb:2)
  5 guardian mummies
  A golden dragon simulacrum (Coc:6)
  2 tormentors (Pan)
  2 red devils (Pan)
  2 hellwings (Pan)
  8 large abominations (Pan)
  12 flying skulls
  12 ynoxinuls (Pan)
  6 ushabtiu
  10 chaos spawn (Pan)
  2 neqoxecs (Pan)
  2 harpy simulacra (Coc:7)
  A water nymph skeleton (Crypt:3)
  3 ettin simulacra
  A torpor snail zombie (Crypt:3)
  A crimson imp (Pan)
  16 mummies
  A frilled lizard zombie (Crypt:3)
251 creatures vanquished.

Vanquished Creatures (others)
  2 ancient liches (Vaults:5)
  A pandemonium lord (Pan)
  A fire giant (Crypt:3)
  A draconian knight (Zot:4)
  A shard shrike simulacrum (Coc:3)
  A draconian annihilator (Pan)
  A demonspawn blood saint (Pan)
  2 elemental wellsprings
  A blizzard demon (Pan)
  A fire dragon (Zot:4)
  A hydra (Swamp:4)
  A sun demon (Pan)
  A soul eater (Pan)
  A skeletal warrior (Crypt:1)
  A glowing orange brain (Pan)
  A quicksilver dragon simulacrum (Coc:3)
  A spriggan simulacrum (Coc:3)
  An ironbound convoker (Vaults:2)
  A titan simulacrum (Coc:7)
  2 smoke demons (Pan)
  A hellion (Pan)
  2 anaconda simulacra
  A tormentor (Pan)
  2 iron giant simulacra
  A golden dragon simulacrum (Coc:3)
  2 bloated husks
  A slime creature (Slime:5)
  A ynoxinul (Pan)
  2 dire elephant simulacra
  A chaos spawn (Pan)
  A harpy simulacrum (Coc:6)
  2 swamp drakes (Swamp:4)
  An orc warrior (Vaults:5)
  3 naga simulacra
  An orc wizard (D:7)
  An orc (Vaults:5)
  22 ball lightnings
  4 foxfires (Swamp:2)
  A lurking horror (Abyss:1)
  3 starspawn tentacles
  8 tentacles (Coc:7)
84 creatures vanquished.

Grand Total: 3656 creatures vanquished

Notes
Turn   | Place    | Note
-------+----------+-------------------------------------------
     0 | D:1      | qw the Gargoyle Fighter began the quest for the Orb.
     0 | D:1      | Reached XP level 1. HP: 14/14 MP: 1/1
     0 | D:1      | 0 ||| qw: Version: 0.2-a-102-g2b76a06
     0 | D:1      | 0 ||| qw: Game counter: 404
     0 | D:1      | 0 ||| qw: Always use a shield: true
     0 | D:1      | 0 ||| qw: God list: Okawaru
     0 | D:1      | 0 ||| qw: Allow faded altars: false
     0 | D:1      | 0 ||| qw: Do Orc after D:15 true
     0 | D:1      | 0 ||| qw: Do second Lair branch before Depths: true
     0 | D:1      | 0 ||| qw: Lair rune preference: random
     0 | D:1      | 0 ||| qw: Plans: Normal, Zot:1-4, Slime:5, God:TSO, Crypt,
                  | Tomb, Pan, Hells, Abyss, Win
     0 | D:1      | 0 ||| PLANNING D:1-11
   225 | D:1      | Found a faded altar of an unknown god.
   298 | D:1      | 298 ||| Stepping ~*~*~tactically~*~*~ (hiding).
   299 | D:1      | 299 ||| Stepping ~*~*~tactically~*~*~ (hiding).
   352 | D:1      | Reached XP level 2. HP: 18/19 MP: 2/2
   629 | D:1      | 629 ||| UPGRADING to +0 pair of boots.
   649 | D:1      | 649 ||| UPGRADING to amulet of the acrobat.
   655 | D:1      | 655 ||| READING scroll labelled KOOZXU ELAWENG.
   656 | D:1      | 656 ||| READING scroll labelled VAIBRUOTRA.
   657 | D:1      | 657 ||| READING scroll labelled XUOHUO NYXTU.
   658 | D:1      | 658 ||| DRINKING 4 fuming sapphire potions.
   948 | D:2      | Found an iron altar of Okawaru.
   950 | D:2      | 950 ||| PLANNING OKAWARU WORSHIP
   956 | D:2      | Became a worshipper of Warmaster Okawaru
   956 | D:2      | 956 ||| PLANNING D:1-11
  1048 | D:2      | Reached skill level 3 in Axes
  1096 | D:2      | Reached XP level 3. HP: 23/23 MP: 3/3
  1196 | D:2      | Found Legerchie's Weapon Shop.
  1199 | D:2      | 1199 ||| BUYING +0 whip (32 gold).
  1199 | D:2      | Bought a +0 whip for 32 gold pieces
  1262 | D:2      | 1262 ||| READING scroll labelled ZIASIS VEREO.
  1263 | D:2      | 1263 ||| READING 3 scrolls of identify.
  1263 | D:2      | 1263 ||| IDENTIFYING coppery potion
  1264 | D:2      | 1264 ||| READING 2 scrolls of identify.
  1264 | D:2      | 1264 ||| IDENTIFYING purple potion
  1265 | D:2      | 1265 ||| DROPPING potion of invisibility.
  1592 | D:3      | Noticed a scorpion
  1602 | D:3      | Killed a scorpion
  1603 | D:3      | Reached XP level 4. HP: 21/28 MP: 4/4
  1631 | D:3      | 1631 ||| DROPPING +0 whip.
  1668 | D:3      | Reached XP level 5. HP: 27/32 MP: 5/5
  2076 | D:3      | 2076 ||| UPGRADING to +4 ring of protection.
  2077 | D:3      | 2077 ||| READING scroll labelled TEPSONUHUA.
  2078 | D:3      | 2078 ||| READING scroll labelled BEFIP KOALIUF.
  2079 | D:3      | 2079 ||| READING 3 scrolls labelled OPADOM OVVI.
  2080 | D:3      | 2080 ||| DRINKING 2 ruby potions.
  2081 | D:3      | 2081 ||| DRINKING 3 brown potions.
  2125 | D:3      | 2125 ||| DROPPING 2 scrolls of vulnerability.
  2132 | D:4      | Noticed a black bear
  2137 | D:4      | 2137 ||| STAIRDANCE
  2143 | D:3      | Killed a black bear
  2143 | D:3      | Reached * piety under Okawaru
  2228 | D:4      | Reached skill level 1 in Invocations
  2228 | D:4      | Reached XP level 6. HP: 37/37 MP: 6/6
  2533 | D:4      | 2533 ||| INVOKING Heroism.
  2634 | D:4      | 2634 ||| Stepping ~*~*~tactically~*~*~ (stealth).
  2643 | D:4      | Reached skill level 1 in Dodging
  2782 | D:4      | Identified the +5 dagger of Ehyim {heavy, SInv}
  2897 | D:4      | Reached XP level 7. HP: 43/43 MP: 9/9
  3036 | D:4      | Reached skill level 3 in Invocations
  3475 | D:4      | 3475 ||| UPGRADING to +0 cloak.
  3480 | D:4      | 3480 ||| READING scroll labelled OFO POMUXA.
  3512 | D:4      | 3512 ||| READING scroll labelled JOENTA XOIPTIBB.
  3513 | D:4      | 3513 ||| READING 2 scrolls of identify.
  3513 | D:4      | 3513 ||| IDENTIFYING puce potion
  3514 | D:4      | 3514 ||| DROPPING potion of degeneration.
  3543 | D:5      | Entered Level 5 of the Dungeon
  3565 | D:5      | 3565 ||| READING scroll of enchant weapon.
  3565 | D:5      | 3565 ||| ENCHANTING +1 war axe.
  3686 | D:5      | Reached skill level 6 in Axes
  3705 | D:5      | Found a staircase to the Ecumenical Temple.
  3763 | D:5      | Reached skill level 1 in Throwing
  3876 | D:5      | Reached XP level 8. HP: 48/48 MP: 11/11
  3909 | D:5      | 3909 ||| Stepping ~*~*~tactically~*~*~ (hiding).
  3910 | D:5      | 3910 ||| Stepping ~*~*~tactically~*~*~ (hiding).
  3911 | D:5      | 3911 ||| Stepping ~*~*~tactically~*~*~ (hiding).
  3916 | D:5      | 3916 ||| INVOKING Heroism.
  4091 | D:5      | 4091 ||| UPGRADING to +0 chain mail.
  4101 | D:5      | 4101 ||| DROPPING +0 scale mail.
  4102 | D:5      | 4102 ||| DROPPING ring of magical power.
  4103 | D:5      | 4103 ||| READING scroll labelled PISMEL XINAPLAJ.
  4117 | D:6      | 4117 ||| PLANNING OSSUARY
  4368 | D:6      | 4368 ||| INVOKING Heroism.
  4369 | D:6      | 4369 ||| Stepping ~*~*~tactically~*~*~ (hiding).
  4407 | D:6      | 4407 ||| INVOKING Heroism.
  4467 | D:6      | 4467 ||| INVOKING Heroism.
  4785 | D:6      | 4785 ||| RIP OSSUARY
  4802 | D:6      | 4802 ||| PLANNING D:1-11
  4804 | D:6      | 4804 ||| Stepping ~*~*~tactically~*~*~ (hiding).
  4807 | D:6      | 4807 ||| Stepping ~*~*~tactically~*~*~ (hiding).
  4812 | D:6      | 4812 ||| INVOKING Heroism.
  5136 | D:7      | 5136 ||| INVOKING Heroism.
  5152 | D:7      | Reached XP level 9. HP: 34/54 MP: 10/12
  5163 | D:7      | Reached ** piety under Okawaru
  5164 | D:7      | Reached skill level 6 in Fighting
  5165 | D:7      | Noticed a hornet
  5170 | D:7      | HP: 12/56 [hornet (12)]
  5171 | D:7      | 5171 ||| DRINKING 3 potions of heal wounds.
  5182 | D:7      | 5182 ||| INVOKING Heroism.
  5184 | D:7      | Killed a hornet
  5292 | D:7      | 5292 ||| INVOKING Heroism.
  5382 | D:7      | 5382 ||| Stepping ~*~*~tactically~*~*~ (hiding).
  5386 | D:7      | 5386 ||| Stepping ~*~*~tactically~*~*~ (hiding).
  5412 | D:7      | 5412 ||| Stepping ~*~*~tactically~*~*~ (stealth).
  5446 | D:7      | 5446 ||| INVOKING Heroism.
  5448 | D:7      | Reached skill level 9 in Axes
  5448 | D:7      | 5448 ||| Stepping ~*~*~tactically~*~*~ (stealth).
  5658 | D:7      | 5658 ||| READING scroll labelled PORECU DEELUTA.
  5659 | D:7      | 5659 ||| READING scroll labelled AMOFIXZ QAIW.
  5659 | D:7      | Identified a scroll of acquirement
  5659 | D:7      | 5659 ||| ACQUIRING +7 broad axe "Lenidwar" {vamp, Dex+3}
  5659 | D:7      | Acquired the +7 broad axe "Lenidwar" {vamp, Dex+3}
  5661 | D:7      | 5661 ||| SWAPPING to +7 broad axe "Lenidwar" {vamp, Dex+3}.
  5662 | D:7      | 5662 ||| DROPPING +2 war axe.
  5663 | D:7      | 5663 ||| DRINKING 2 murky yellow potions.
  5664 | D:7      | 5664 ||| READING 2 scrolls of identify.
  5664 | D:7      | 5664 ||| IDENTIFYING glowing pink potion
  5737 | D:8      | 5737 ||| Stepping ~*~*~tactically~*~*~ (hiding).
  5739 | D:8      | 5739 ||| Stepping ~*~*~tactically~*~*~ (hiding).
  5902 | D:8      | 5902 ||| Stepping ~*~*~tactically~*~*~ (stealth).
  5904 | D:8      | 5904 ||| Stepping ~*~*~tactically~*~*~ (stealth).
  5908 | D:8      | 5908 ||| Stepping ~*~*~tactically~*~*~ (stealth).
  5917 | D:8      | 5917 ||| Stepping ~*~*~tactically~*~*~ (stealth).
  5943 | D:8      | 5943 ||| INVOKING Heroism.
  5947 | D:8      | 5947 ||| Stepping ~*~*~tactically~*~*~ (hiding).
  5966 | D:8      | 5966 ||| DROPPING +0 flail.
  6202 | D:8      | 6202 ||| Stepping ~*~*~tactically~*~*~ (hiding).
  6203 | D:8      | 6203 ||| Stepping ~*~*~tactically~*~*~ (hiding).
  6212 | D:8      | 6212 ||| INVOKING Heroism.
  6214 | D:8      | 6214 ||| Stepping ~*~*~tactically~*~*~ (stealth).
  6218 | D:8      | 6218 ||| Stepping ~*~*~tactically~*~*~ (stealth).
  6233 | D:8      | 6233 ||| Stepping ~*~*~tactically~*~*~ (stealth).
  6234 | D:8      | 6234 ||| Stepping ~*~*~tactically~*~*~ (stealth).
  6248 | D:8      | 6248 ||| Stepping ~*~*~tactically~*~*~ (stealth).
  6260 | D:8      | 6260 ||| Stepping ~*~*~tactically~*~*~ (stealth).
  6261 | D:8      | 6261 ||| Stepping ~*~*~tactically~*~*~ (stealth).
  6263 | D:8      | 6263 ||| Stepping ~*~*~tactically~*~*~ (stealth).
  6267 | D:8      | 6267 ||| Stepping ~*~*~tactically~*~*~ (hiding).
  6269 | D:8      | 6269 ||| Stepping ~*~*~tactically~*~*~ (hiding).
  6271 | D:8      | 6271 ||| Stepping ~*~*~tactically~*~*~ (hiding).
  6280 | D:8      | 6280 ||| Stepping ~*~*~tactically~*~*~ (stealth).
  6281 | D:8      | 6281 ||| Stepping ~*~*~tactically~*~*~ (stealth).
  6283 | D:8      | 6283 ||| Stepping ~*~*~tactically~*~*~ (stealth).
  6284 | D:8      | 6284 ||| Stepping ~*~*~tactically~*~*~ (stealth).
  6343 | D:8      | Noticed a hornet
  6349 | D:8      | Killed a hornet
  6350 | D:8      | Reached XP level 10. HP: 61/63 MP: 13/13
  6361 | D:8      | Found Wetsyss's Weapon Emporium.
  6403 | D:8      | 6403 ||| Stepping ~*~*~tactically~*~*~ (stealth).
  6405 | D:8      | 6405 ||| Stepping ~*~*~tactically~*~*~ (hiding).
  6407 | D:8      | 6407 ||| Stepping ~*~*~tactically~*~*~ (hiding).
  6409 | D:8      | 6409 ||| DRINKING 9 potions of curing.
  6409 | D:8      | 6409 ||| (to cure confusion)
  6801 | D:8      | 6801 ||| UPGRADING to ring of see invisible.
  6802 | D:8      | 6802 ||| READING scroll labelled AKIETH MIAFAI.
  6807 | D:8      | 6807 ||| READING scroll labelled TEMOXOITOE.
  6908 | D:8      | 6908 ||| READING 2 scrolls of identify.
  6908 | D:8      | 6908 ||| IDENTIFYING cyan potion
  6941 | D:9      | 6941 ||| Stepping ~*~*~tactically~*~*~ (stealth).
  6957 | D:9      | Reached *** piety under Okawaru
  7010 | D:9      | Noticed a death yak
  7011 | D:9      | 7011 ||| Stepping ~*~*~tactically~*~*~ (stealth).
  7014 | D:9      | 7014 ||| Stepping ~*~*~tactically~*~*~ (stealth).
  7016 | D:9      | 7016 ||| INVOKING Heroism.
  7020 | D:9      | Noticed a death yak
  7024 | D:9      | Killed a death yak
  7024 | D:9      | Noticed a death yak
  7025 | D:9      | 7025 ||| Stepping ~*~*~tactically~*~*~ (stealth).
  7031 | D:9      | Killed a death yak
  7031 | D:9      | Reached **** piety under Okawaru
  7032 | D:9      | Reached skill level 3 in Throwing
  7041 | D:9      | Killed a death yak
  7117 | D:9      | Found a staircase to the Lair.
  7161 | D:9      | 7161 ||| UPGRADING to +0 plate armour.
  7171 | D:9      | 7171 ||| DROPPING +0 chain mail.
  7195 | D:8      | 7195 ||| PLANNING LAIR
  7223 | Lair:1   | Entered Level 1 of the Lair of Beasts
  7255 | Lair:1   | Noticed a cane toad
  7257 | Lair:1   | 7257 ||| INVOKING Heroism.
  7260 | Lair:1   | Killed a cane toad
  7321 | Lair:1   | 7321 ||| INVOKING Heroism.
  7329 | Lair:1   | Reached skill level 6 in Invocations
  7329 | Lair:1   | Reached XP level 11. HP: 68/69 MP: 13/15
  7408 | Lair:1   | Found the +2 ratskin cloak {*Rats rPois rN+ Str-1 Int-1
                  | Dex+1}
  7575 | Lair:1   | 7575 ||| Stepping ~*~*~tactically~*~*~ (stealth).
  7576 | Lair:1   | 7576 ||| INVOKING Heroism.
  7584 | Lair:1   | Reached skill level 6 in Armour
  7643 | Lair:1   | 7643 ||| INVOKING Heroism.
  7836 | Lair:1   | 7836 ||| INVOKING Heroism.
  7883 | Lair:1   | Found a runed translucent door.
  7886 | Lair:1   | Found a shimmering altar of Xom.
  7886 | Lair:1   | Noticed qw's ghost (journeyman GrFi)
  7886 | Lair:1   | Noticed a +1 hand axe of chaos
  8167 | Lair:1   | You fall into a shaft and drop 1 floor!
  8172 | Lair:2   | Received a gift from Okawaru
  8196 | Lair:2   | 8196 ||| DROPPING orb of wrath.
  8197 | Lair:2   | 8197 ||| UPGRADING to +2 ratskin cloak {*Rats rPois rN+
                  | Str-1 Int-1 Dex+1}.
  8207 | Lair:2   | 8207 ||| DROPPING +0 cloak.
  8208 | Lair:2   | 8208 ||| DRINKING 2 emerald potions.
  8209 | Lair:2   | 8209 ||| DRINKING 2 green potions.
  8210 | Lair:2   | 8210 ||| DRINKING 8 potions of curing.
  8210 | Lair:2   | 8210 ||| (to cure confusion)
  8211 | Lair:2   | 8211 ||| READING 2 scrolls of identify.
  8211 | Lair:2   | 8211 ||| IDENTIFYING bubbling white potion
  8212 | Lair:2   | 8212 ||| DROPPING potion of brilliance.
  8213 | Lair:2   | 8213 ||| DROPPING potion of ambrosia.
  8287 | Lair:1   | 8287 ||| Stepping ~*~*~tactically~*~*~ (stealth).
  8293 | Lair:1   | 8293 ||| Stepping ~*~*~tactically~*~*~ (stealth).
  8297 | Lair:1   | 8297 ||| Stepping ~*~*~tactically~*~*~ (stealth).
  8309 | Lair:1   | Reached ***** piety under Okawaru
  8709 | Lair:2   | 8709 ||| STAIRDANCE
  8777 | Lair:2   | 8777 ||| INVOKING Heroism.
  8827 | Lair:2   | 8827 ||| INVOKING Heroism.
  8835 | Lair:2   | Reached skill level 9 in Invocations
  8899 | Lair:2   | 8899 ||| INVOKING Heroism.
  8901 | Lair:2   | Reached skill level 9 in Fighting
  8985 | Lair:2   | 8985 ||| INVOKING Heroism.
  9048 | Lair:2   | Reached XP level 12. HP: 76/76 MP: 19/19
  9060 | Lair:2   | 9060 ||| INVOKING Heroism.
  9216 | Lair:2   | 9216 ||| Stepping ~*~*~tactically~*~*~ (stealth).
  9487 | Lair:2   | Reached skill level 12 in Axes
  9577 | Lair:2   | 9577 ||| Stepping ~*~*~tactically~*~*~ (stealth).
  9578 | Lair:2   | 9578 ||| Stepping ~*~*~tactically~*~*~ (stealth).
  9581 | Lair:2   | 9581 ||| Stepping ~*~*~tactically~*~*~ (stealth).
  9675 | Lair:2   | 9675 ||| INVOKING Heroism.
  9683 | Lair:2   | Reached skill level 6 in Shields
  9779 | Lair:2   | 9779 ||| Stepping ~*~*~tactically~*~*~ (hiding).
  9780 | Lair:2   | 9780 ||| Stepping ~*~*~tactically~*~*~ (hiding).
  9797 | Lair:2   | Found a staircase to the Snake Pit.
  9885 | Lair:2   | 9885 ||| READING scroll labelled HECKOEDGHIVVO.
  9886 | Lair:2   | 9886 ||| READING 2 scrolls labelled VURIUGOMME.
  9887 | Lair:2   | 9887 ||| READING 2 scrolls of identify.
  9887 | Lair:2   | 9887 ||| IDENTIFYING murky red potion
  9888 | Lair:2   | 9888 ||| DROPPING potion of flight.
  9889 | Lair:2   | 9889 ||| DROPPING scroll of poison.
  9906 | Lair:3   | Noticed a six-headed hydra
  9907 | Lair:3   | 9907 ||| INVOKING Heroism.
  9908 | Lair:3   | 9908 ||| INVOKING Finesse.
  9913 | Lair:3   | 9913 ||| SWAPPING to +0 morningstar.
  9921 | Lair:3   | Killed a six-headed hydra
  9922 | Lair:3   | 9922 ||| SWAPPING to +7 broad axe "Lenidwar" {vamp, Dex+3}.
  9938 | Lair:3   | Reached skill level 9 in Armour
  9941 | Lair:3   | Noticed a seven-headed hydra
  9948 | Lair:3   | Killed a seven-headed hydra
  9948 | Lair:3   | Received a gift from Okawaru
 10014 | Lair:3   | 10014 ||| INVOKING Heroism.
 10026 | Lair:3   | Identified the +1 chain mail of Filigreed Curiosity {Regen+
                  | rCorr Stlth+} (Okawaru gifted it to you on level 3 of the
                  | Lair of Beasts)
 10026 | Lair:3   | Received a gift from Okawaru
 10105 | Lair:3   | Noticed a seven-headed hydra
 10107 | Lair:3   | 10107 ||| INVOKING Heroism.
 10108 | Lair:3   | 10108 ||| INVOKING Finesse.
 10111 | Lair:3   | 10111 ||| SWAPPING to +0 morningstar.
 10118 | Lair:3   | Killed a seven-headed hydra
 10119 | Lair:3   | 10119 ||| SWAPPING to +7 broad axe "Lenidwar" {vamp,
                  | Dex+3}.
 10197 | Lair:3   | 10197 ||| INVOKING Heroism.
 10234 | Lair:3   | 10234 ||| INVOKING Heroism.
 10252 | Lair:3   | Found a staircase to the Swamp.
 10266 | Lair:3   | 10266 ||| Stepping ~*~*~tactically~*~*~ (hiding).
 10267 | Lair:3   | 10267 ||| Stepping ~*~*~tactically~*~*~ (hiding).
 10315 | Lair:3   | 10315 ||| INVOKING Heroism.
 10356 | Lair:3   | Noticed Kirke
 10357 | Lair:3   | 10357 ||| INVOKING Heroism.
 10360 | Lair:3   | 10360 ||| INVOKING Finesse.
 10364 | Lair:3   | Reached XP level 13. HP: 82/82 MP: 12/20
 10371 | Lair:3   | 10371 ||| DRINKING potion of cancellation.
 10383 | Lair:3   | Killed Kirke
 10744 | Lair:3   | 10744 ||| INVOKING Heroism.
 10751 | Lair:3   | Reached skill level 3 in Dodging
 11032 | Lair:3   | 11032 ||| UPGRADING to +1 chain mail of Filigreed Curiosity
                  | {Regen+ rCorr Stlth+}.
 11042 | Lair:3   | 11042 ||| DROPPING +0 plate armour.
 11475 | Lair:4   | Found a runed translucent door.
 11477 | Lair:4   | Found a viscous altar of Jiyva.
 11477 | Lair:4   | Noticed an acid blob
 11522 | Lair:4   | Noticed an acid blob
 11523 | Lair:4   | Found a staircase to the Slime Pits.
 11523 | Lair:4   | Noticed an acid blob
 11523 | Lair:4   | Noticed an acid blob
 11810 | Lair:4   | 11810 ||| UPGRADING to +0 helmet.
 11815 | Lair:4   | 11815 ||| UPGRADING to amulet of regeneration.
 11825 | Lair:4   | 11825 ||| DROPPING amulet of the acrobat.
 11853 | Lair:5   | Entered Level 5 of the Lair of Beasts
 11869 | Lair:5   | 11869 ||| INVOKING Heroism.
 11893 | Lair:5   | Received a gift from Okawaru
 11906 | Lair:5   | 11906 ||| INVOKING Heroism.
 11937 | Lair:5   | 11937 ||| INVOKING Heroism.
 11964 | Lair:5   | 11964 ||| Stepping ~*~*~tactically~*~*~ (stealth).
 11975 | Lair:5   | 11975 ||| Stepping ~*~*~tactically~*~*~ (water).
 12004 | Lair:5   | 12004 ||| Stepping ~*~*~tactically~*~*~ (water).
 12032 | Lair:5   | 12032 ||| Stepping ~*~*~tactically~*~*~ (stealth).
 12061 | Lair:5   | 12061 ||| INVOKING Heroism.
 12063 | Lair:5   | 12063 ||| INVOKING Finesse.
 12065 | Lair:5   | 12065 ||| SWAPPING to +0 morningstar.
 12078 | Lair:5   | 12078 ||| SWAPPING to +7 broad axe "Lenidwar" {vamp,
                  | Dex+3}.
 12206 | Lair:5   | 12206 ||| INVOKING Heroism.
 12239 | Lair:5   | 12239 ||| Stepping ~*~*~tactically~*~*~ (stealth).
 12261 | Lair:5   | 12261 ||| INVOKING Heroism.
 12268 | Lair:5   | Received a gift from Okawaru
 12283 | Lair:5   | Gained mutation: Your large and strong wings let you fly.
                  | [Gargoyle growth]
 12283 | Lair:5   | Reached XP level 14. HP: 90/90 MP: 21/21
 12288 | Lair:5   | Reached skill level 15 in Axes
 12320 | Lair:5   | 12320 ||| INVOKING Heroism.
 12439 | Lair:5   | 12439 ||| Stepping ~*~*~tactically~*~*~ (hiding).
 12571 | Lair:5   | 12571 ||| READING scroll of enchant armour.
 12571 | Lair:5   | 12571 ||| ENCHANTING +0 helmet.
 12651 | Lair:5   | Reached skill level 12 in Fighting
 13328 | Lair:5   | 13328 ||| PLANNING D:1-11
 13328 | Lair:5   | 13328 ||| UPGRADING to +0 pair of gloves.
 13599 | D:9      | 13599 ||| FLEEEEING.
 13600 | D:9      | 13600 ||| FLEEEEING.
 13601 | D:9      | 13601 ||| FLEEEEING.
 13602 | D:9      | 13602 ||| FLEEEEING.
 13603 | D:9      | 13603 ||| FLEEEEING.
 13604 | D:9      | 13604 ||| FLEEEEING.
 13605 | D:9      | 13605 ||| FLEEEEING.
 13607 | D:9      | 13607 ||| FLEEEEING.
 13608 | D:9      | 13608 ||| FLEEEEING.
 13609 | D:9      | 13609 ||| FLEEEEING.
 13610 | D:9      | 13610 ||| FLEEEEING.
 13611 | D:9      | 13611 ||| FLEEEEING.
 13612 | D:9      | 13612 ||| FLEEEEING.
 13613 | D:9      | 13613 ||| FLEEEEING.
 13614 | D:9      | 13614 ||| FLEEEEING.
 13615 | D:9      | 13615 ||| FLEEEEING.
 13616 | D:9      | 13616 ||| FLEEEEING.
 13617 | D:9      | 13617 ||| FLEEEEING.
 13618 | D:9      | 13618 ||| FLEEEEING.
 13619 | D:9      | 13619 ||| FLEEEEING.
 13620 | D:9      | 13620 ||| FLEEEEING.
 13621 | D:9      | 13621 ||| FLEEEEING.
 13622 | D:9      | 13622 ||| FLEEEEING.
 13623 | D:9      | 13623 ||| FLEEEEING.
 13624 | D:9      | 13624 ||| FLEEEEING.
 13625 | D:9      | 13625 ||| FLEEEEING.
 13626 | D:9      | 13626 ||| FLEEEEING.
 13627 | D:9      | 13627 ||| FLEEEEING.
 13628 | D:9      | 13628 ||| FLEEEEING.
 13680 | D:9      | 13680 ||| Stepping ~*~*~tactically~*~*~ (hiding).
 13681 | D:9      | 13681 ||| Stepping ~*~*~tactically~*~*~ (hiding).
 13980 | D:9      | Found a shadowy altar of Dithmenos.
 13982 | D:9      | Found an opulent altar of Gozag.
 14095 | D:10     | Entered Level 10 of the Dungeon
 14266 | D:10     | 14266 ||| Stepping ~*~*~tactically~*~*~ (stealth).
 14267 | D:10     | Identified the amulet "Jialur" {Regen+ Dex+3}
 14268 | D:10     | 14268 ||| Stepping ~*~*~tactically~*~*~ (hiding).
 14276 | D:10     | 14276 ||| Stepping ~*~*~tactically~*~*~ (hiding).
 14298 | D:10     | 14298 ||| Stepping ~*~*~tactically~*~*~ (hiding).
 14338 | D:10     | 14338 ||| FLEEEEING.
 14340 | D:10     | 14340 ||| FLEEEEING.
 14342 | D:10     | 14342 ||| INVOKING Heroism.
 14398 | D:10     | 14398 ||| INVOKING Heroism.
 14437 | D:10     | Received a gift from Okawaru
 14581 | D:10     | 14581 ||| Stepping ~*~*~tactically~*~*~ (stealth).
 14594 | D:10     | 14594 ||| Stepping ~*~*~tactically~*~*~ (stealth).
 14598 | D:10     | 14598 ||| Stepping ~*~*~tactically~*~*~ (stealth).
 14670 | D:10     | 14670 ||| Stepping ~*~*~tactically~*~*~ (stealth).
 14673 | D:10     | 14673 ||| Stepping ~*~*~tactically~*~*~ (hiding).
 14736 | D:10     | 14736 ||| Stepping ~*~*~tactically~*~*~ (hiding).
 15248 | D:10     | 15248 ||| UPGRADING to +2 pair of boots of stealth.
 15258 | D:10     | 15258 ||| DROPPING +0 pair of boots.
 15259 | D:10     | 15259 ||| UPGRADING to amulet "Jialur" {Regen+ Dex+3}.
 15269 | D:10     | 15269 ||| DROPPING amulet of regeneration.
 15270 | D:10     | 15270 ||| DROPPING ring of wizardry.
 15397 | D:11     | Noticed Nergalle
 15400 | D:11     | Noticed Urug
 15401 | D:11     | 15401 ||| INVOKING Heroism.
 15402 | D:11     | 15402 ||| INVOKING Finesse.
 15409 | D:11     | Killed Nergalle
 15415 | D:11     | Killed Urug
 15467 | D:11     | 15467 ||| Stepping ~*~*~tactically~*~*~ (stealth).
 15468 | D:11     | 15468 ||| Stepping ~*~*~tactically~*~*~ (stealth).
 15471 | D:11     | 15471 ||| Stepping ~*~*~tactically~*~*~ (stealth).
 15472 | D:11     | 15472 ||| Stepping ~*~*~tactically~*~*~ (stealth).
 15474 | D:11     | 15474 ||| Stepping ~*~*~tactically~*~*~ (stealth).
 15479 | D:11     | 15479 ||| Stepping ~*~*~tactically~*~*~ (stealth).
 15487 | D:11     | Identified the +1 dagger of Tenacity {holy, Will+ Stlth+}
 15512 | D:11     | Found a staircase to the Orcish Mines.
 15543 | D:11     | 15543 ||| Stepping ~*~*~tactically~*~*~ (stealth).
 15546 | D:11     | 15546 ||| Stepping ~*~*~tactically~*~*~ (stealth).
 15549 | D:11     | 15549 ||| Stepping ~*~*~tactically~*~*~ (stealth).
 15705 | D:11     | 15705 ||| INVOKING Heroism.
 15706 | D:11     | 15706 ||| INVOKING Finesse.
 15843 | D:11     | 15843 ||| Stepping ~*~*~tactically~*~*~ (stealth).
 15883 | D:11     | 15883 ||| Stepping ~*~*~tactically~*~*~ (stealth).
 16024 | D:11     | 16024 ||| PLANNING D
 16111 | D:12     | 16111 ||| INVOKING Heroism.
 16143 | D:12     | 16143 ||| INVOKING Heroism.
 16176 | D:12     | 16176 ||| Stepping ~*~*~tactically~*~*~ (stealth).
 16178 | D:12     | 16178 ||| Stepping ~*~*~tactically~*~*~ (stealth).
 16319 | D:12     | 16319 ||| Stepping ~*~*~tactically~*~*~ (hiding).
 16349 | D:12     | 16349 ||| Stepping ~*~*~tactically~*~*~ (stealth).
 16380 | D:12     | 16380 ||| INVOKING Heroism.
 16381 | D:12     | 16381 ||| INVOKING Finesse.
 16451 | D:12     | 16451 ||| INVOKING Heroism.
 16506 | D:12     | 16506 ||| Stepping ~*~*~tactically~*~*~ (hiding).
 16515 | D:12     | Reached XP level 15. HP: 96/96 MP: 22/22
 16615 | D:12     | 16615 ||| Stepping ~*~*~tactically~*~*~ (stealth).
 16691 | D:12     | Found Iteeq's General Store.
 16696 | D:12     | 16696 ||| BUYING +5 ring of evasion (396 gold).
 16696 | D:12     | Bought a +5 ring of evasion for 396 gold pieces
 16696 | D:12     | 16696 ||| BUYING brooch of Shielding {Spirit SH+8} (715
                  | gold).
 16696 | D:12     | Bought the brooch of Shielding {Spirit SH+8} for 715 gold
                  | pieces
 16696 | D:12     | Found the brooch of Shielding {Spirit SH+8}
 16696 | D:12     | 16696 ||| BUYING potion of curing (33 gold).
 16696 | D:12     | Bought a potion of curing for 33 gold pieces
 16696 | D:12     | 16696 ||| BUYING scroll of identify (22 gold).
 16696 | D:12     | Bought a scroll of identify for 22 gold pieces
 16823 | D:12     | 16823 ||| UPGRADING to +5 ring of evasion.
 16825 | D:12     | 16825 ||| DROPPING +6 ring of strength.
 16871 | D:13     | 16871 ||| Stepping ~*~*~tactically~*~*~ (hiding).
 16872 | D:13     | 16872 ||| Stepping ~*~*~tactically~*~*~ (hiding).
 16876 | D:13     | 16876 ||| Stepping ~*~*~tactically~*~*~ (hiding).
 16877 | D:13     | 16877 ||| Stepping ~*~*~tactically~*~*~ (hiding).
 16954 | D:13     | 16954 ||| Stepping ~*~*~tactically~*~*~ (hiding).
 17206 | D:13     | 17206 ||| INVOKING Heroism.
 17257 | D:13     | 17257 ||| INVOKING Heroism.
 17258 | D:13     | 17258 ||| INVOKING Finesse.
 17271 | D:13     | 17271 ||| SWAPPING to +0 morningstar.
 17283 | D:13     | 17283 ||| SWAPPING to +7 broad axe "Lenidwar" {vamp,
                  | Dex+3}.
 17286 | D:13     | Received a gift from Okawaru
 17300 | D:13     | 17300 ||| Stepping ~*~*~tactically~*~*~ (stealth).
 17329 | D:13     | Found a gate to the Vaults.
 17527 | D:13     | Found Byjouvesch's Armour Boutique.
 17532 | D:13     | 17532 ||| SHOPLISTING +1 plate armour of willpower (525
                  | gold, have 285).
 17532 | D:13     | 17532 ||| SHOPLISTING +3 scale mail of fire resistance (390
                  | gold, have 285).
 17807 | D:13     | 17807 ||| READING scroll labelled ZAOXOA FUREABO.
 17903 | D:14     | 17903 ||| INVOKING Heroism.
 18028 | D:14     | Found a transporter.
 18030 | D:14     | Noticed Laowois's ghost (journeyman MiBe)
 18034 | D:14     | 18034 ||| INVOKING Heroism.
 18049 | D:14     | Found a transporter.
 18240 | D:14     | 18240 ||| Stepping ~*~*~tactically~*~*~ (stealth).
 18241 | D:14     | 18241 ||| Stepping ~*~*~tactically~*~*~ (stealth).
 18242 | D:14     | 18242 ||| Stepping ~*~*~tactically~*~*~ (stealth).
 18243 | D:14     | 18243 ||| Stepping ~*~*~tactically~*~*~ (stealth).
 18263 | D:14     | 18263 ||| Stepping ~*~*~tactically~*~*~ (stealth).
 18265 | D:14     | 18265 ||| Stepping ~*~*~tactically~*~*~ (stealth).
 18266 | D:14     | 18266 ||| INVOKING Heroism.
 18310 | D:14     | 18310 ||| Stepping ~*~*~tactically~*~*~ (hiding).
 18383 | D:14     | Found a shimmering blue altar of Sif Muna.
 18432 | D:15     | Entered Level 15 of the Dungeon
 18546 | D:15     | 18546 ||| Stepping ~*~*~tactically~*~*~ (hiding).
 18548 | D:15     | 18548 ||| Stepping ~*~*~tactically~*~*~ (hiding).
 18549 | D:15     | 18549 ||| Stepping ~*~*~tactically~*~*~ (hiding).
 18575 | D:15     | 18575 ||| Stepping ~*~*~tactically~*~*~ (hiding).
 18714 | D:15     | 18714 ||| INVOKING Heroism.
 18728 | D:15     | Found a staircase to the Depths.
 18874 | D:15     | Found a white marble altar of Elyvilon.
 19047 | D:15     | 19047 ||| Stepping ~*~*~tactically~*~*~ (stealth).
 19068 | D:15     | 19068 ||| INVOKING Heroism.
 19121 | D:15     | Found a hide-covered altar of Uskayaw.
 19211 | D:15     | 19211 ||| PLANNING ORC
 19290 | Orc:1    | Entered Level 1 of the Orcish Mines
 19291 | Orc:1    | 19291 ||| INVOKING Heroism.
 19293 | Orc:1    | 19293 ||| Stepping ~*~*~tactically~*~*~ (hiding).
 19294 | Orc:1    | 19294 ||| Stepping ~*~*~tactically~*~*~ (hiding).
 19299 | Orc:1    | 19299 ||| Stepping ~*~*~tactically~*~*~ (hiding).
 19302 | Orc:1    | 19302 ||| Stepping ~*~*~tactically~*~*~ (hiding).
 19303 | Orc:1    | 19303 ||| Stepping ~*~*~tactically~*~*~ (hiding).
 19497 | Orc:1    | 19497 ||| Stepping ~*~*~tactically~*~*~ (hiding).
 19499 | Orc:1    | 19499 ||| Stepping ~*~*~tactically~*~*~ (hiding).
 19728 | Orc:2    | Entered Level 2 of the Orcish Mines
 19910 | Orc:2    | 19910 ||| INVOKING Heroism.
 19924 | Orc:2    | 19924 ||| Stepping ~*~*~tactically~*~*~ (hiding).
 19926 | Orc:2    | 19926 ||| Stepping ~*~*~tactically~*~*~ (hiding).
 19958 | Orc:2    | 19958 ||| INVOKING Heroism.
 20036 | Orc:2    | Found Caloanam's General Store.
 20037 | Orc:2    | Found Jizy's General Store.
 20037 | Orc:2    | Found Zifeadi's Magic Scroll Boutique.
 20040 | Orc:2    | Found Ekisi's Assorted Antiques.
 20044 | Orc:2    | 20044 ||| SHOPLISTING amulet of Vitality {RegenMP++
                  | Regen++} (1100 gold, have 823).
 20044 | Orc:2    | 20044 ||| BUYING potion of haste (110 gold).
 20044 | Orc:2    | Bought a potion of haste for 110 gold pieces
 20045 | Orc:2    | 20045 ||| BUYING scroll of brand weapon (133 gold).
 20045 | Orc:2    | Bought a scroll of brand weapon for 133 gold pieces
 20045 | Orc:2    | 20045 ||| BUYING scroll of enchant armour (105 gold).
 20045 | Orc:2    | Bought a scroll of enchant armour for 105 gold pieces
 20045 | Orc:2    | 20045 ||| BUYING scroll of teleportation (42 gold).
 20045 | Orc:2    | Bought a scroll of teleportation for 42 gold pieces
 20045 | Orc:2    | 20045 ||| READING scroll of enchant armour.
 20045 | Orc:2    | 20045 ||| ENCHANTING +0 pair of gloves.
 20048 | Orc:2    | 20048 ||| BUYING potion of mutation (112 gold).
 20048 | Orc:2    | Bought a potion of mutation for 112 gold pieces
 20048 | Orc:2    | 20048 ||| BUYING scroll of teleportation (42 gold).
 20048 | Orc:2    | Bought a scroll of teleportation for 42 gold pieces
 20053 | Orc:2    | 20053 ||| BUYING potion of curing (75 gold).
 20053 | Orc:2    | Bought a potion of curing for 75 gold pieces
 20053 | Orc:2    | 20053 ||| BUYING potion of heal wounds (125 gold).
 20053 | Orc:2    | Bought a potion of heal wounds for 125 gold pieces
 20053 | Orc:2    | 20053 ||| SHOPLISTING shiny helmet (187 gold, have 79).
 20094 | Orc:2    | 20094 ||| FLEEEEING.
 20095 | Orc:2    | 20095 ||| FLEEEEING.
 20106 | Orc:2    | Noticed Sonja
 20107 | Orc:2    | 20107 ||| Stepping ~*~*~tactically~*~*~ (hiding).
 20108 | Orc:2    | 20108 ||| Stepping ~*~*~tactically~*~*~ (hiding).
 20111 | Orc:2    | 20111 ||| INVOKING Finesse.
 20130 | Abyss:1  | Cast into level 1 of the Abyss (Sonja)
 20146 | Abyss:1  | Found a corrupted altar of Lugonu.
 20194 | Abyss:1  | Noticed a tentacled starspawn
 20202 | Abyss:1  | Killed a tentacled starspawn
 20203 | Abyss:1  | Reached skill level 6 in Throwing
 20288 | Abyss:1  | 20288 ||| Stepping ~*~*~tactically~*~*~ (hiding).
 20289 | Abyss:1  | 20289 ||| Stepping ~*~*~tactically~*~*~ (hiding).
 20302 | Abyss:1  | 20302 ||| INVOKING Heroism.
 20362 | Abyss:1  | 20362 ||| INVOKING Heroism.
 20397 | Abyss:1  | Received a gift from Okawaru
 20425 | Abyss:1  | 20425 ||| Stepping ~*~*~tactically~*~*~ (stealth).
 20428 | Abyss:1  | 20428 ||| Stepping ~*~*~tactically~*~*~ (hiding).
 20429 | Abyss:1  | 20429 ||| Stepping ~*~*~tactically~*~*~ (hiding).
 20430 | Abyss:1  | 20430 ||| Stepping ~*~*~tactically~*~*~ (hiding).
 20434 | Abyss:1  | Reached XP level 16. HP: 100/104 MP: 18/18
 20456 | Abyss:1  | 20456 ||| Stepping ~*~*~tactically~*~*~ (stealth).
 20457 | Abyss:1  | 20457 ||| Stepping ~*~*~tactically~*~*~ (stealth).
 20467 | Abyss:1  | 20467 ||| Stepping ~*~*~tactically~*~*~ (stealth).
 20481 | Orc:2    | Escaped the Abyss
 20482 | Orc:2    | 20482 ||| INVOKING Finesse.
 20489 | Orc:2    | Killed Sonja
 20926 | Orc:2    | Found a staircase to the Elven Halls.
 21000 | Orc:2    | 21000 ||| PLANNING SWAMP:1-3
 21163 | Swamp:1  | Entered Level 1 of the Swamp
 21169 | Swamp:1  | 21169 ||| STAIRDANCE
 21373 | Swamp:1  | 21373 ||| INVOKING Heroism.
 21381 | Swamp:1  | Reached skill level 18 in Axes
 21559 | Swamp:1  | 21559 ||| INVOKING Heroism.
 21608 | Swamp:1  | 21608 ||| Stepping ~*~*~tactically~*~*~ (hiding).
 21625 | Swamp:1  | Reached skill level 9 in Shields
 21635 | Swamp:1  | 21635 ||| INVOKING Heroism.
 21644 | Swamp:1  | Received a gift from Okawaru
 21698 | Swamp:1  | Identified Roxanne's Compilation of Configuration
 21698 | Swamp:1  | Noticed Roxanne
 21699 | Swamp:1  | 21699 ||| INVOKING Heroism.
 21700 | Swamp:1  | 21700 ||| INVOKING Finesse.
 21729 | Swamp:1  | Killed Roxanne
 22195 | Swamp:1  | 22195 ||| Stepping ~*~*~tactically~*~*~ (stealth).
 22196 | Swamp:1  | 22196 ||| DROPPING +2 hat.
 22198 | Swamp:1  | 22198 ||| Stepping ~*~*~tactically~*~*~ (hiding).
 22202 | Swamp:1  | 22202 ||| INVOKING Heroism.
 22264 | Swamp:2  | 22264 ||| INVOKING Heroism.
 22269 | Swamp:2  | 22269 ||| SWAPPING to +0 morningstar.
 22281 | Swamp:2  | 22281 ||| SWAPPING to +7 broad axe "Lenidwar" {vamp,
                  | Dex+3}.
 22365 | Swamp:2  | 22365 ||| Stepping ~*~*~tactically~*~*~ (stealth).
 22367 | Swamp:2  | 22367 ||| Stepping ~*~*~tactically~*~*~ (hiding).
 22433 | Swamp:2  | 22433 ||| Stepping ~*~*~tactically~*~*~ (stealth).
 22434 | Swamp:2  | 22434 ||| INVOKING Heroism.
 22450 | Swamp:2  | Received a gift from Okawaru
 22453 | Swamp:2  | Found a blossoming altar of Fedhas.
 22490 | Swamp:2  | 22490 ||| INVOKING Heroism.
 22506 | Swamp:2  | Reached skill level 6 in Dodging
 22510 | Swamp:2  | 22510 ||| INVOKING Heroism.
 22534 | Swamp:2  | 22534 ||| Stepping ~*~*~tactically~*~*~ (stealth).
 22536 | Swamp:2  | 22536 ||| Stepping ~*~*~tactically~*~*~ (hiding).
 22551 | Swamp:2  | 22551 ||| Stepping ~*~*~tactically~*~*~ (hiding).
 22563 | Swamp:2  | 22563 ||| Stepping ~*~*~tactically~*~*~ (stealth).
 22567 | Swamp:2  | 22567 ||| INVOKING Heroism.
 22568 | Swamp:2  | 22568 ||| Stepping ~*~*~tactically~*~*~ (hiding).
 22569 | Swamp:2  | 22569 ||| Stepping ~*~*~tactically~*~*~ (hiding).
 22570 | Swamp:2  | 22570 ||| Stepping ~*~*~tactically~*~*~ (hiding).
 22571 | Swamp:2  | 22571 ||| Stepping ~*~*~tactically~*~*~ (hiding).
 22744 | Swamp:2  | 22744 ||| Stepping ~*~*~tactically~*~*~ (stealth).
 22753 | Swamp:2  | 22753 ||| INVOKING Heroism.
 22784 | Swamp:2  | 22784 ||| INVOKING Heroism.
 23061 | Swamp:2  | 23061 ||| Stepping ~*~*~tactically~*~*~ (hiding).
 23116 | Swamp:3  | Found a runed translucent gate.
 23117 | Swamp:3  | Found a runed translucent gate.
 23119 | Swamp:3  | Found a runed translucent gate.
 23121 | Swamp:3  | Noticed qw's ghost (adept GrFi)
 23121 | Swamp:3  | Noticed qw's ghost (adept GrFi)
 23179 | Swamp:3  | Reached skill level 12 in Armour
 23188 | Swamp:3  | 23188 ||| INVOKING Heroism.
 23203 | Swamp:3  | 23203 ||| SWAPPING to +0 morningstar.
 23208 | Swamp:3  | 23208 ||| SWAPPING to +7 broad axe "Lenidwar" {vamp,
                  | Dex+3}.
 23347 | Swamp:3  | 23347 ||| INVOKING Heroism.
 23440 | Swamp:3  | 23440 ||| Stepping ~*~*~tactically~*~*~ (hiding).
 23441 | Swamp:3  | 23441 ||| Stepping ~*~*~tactically~*~*~ (hiding).
 23473 | Swamp:3  | 23473 ||| INVOKING Heroism.
 23797 | Swamp:3  | 23797 ||| PLANNING SNAKE:1-3
 23928 | Snake:1  | Entered Level 1 of the Snake Pit
 23972 | Snake:1  | 23972 ||| Stepping ~*~*~tactically~*~*~ (stealth).
 23980 | Snake:1  | 23980 ||| INVOKING Heroism.
 23992 | Snake:1  | Reached skill level 15 in Fighting
 24005 | Snake:1  | 24005 ||| Stepping ~*~*~tactically~*~*~ (hiding).
 24018 | Snake:1  | Identified the +1 troll leather armour of Loss {Regen+
                  | Int-4 Dex+5 Slay+6} (Okawaru gifted it to you on level 1 of
                  | the Snake Pit)
 24018 | Snake:1  | Received a gift from Okawaru
 24141 | Snake:1  | 24141 ||| Stepping ~*~*~tactically~*~*~ (stealth).
 24162 | Snake:1  | 24162 ||| Stepping ~*~*~tactically~*~*~ (hiding).
 24164 | Snake:1  | 24164 ||| Stepping ~*~*~tactically~*~*~ (hiding).
 24207 | Snake:1  | 24207 ||| Stepping ~*~*~tactically~*~*~ (hiding).
 24329 | Snake:1  | 24329 ||| INVOKING Heroism.
 24605 | Snake:1  | 24605 ||| READING 17 scrolls of identify.
 24605 | Snake:1  | 24605 ||| IDENTIFYING fizzy ruby potion
 24630 | Snake:2  | Reached XP level 17. HP: 94/113 MP: 24/24
 24661 | Snake:2  | Identified the +3 mace of Liryciw {venom, rN+}
 24670 | Snake:2  | You are sucked into a shaft and drop 1 floor!
 24718 | Snake:3  | 24718 ||| INVOKING Heroism.
 24769 | Snake:3  | 24769 ||| Stepping ~*~*~tactically~*~*~ (hiding).
 24770 | Snake:3  | 24770 ||| Stepping ~*~*~tactically~*~*~ (hiding).
 24775 | Snake:3  | 24775 ||| Stepping ~*~*~tactically~*~*~ (hiding).
 24846 | Snake:3  | 24846 ||| INVOKING Heroism.
 24889 | Snake:2  | Noticed Vashnia
 24890 | Snake:2  | Noticed Agnes
 24891 | Snake:2  | 24891 ||| INVOKING Finesse.
 24917 | Snake:2  | Killed Agnes
 24918 | Snake:2  | 24918 ||| INVOKING Heroism.
 24940 | Snake:2  | Killed Vashnia
 24952 | Snake:2  | Received a gift from Okawaru
 24987 | Snake:2  | 24987 ||| Stepping ~*~*~tactically~*~*~ (hiding).
 24998 | Snake:2  | 24998 ||| INVOKING Heroism.
 25116 | Snake:2  | Found Eniwusum's General Store.
 25121 | Snake:2  | 25121 ||| BUYING potion of cancellation (128 gold).
 25121 | Snake:2  | Bought a potion of cancellation for 128 gold pieces
 25121 | Snake:2  | 25121 ||| BUYING potion of lignification (48 gold).
 25121 | Snake:2  | Bought a potion of lignification for 48 gold pieces
 25234 | Snake:2  | 25234 ||| Stepping ~*~*~tactically~*~*~ (hiding).
 25249 | Snake:2  | Received a gift from Okawaru
 25259 | Snake:2  | 25259 ||| INVOKING Heroism.
 25301 | Snake:2  | 25301 ||| INVOKING Heroism.
 25411 | Snake:2  | 25411 ||| UPGRADING to +0 kite shield.
 25421 | Snake:2  | 25421 ||| DROPPING +0 buckler.
 25486 | Snake:3  | 25486 ||| Stepping ~*~*~tactically~*~*~ (stealth).
 25538 | Snake:3  | 25538 ||| Stepping ~*~*~tactically~*~*~ (hiding).
 25541 | Snake:3  | 25541 ||| Stepping ~*~*~tactically~*~*~ (hiding).
 25542 | Snake:3  | 25542 ||| Stepping ~*~*~tactically~*~*~ (hiding).
 25545 | Snake:3  | 25545 ||| Stepping ~*~*~tactically~*~*~ (hiding).
 25548 | Snake:3  | 25548 ||| INVOKING Heroism.
 25646 | Snake:3  | Received a gift from Okawaru
 25736 | Snake:3  | 25736 ||| INVOKING Heroism.
 25862 | Snake:3  | 25862 ||| FLEEEEING.
 25863 | Snake:3  | 25863 ||| FLEEEEING.
 25864 | Snake:3  | 25864 ||| FLEEEEING.
 25865 | Snake:3  | 25865 ||| FLEEEEING.
 25866 | Snake:3  | 25866 ||| FLEEEEING.
 25867 | Snake:3  | 25867 ||| FLEEEEING.
 25868 | Snake:3  | 25868 ||| FLEEEEING.
 25869 | Snake:3  | 25869 ||| FLEEEEING.
 25870 | Snake:3  | 25870 ||| FLEEEEING.
 25871 | Snake:3  | 25871 ||| FLEEEEING.
 25872 | Snake:3  | 25872 ||| FLEEEEING.
 26129 | Snake:3  | 26129 ||| INVOKING Heroism.
 26206 | Snake:3  | 26206 ||| Stepping ~*~*~tactically~*~*~ (hiding).
 26207 | Snake:3  | 26207 ||| Stepping ~*~*~tactically~*~*~ (hiding).
 26214 | Snake:3  | 26214 ||| Stepping ~*~*~tactically~*~*~ (hiding).
 26379 | Snake:3  | 26379 ||| Stepping ~*~*~tactically~*~*~ (hiding).
 26380 | Snake:3  | 26380 ||| Stepping ~*~*~tactically~*~*~ (hiding).
 26386 | Snake:3  | 26386 ||| INVOKING Heroism.
 26483 | Snake:3  | 26483 ||| PLANNING SWAMP:4
 26483 | Snake:3  | 26483 ||| UPGRADING to +0 tower shield of protection.
 26493 | Snake:3  | 26493 ||| DROPPING +0 kite shield.
 26494 | Snake:3  | 26494 ||| DROPPING +6 ring of intelligence.
 26495 | Snake:3  | 26495 ||| READING 18 scrolls of identify.
 26495 | Snake:3  | 26495 ||| IDENTIFYING fuming pink potion
 26496 | Snake:3  | 26496 ||| DROPPING potion of berserk rage.
 26703 | Swamp:4  | Entered Level 4 of the Swamp
 26711 | Swamp:4  | 26711 ||| INVOKING Heroism.
 26717 | Swamp:4  | Reached skill level 12 in Shields
 26745 | Swamp:4  | 26745 ||| Stepping ~*~*~tactically~*~*~ (stealth).
 26747 | Swamp:4  | 26747 ||| Stepping ~*~*~tactically~*~*~ (hiding).
 26768 | Swamp:4  | 26768 ||| INVOKING Heroism.
 26781 | Swamp:4  | 26781 ||| SWAPPING to +0 morningstar.
 26790 | Swamp:4  | 26790 ||| Stepping ~*~*~tactically~*~*~ (outnumbered).
 26796 | Swamp:4  | Received a gift from Okawaru
 26798 | Swamp:4  | HP: 19/115 [seven-headed hydra[a spriggan druid] (16)]
 26799 | Swamp:4  | 26799 ||| READING 13 scrolls of teleportation.
 26799 | Swamp:4  | HP: 9/115 [seven-headed hydra[a spriggan druid] (7)]
 26800 | Swamp:4  | 26800 ||| DRINKING 9 potions of heal wounds.
 26801 | Swamp:4  | 26801 ||| DRINKING 8 potions of heal wounds.
 26802 | Swamp:4  | 26802 ||| DRINKING 7 potions of heal wounds.
 26805 | Swamp:4  | 26805 ||| SWAPPING to +7 broad axe "Lenidwar" {vamp,
                  | Dex+3}.
 26812 | Swamp:4  | 26812 ||| INVOKING Heroism.
 26822 | Swamp:4  | 26822 ||| SWAPPING to +0 morningstar.
 26843 | Swamp:4  | HP: 27/115 [seven-headed hydra[a spriggan druid] (7)]
 26844 | Swamp:4  | Reached XP level 18. HP: 25/120 MP: 25/25
 26844 | Swamp:4  | 26844 ||| READING 12 scrolls of teleportation.
 26845 | Swamp:4  | 26845 ||| DRINKING 6 potions of heal wounds.
 26846 | Swamp:4  | 26846 ||| SWAPPING to +7 broad axe "Lenidwar" {vamp,
                  | Dex+3}.
 26847 | Swamp:4  | 26847 ||| INVOKING Heroism.
 26882 | Swamp:4  | 26882 ||| DROPPING +0 morningstar.
 26907 | Swamp:4  | 26907 ||| Stepping ~*~*~tactically~*~*~ (stealth).
 26908 | Swamp:4  | 26908 ||| INVOKING Heroism.
 26926 | Swamp:4  | 26926 ||| Stepping ~*~*~tactically~*~*~ (stealth).
 26939 | Swamp:4  | 26939 ||| Stepping ~*~*~tactically~*~*~ (stealth).
 26941 | Swamp:4  | 26941 ||| Stepping ~*~*~tactically~*~*~ (stealth).
 26993 | Swamp:4  | 26993 ||| INVOKING Heroism.
 26995 | Swamp:4  | 26995 ||| Stepping ~*~*~tactically~*~*~ (stealth).
 27034 | Swamp:4  | 27034 ||| Stepping ~*~*~tactically~*~*~ (hiding).
 27037 | Swamp:4  | 27037 ||| INVOKING Heroism.
 27062 | Swamp:4  | 27062 ||| Stepping ~*~*~tactically~*~*~ (stealth).
 27066 | Swamp:4  | 27066 ||| Stepping ~*~*~tactically~*~*~ (stealth).
 27067 | Swamp:4  | 27067 ||| Stepping ~*~*~tactically~*~*~ (stealth).
 27071 | Swamp:4  | 27071 ||| Stepping ~*~*~tactically~*~*~ (stealth).
 27095 | Swamp:4  | 27095 ||| INVOKING Heroism.
 27147 | Swamp:4  | 27147 ||| Stepping ~*~*~tactically~*~*~ (stealth).
 27149 | Swamp:4  | 27149 ||| Stepping ~*~*~tactically~*~*~ (hiding).
 27157 | Swamp:4  | 27157 ||| INVOKING Heroism.
 27162 | Swamp:4  | 27162 ||| Stepping ~*~*~tactically~*~*~ (hiding).
 27164 | Swamp:4  | 27164 ||| Stepping ~*~*~tactically~*~*~ (hiding).
 27194 | Swamp:4  | 27194 ||| Stepping ~*~*~tactically~*~*~ (stealth).
 27196 | Swamp:4  | 27196 ||| Stepping ~*~*~tactically~*~*~ (stealth).
 27209 | Swamp:4  | Received a gift from Okawaru
 27213 | Swamp:4  | 27213 ||| INVOKING Heroism.
 27383 | Swamp:4  | 27383 ||| INVOKING Heroism.
 27589 | Swamp:4  | Got a decaying rune of Zot
 27590 | Swamp:4  | 27590 ||| PLANNING VAULTS:1-4
 27591 | Swamp:4  | 27591 ||| Stepping ~*~*~tactically~*~*~ (cloud).
 27816 | Vaults:1 | Entered Level 1 of the Vaults
 27830 | Vaults:1 | 27830 ||| INVOKING Heroism.
 27852 | Vaults:1 | 27852 ||| Stepping ~*~*~tactically~*~*~ (stealth).
 28097 | Vaults:1 | Reached skill level 15 in Shields
 28163 | Vaults:1 | 28163 ||| Stepping ~*~*~tactically~*~*~ (hiding).
 28165 | Vaults:1 | 28165 ||| Stepping ~*~*~tactically~*~*~ (hiding).
 28167 | Vaults:1 | 28167 ||| Stepping ~*~*~tactically~*~*~ (hiding).
 28169 | Vaults:1 | 28169 ||| INVOKING Heroism.
 28174 | Vaults:1 | 28174 ||| Stepping ~*~*~tactically~*~*~ (hiding).
 28304 | Vaults:1 | 28304 ||| Stepping ~*~*~tactically~*~*~ (hiding).
 28306 | Vaults:1 | 28306 ||| Stepping ~*~*~tactically~*~*~ (hiding).
 28308 | Vaults:1 | 28308 ||| Stepping ~*~*~tactically~*~*~ (hiding).
 28309 | Vaults:1 | 28309 ||| INVOKING Heroism.
 28370 | Vaults:1 | 28370 ||| Stepping ~*~*~tactically~*~*~ (stealth).
 28372 | Vaults:1 | 28372 ||| Stepping ~*~*~tactically~*~*~ (stealth).
 28443 | Vaults:1 | 28443 ||| INVOKING Heroism.
 28458 | Vaults:1 | 28458 ||| INVOKING Heroism.
 28486 | Vaults:1 | 28486 ||| Stepping ~*~*~tactically~*~*~ (stealth).
 28488 | Vaults:1 | 28488 ||| Stepping ~*~*~tactically~*~*~ (stealth).
 28490 | Vaults:1 | 28490 ||| Stepping ~*~*~tactically~*~*~ (stealth).
 28508 | Vaults:1 | Identified the ring "Nugy" {rN+ Slay+4}
 28509 | Vaults:1 | 28509 ||| Stepping ~*~*~tactically~*~*~ (hiding).
 28518 | Vaults:1 | 28518 ||| Stepping ~*~*~tactically~*~*~ (hiding).
 28699 | Vaults:1 | Found a transporter.
 28743 | Vaults:1 | Found a transporter.
 28896 | Vaults:1 | 28896 ||| DRINKING 16 potions of curing.
 28896 | Vaults:1 | 28896 ||| (to cure confusion)
 28903 | Vaults:1 | 28903 ||| INVOKING Heroism.
 29111 | Vaults:1 | 29111 ||| Stepping ~*~*~tactically~*~*~ (stealth).
 29146 | Vaults:1 | 29146 ||| Stepping ~*~*~tactically~*~*~ (stealth).
 29299 | Vaults:1 | Received a gift from Okawaru
 29415 | Vaults:1 | 29415 ||| Stepping ~*~*~tactically~*~*~ (stealth).
 29417 | Vaults:1 | 29417 ||| Stepping ~*~*~tactically~*~*~ (stealth).
 29418 | Vaults:1 | 29418 ||| INVOKING Heroism.
 29446 | Vaults:1 | 29446 ||| Stepping ~*~*~tactically~*~*~ (stealth).
 29448 | Vaults:1 | 29448 ||| Stepping ~*~*~tactically~*~*~ (stealth).
 29450 | Vaults:1 | 29450 ||| Stepping ~*~*~tactically~*~*~ (stealth).
 29462 | Vaults:1 | Received a gift from Okawaru
 29538 | Vaults:1 | 29538 ||| UPGRADING to ring "Nugy" {rN+ Slay+4}.
 29540 | Vaults:1 | 29540 ||| DROPPING +4 ring of protection.
 29541 | Vaults:1 | 29541 ||| DROPPING ring of see invisible.
 29690 | Vaults:2 | Reached XP level 19. HP: 125/125 MP: 26/26
 29734 | Vaults:2 | Found a staircase to the Crypt.
 29734 | Vaults:2 | Found a basalt altar of Yredelemnul.
 29734 | Vaults:2 | Found an ancient bone altar of Kikubaaqudgha.
 29812 | Vaults:2 | Received a gift from Okawaru
 29813 | Vaults:2 | Reached skill level 18 in Shields
 29815 | Vaults:2 | 29815 ||| INVOKING Heroism.
 29978 | Vaults:2 | 29978 ||| INVOKING Heroism.
 30059 | Vaults:2 | Identified the +1 plate armour of Qokyr {*Corrode rElec rF+
                  | Regen+} (Okawaru gifted it to you on level 2 of the Vaults)
 30059 | Vaults:2 | Received a gift from Okawaru
 30124 | Vaults:2 | 30124 ||| Stepping ~*~*~tactically~*~*~ (stealth).
 30126 | Vaults:2 | 30126 ||| Stepping ~*~*~tactically~*~*~ (stealth).
 30128 | Vaults:2 | 30128 ||| Stepping ~*~*~tactically~*~*~ (stealth).
 30132 | Vaults:2 | 30132 ||| Stepping ~*~*~tactically~*~*~ (stealth).
 30141 | Vaults:2 | 30141 ||| INVOKING Heroism.
 30144 | Vaults:2 | 30144 ||| Stepping ~*~*~tactically~*~*~ (hiding).
 30145 | Vaults:2 | 30145 ||| Stepping ~*~*~tactically~*~*~ (hiding).
 30146 | Vaults:2 | 30146 ||| Stepping ~*~*~tactically~*~*~ (hiding).
 30315 | Vaults:2 | Found Babiem's General Store.
 30318 | Vaults:2 | 30318 ||| INVOKING Heroism.
 30319 | Vaults:2 | 30319 ||| INVOKING Finesse.
 30356 | Vaults:2 | 30356 ||| BUYING potion of curing (36 gold).
 30356 | Vaults:2 | Bought a potion of curing for 36 gold pieces
 30356 | Vaults:2 | 30356 ||| BUYING scroll of acquirement (624 gold).
 30356 | Vaults:2 | Bought a scroll of acquirement for 624 gold pieces
 30356 | Vaults:2 | 30356 ||| READING scroll of acquirement.
 30356 | Vaults:2 | 30356 ||| ACQUIRING +7 broad axe "Qaatutz" {flame, rElec
                  | Will++ Dex-5 Stlth+}
 30356 | Vaults:2 | Acquired the +7 broad axe "Qaatutz" {flame, rElec Will++
                  | Dex-5 Stlth+}
 30453 | Vaults:2 | 30453 ||| Stepping ~*~*~tactically~*~*~ (hiding).
 30456 | Vaults:2 | 30456 ||| INVOKING Heroism.
 30457 | Vaults:2 | 30457 ||| INVOKING Finesse.
 30517 | Vaults:2 | Reached skill level 9 in Throwing
 30566 | Vaults:2 | 30566 ||| INVOKING Heroism.
 30678 | Vaults:2 | 30678 ||| Stepping ~*~*~tactically~*~*~ (stealth).
 30777 | Vaults:2 | 30777 ||| DROPPING +0 fire dragon scales.
 30778 | Vaults:2 | 30778 ||| DROPPING +1 chain mail of fire resistance.
 30779 | Vaults:2 | 30779 ||| UPGRADING to +1 plate armour of Qokyr {*Corrode
                  | rElec rF+ Regen+}.
 30789 | Vaults:2 | 30789 ||| DROPPING +4 chain mail.
 30863 | Vaults:3 | 30863 ||| INVOKING Heroism.
 30912 | Vaults:3 | 30912 ||| Stepping ~*~*~tactically~*~*~ (hiding).
 30913 | Vaults:3 | 30913 ||| Stepping ~*~*~tactically~*~*~ (hiding).
 30919 | Vaults:3 | 30919 ||| Stepping ~*~*~tactically~*~*~ (hiding).
 30925 | Vaults:3 | Paralysed by a great orb of eyes for 3 turns
 30966 | Vaults:3 | Identified the staff of conjuration "Meki" {Fly rF- Int+2
                  | Dex+5}
 31090 | Vaults:3 | 31090 ||| INVOKING Heroism.
 31202 | Vaults:3 | 31202 ||| Stepping ~*~*~tactically~*~*~ (stealth).
 31238 | Vaults:3 | 31238 ||| Stepping ~*~*~tactically~*~*~ (stealth).
 31241 | Vaults:3 | 31241 ||| Stepping ~*~*~tactically~*~*~ (hiding).
 31283 | Vaults:3 | 31283 ||| INVOKING Heroism.
 31285 | Vaults:3 | 31285 ||| Stepping ~*~*~tactically~*~*~ (stealth).
 31317 | Vaults:3 | Found Pilostri's Assorted Antiques.
 31327 | Vaults:3 | 31327 ||| BUYING scroll of teleportation (90 gold).
 31327 | Vaults:3 | Bought a scroll of teleportation for 90 gold pieces
 31343 | Vaults:3 | 31343 ||| Stepping ~*~*~tactically~*~*~ (hiding).
 31345 | Vaults:3 | Paralysed by a great orb of eyes for 3 turns
 31350 | Vaults:3 | Paralysed by a great orb of eyes for 2 turns
 31407 | Vaults:3 | Reached skill level 15 in Armour
 31474 | Vaults:3 | Received a gift from Okawaru
 31477 | Vaults:3 | 31477 ||| INVOKING Heroism.
 31484 | Vaults:3 | Reached XP level 20. HP: 131/131 MP: 25/27
 31973 | Vaults:4 | 31973 ||| Stepping ~*~*~tactically~*~*~ (stealth).
 32040 | Vaults:4 | 32040 ||| Stepping ~*~*~tactically~*~*~ (stealth).
 32097 | Vaults:4 | 32097 ||| Stepping ~*~*~tactically~*~*~ (stealth).
 32114 | Vaults:4 | 32114 ||| INVOKING Heroism.
 32220 | Vaults:4 | 32220 ||| Stepping ~*~*~tactically~*~*~ (hiding).
 32235 | Vaults:4 | Received a gift from Okawaru
 32282 | Vaults:4 | 32282 ||| Stepping ~*~*~tactically~*~*~ (hiding).
 32283 | Vaults:4 | 32283 ||| Stepping ~*~*~tactically~*~*~ (hiding).
 32791 | Vaults:4 | 32791 ||| FLEEEEING.
 32792 | Vaults:4 | 32792 ||| FLEEEEING.
 32793 | Vaults:4 | 32793 ||| FLEEEEING.
 32794 | Vaults:4 | 32794 ||| FLEEEEING.
 32795 | Vaults:4 | 32795 ||| FLEEEEING.
 32796 | Vaults:4 | 32796 ||| FLEEEEING.
 32802 | Vaults:4 | 32802 ||| FLEEEEING.
 32803 | Vaults:4 | 32803 ||| FLEEEEING.
 32804 | Vaults:4 | 32804 ||| FLEEEEING.
 32810 | Vaults:4 | 32810 ||| FLEEEEING.
 32811 | Vaults:4 | 32811 ||| FLEEEEING.
 32812 | Vaults:4 | 32812 ||| FLEEEEING.
 32813 | Vaults:4 | 32813 ||| FLEEEEING.
 32814 | Vaults:4 | 32814 ||| FLEEEEING.
 32815 | Vaults:4 | 32815 ||| FLEEEEING.
 32816 | Vaults:4 | 32816 ||| FLEEEEING.
 32817 | Vaults:4 | 32817 ||| FLEEEEING.
 32818 | Vaults:4 | 32818 ||| FLEEEEING.
 32819 | Vaults:4 | 32819 ||| FLEEEEING.
 32820 | Vaults:4 | 32820 ||| FLEEEEING.
 32824 | Vaults:4 | 32824 ||| FLEEEEING.
 32825 | Vaults:4 | 32825 ||| FLEEEEING.
 32826 | Vaults:4 | 32826 ||| FLEEEEING.
 32831 | Vaults:4 | 32831 ||| FLEEEEING.
 32834 | Vaults:4 | 32834 ||| FLEEEEING.
 32973 | Vaults:4 | Received a gift from Okawaru
 33082 | Vaults:4 | 33082 ||| DROPPING +1 broad axe of electrocution.
 33103 | Vaults:4 | 33103 ||| Stepping ~*~*~tactically~*~*~ (stealth).
 33351 | Vaults:4 | 33351 ||| PLANNING SNAKE:4
 33658 | Snake:4  | Entered Level 4 of the Snake Pit
 33721 | Snake:4  | 33721 ||| Stepping ~*~*~tactically~*~*~ (hiding).
 33724 | Snake:4  | 33724 ||| Stepping ~*~*~tactically~*~*~ (hiding).
 33776 | Snake:4  | 33776 ||| INVOKING Heroism.
 33777 | Snake:4  | 33777 ||| INVOKING Finesse.
 33778 | Snake:4  | Found a gateway to a bazaar.
 33778 | Snake:4  | 33778 ||| PLANNING BAZAAR
 33796 | Bazaar   | Entered a bazaar
 33796 | Bazaar   | Found Qusiott's Assorted Antiques.
 33796 | Bazaar   | Found Zuevveo's Assorted Antiques.
 33796 | Bazaar   | Found Sukoduoj's Magic Scroll Shoppe.
 33817 | Bazaar   | Found Fiuxkam's Antique Weapon Emporium.
 33838 | Bazaar   | 33838 ||| BUYING scroll of enchant weapon (90 gold).
 33838 | Bazaar   | Bought a scroll of enchant weapon for 90 gold pieces
 33838 | Bazaar   | 33838 ||| BUYING scroll of teleportation (36 gold).
 33838 | Bazaar   | Bought a scroll of teleportation for 36 gold pieces
 33838 | Bazaar   | 33838 ||| BUYING scroll of teleportation (36 gold).
 33838 | Bazaar   | Bought a scroll of teleportation for 36 gold pieces
 33865 | Bazaar   | 33865 ||| BUYING 2 potions of curing (204 gold).
 33865 | Bazaar   | Bought 2 potions of curing for 204 gold pieces
 33865 | Bazaar   | 33865 ||| BUYING potion of curing (102 gold).
 33865 | Bazaar   | Bought a potion of curing for 102 gold pieces
 33865 | Bazaar   | 33865 ||| BUYING scroll of enchant weapon (255 gold).
 33865 | Bazaar   | Bought a scroll of enchant weapon for 255 gold pieces
 33879 | Snake:4  | 33879 ||| PLANNING SNAKE:4
 33902 | Snake:4  | Noticed Mara
 33904 | Snake:4  | Noticed qw's illusion
 33904 | Snake:4  | 33904 ||| INVOKING Heroism.
 33921 | Snake:4  | Killed Mara
 34168 | Snake:4  | 34168 ||| Stepping ~*~*~tactically~*~*~ (hiding).
 34218 | Snake:4  | 34218 ||| INVOKING Heroism.
 34415 | Snake:4  | 34415 ||| Stepping ~*~*~tactically~*~*~ (hiding).
 34416 | Snake:4  | 34416 ||| Stepping ~*~*~tactically~*~*~ (hiding).
 34532 | Snake:4  | Noticed Donald
 34545 | Snake:4  | Killed Donald
 34554 | Snake:4  | 34554 ||| Stepping ~*~*~tactically~*~*~ (hiding).
 34631 | Snake:4  | Received a gift from Okawaru
 34658 | Snake:4  | Reached skill level 18 in Fighting
 34658 | Snake:4  | Received a gift from Okawaru
 34685 | Snake:4  | Got a serpentine rune of Zot
 34987 | Snake:4  | 34987 ||| Stepping ~*~*~tactically~*~*~ (hiding).
 35035 | Snake:4  | 35035 ||| Stepping ~*~*~tactically~*~*~ (hiding).
 35038 | Snake:4  | 35038 ||| Stepping ~*~*~tactically~*~*~ (hiding).
 35100 | Snake:4  | 35100 ||| Stepping ~*~*~tactically~*~*~ (hiding).
 35109 | Snake:4  | 35109 ||| Stepping ~*~*~tactically~*~*~ (hiding).
 35356 | Snake:4  | 35356 ||| PLANNING DEPTHS
 35654 | Depths:1 | Entered Level 1 of the Depths
 35655 | Depths:1 | 35655 ||| INVOKING Heroism.
 35661 | Depths:1 | Reached XP level 21. HP: 141/141 MP: 26/28
 35687 | Depths:1 | Received a gift from Okawaru
 35688 | Depths:1 | 35688 ||| INVOKING Finesse.
 35768 | Depths:1 | 35768 ||| INVOKING Heroism.
 35843 | Depths:1 | 35843 ||| Stepping ~*~*~tactically~*~*~ (stealth).
 35844 | Depths:1 | 35844 ||| Stepping ~*~*~tactically~*~*~ (stealth).
 35876 | Depths:1 | 35876 ||| Stepping ~*~*~tactically~*~*~ (hiding).
 35888 | Depths:1 | Reached skill level 18 in Armour
 35987 | Depths:1 | 35987 ||| Stepping ~*~*~tactically~*~*~ (stealth).
 36050 | Depths:1 | 36050 ||| INVOKING Heroism.
 36051 | Depths:1 | 36051 ||| INVOKING Finesse.
 36056 | Depths:1 | Received a gift from Okawaru
 36059 | Depths:1 | 36059 ||| READING scroll of enchant armour.
 36059 | Depths:1 | 36059 ||| ENCHANTING +1 pair of gloves.
 36156 | Depths:1 | Found a one-way gateway to a ziggurat.
 36171 | Depths:1 | 36171 ||| Stepping ~*~*~tactically~*~*~ (hiding).
 36172 | Depths:1 | 36172 ||| Stepping ~*~*~tactically~*~*~ (hiding).
 36173 | Depths:1 | 36173 ||| Stepping ~*~*~tactically~*~*~ (hiding).
 36326 | Depths:1 | Found a gateway to Hell.
 36342 | Depths:1 | Found a sparkling altar of Nemelex Xobeh.
 36396 | Depths:1 | Found a one-way gate leading to the halls of Pandemonium.
 36523 | Depths:2 | 36523 ||| STAIRDANCE
 36530 | Depths:1 | Received a gift from Okawaru
 36549 | Depths:2 | 36549 ||| STAIRDANCE
 36560 | Depths:2 | 36560 ||| STAIRDANCE
 36574 | Depths:2 | 36574 ||| INVOKING Heroism.
 36575 | Depths:2 | 36575 ||| INVOKING Finesse.
 36620 | Depths:2 | Found an ancient bone altar of Kikubaaqudgha.
 36736 | Depths:2 | 36736 ||| Stepping ~*~*~tactically~*~*~ (hiding).
 36738 | Depths:2 | 36738 ||| INVOKING Heroism.
 36771 | Depths:2 | 36771 ||| Stepping ~*~*~tactically~*~*~ (hiding).
 36773 | Depths:2 | 36773 ||| Stepping ~*~*~tactically~*~*~ (hiding).
 36797 | Depths:2 | Received a gift from Okawaru
 36827 | Depths:2 | 36827 ||| INVOKING Finesse.
 36927 | Depths:2 | Noticed a bone dragon
 36928 | Depths:2 | 36928 ||| Stepping ~*~*~tactically~*~*~ (hiding).
 36929 | Depths:2 | 36929 ||| Stepping ~*~*~tactically~*~*~ (hiding).
 36960 | Depths:2 | Killed a bone dragon
 37045 | Abyss:2  | Cast into level 2 of the Abyss (a wizard)
 37046 | Abyss:2  | 37046 ||| INVOKING Heroism.
 37047 | Abyss:2  | 37047 ||| INVOKING Finesse.
 37072 | Depths:2 | Escaped the Abyss
 37145 | Depths:2 | 37145 ||| Stepping ~*~*~tactically~*~*~ (hiding).
 37151 | Depths:2 | 37151 ||| Stepping ~*~*~tactically~*~*~ (stealth).
 37152 | Depths:2 | 37152 ||| Stepping ~*~*~tactically~*~*~ (stealth).
 37330 | Depths:2 | 37330 ||| Stepping ~*~*~tactically~*~*~ (stealth).
 37335 | Depths:2 | 37335 ||| Stepping ~*~*~tactically~*~*~ (stealth).
 37370 | Depths:2 | 37370 ||| INVOKING Heroism.
 37377 | Depths:2 | 37377 ||| INVOKING Finesse.
 37438 | Depths:2 | 37438 ||| INVOKING Heroism.
 37457 | Depths:2 | Noticed an ancient lich
 37458 | Depths:2 | 37458 ||| INVOKING Finesse.
 37482 | Depths:2 | 37482 ||| INVOKING Heroism.
 37484 | Depths:2 | Killed an ancient lich
 37484 | Depths:2 | Received a gift from Okawaru
 37508 | Depths:2 | Reached XP level 22. HP: 131/149 MP: 25/29
 37878 | Depths:2 | 37878 ||| INVOKING Heroism.
 37879 | Depths:2 | 37879 ||| INVOKING Finesse.
 37914 | Depths:2 | Received a gift from Okawaru
 37928 | Depths:2 | 37928 ||| Stepping ~*~*~tactically~*~*~ (cloud).
 37977 | Depths:2 | 37977 ||| Stepping ~*~*~tactically~*~*~ (hiding).
 37978 | Depths:2 | 37978 ||| Stepping ~*~*~tactically~*~*~ (hiding).
 37979 | Depths:2 | 37979 ||| Stepping ~*~*~tactically~*~*~ (hiding).
 37983 | Depths:2 | 37983 ||| Stepping ~*~*~tactically~*~*~ (hiding).
 37984 | Depths:2 | 37984 ||| Stepping ~*~*~tactically~*~*~ (hiding).
 37986 | Depths:2 | 37986 ||| Stepping ~*~*~tactically~*~*~ (hiding).
 37987 | Depths:2 | 37987 ||| Stepping ~*~*~tactically~*~*~ (hiding).
 38009 | Depths:2 | 38009 ||| DRINKING 26 potions of curing.
 38009 | Depths:2 | 38009 ||| (to cure confusion)
 38100 | Depths:2 | 38100 ||| Stepping ~*~*~tactically~*~*~ (hiding).
 38102 | Depths:2 | 38102 ||| Stepping ~*~*~tactically~*~*~ (hiding).
 38115 | Depths:2 | 38115 ||| Stepping ~*~*~tactically~*~*~ (cloud).
 38120 | Depths:2 | 38120 ||| Stepping ~*~*~tactically~*~*~ (cloud).
 38121 | Depths:2 | 38121 ||| Stepping ~*~*~tactically~*~*~ (cloud).
 38122 | Depths:2 | 38122 ||| INVOKING Heroism.
 38185 | Depths:2 | 38185 ||| Stepping ~*~*~tactically~*~*~ (cloud).
 38189 | Depths:2 | 38189 ||| INVOKING Heroism.
 38246 | Depths:2 | 38246 ||| INVOKING Heroism.
 38247 | Depths:2 | 38247 ||| DRINKING 25 potions of curing.
 38247 | Depths:2 | 38247 ||| (to cure confusion)
 38255 | Depths:2 | 38255 ||| Stepping ~*~*~tactically~*~*~ (cloud).
 38266 | Depths:2 | 38266 ||| Stepping ~*~*~tactically~*~*~ (cloud).
 38318 | Depths:2 | 38318 ||| FLEEEEING.
 38319 | Depths:2 | 38319 ||| FLEEEEING.
 38320 | Depths:2 | 38320 ||| FLEEEEING.
 38321 | Depths:2 | 38321 ||| FLEEEEING.
 38322 | Depths:2 | 38322 ||| FLEEEEING.
 38323 | Depths:2 | 38323 ||| FLEEEEING.
 38324 | Depths:2 | 38324 ||| FLEEEEING.
 38325 | Depths:2 | 38325 ||| FLEEEEING.
 38326 | Depths:2 | 38326 ||| FLEEEEING.
 38327 | Depths:2 | 38327 ||| FLEEEEING.
 38328 | Depths:2 | 38328 ||| FLEEEEING.
 38329 | Depths:2 | 38329 ||| FLEEEEING.
 38330 | Depths:2 | 38330 ||| FLEEEEING.
 38331 | Depths:2 | 38331 ||| FLEEEEING.
 38332 | Depths:2 | 38332 ||| FLEEEEING.
 38333 | Depths:2 | 38333 ||| FLEEEEING.
 38334 | Depths:2 | 38334 ||| FLEEEEING.
 38335 | Depths:2 | 38335 ||| FLEEEEING.
 38336 | Depths:2 | 38336 ||| FLEEEEING.
 38345 | Depths:2 | 38345 ||| Stepping ~*~*~tactically~*~*~ (cloud).
 38346 | Depths:2 | 38346 ||| INVOKING Heroism.
 38402 | Depths:2 | Found a shimmering blue altar of Sif Muna.
 38712 | Depths:2 | 38712 ||| UPGRADING to amulet of faith.
 38722 | Depths:2 | 38722 ||| DROPPING amulet "Jialur" {Regen+ Dex+3}.
 38723 | Depths:2 | 38723 ||| DROPPING amulet of guardian spirit.
 38724 | Depths:2 | 38724 ||| DROPPING ring of ice.
 38725 | Depths:2 | 38725 ||| DROPPING +6 ring of dexterity.
 38840 | Depths:3 | Received a gift from Okawaru
 38842 | Depths:3 | 38842 ||| Stepping ~*~*~tactically~*~*~ (hiding).
 38900 | Depths:3 | 38900 ||| INVOKING Heroism.
 38934 | Depths:3 | 38934 ||| INVOKING Finesse.
 38940 | Depths:3 | 38940 ||| Stepping ~*~*~tactically~*~*~ (hiding).
 38963 | Depths:3 | 38963 ||| INVOKING Heroism.
 38991 | Depths:3 | Identified the ring "Irro" {rC+ Str+3 Stlth+}
 38992 | Depths:3 | 38992 ||| Stepping ~*~*~tactically~*~*~ (stealth).
 38994 | Depths:3 | 38994 ||| Stepping ~*~*~tactically~*~*~ (hiding).
 39056 | Depths:3 | 39056 ||| Stepping ~*~*~tactically~*~*~ (stealth).
 39058 | Depths:3 | 39058 ||| Stepping ~*~*~tactically~*~*~ (hiding).
 39061 | Depths:3 | 39061 ||| Stepping ~*~*~tactically~*~*~ (hiding).
 39085 | Depths:3 | 39085 ||| INVOKING Heroism.
 39131 | Depths:3 | 39131 ||| DROPPING +2 broad axe of flaming.
 39146 | Depths:3 | Noticed a caustic shrike
 39147 | Depths:3 | 39147 ||| INVOKING Heroism.
 39160 | Depths:3 | Killed a caustic shrike
 39297 | Depths:3 | 39297 ||| INVOKING Heroism.
 39342 | Depths:3 | 39342 ||| Stepping ~*~*~tactically~*~*~ (stealth).
 39345 | Depths:3 | 39345 ||| Stepping ~*~*~tactically~*~*~ (stealth).
 39347 | Depths:3 | 39347 ||| Stepping ~*~*~tactically~*~*~ (stealth).
 39358 | Depths:3 | 39358 ||| Stepping ~*~*~tactically~*~*~ (hiding).
 39804 | Depths:3 | Found a one-way gate to the infinite horrors of the Abyss.
 40127 | Depths:3 | 40127 ||| DROPPING ring of protection from cold.
 40388 | Depths:4 | Entered Level 4 of the Depths
 40389 | Depths:4 | 40389 ||| INVOKING Heroism.
 40426 | Depths:4 | 40426 ||| INVOKING Heroism.
 40447 | Depths:4 | 40447 ||| INVOKING Finesse.
 40464 | Depths:4 | Received a gift from Okawaru
 40520 | Depths:4 | Reached skill level 21 in Shields
 40531 | Depths:4 | 40531 ||| Stepping ~*~*~tactically~*~*~ (hiding).
 40532 | Depths:4 | 40532 ||| INVOKING Heroism.
 40533 | Depths:4 | 40533 ||| Stepping ~*~*~tactically~*~*~ (hiding).
 40811 | Depths:4 | Found the ring of the Tortoise {AC+8}
 40908 | Depths:4 | 40908 ||| READING scroll of enchant armour.
 40908 | Depths:4 | 40908 ||| ENCHANTING +1 helmet.
 40987 | Depths:4 | Received a gift from Okawaru
 41051 | Depths:4 | 41051 ||| Stepping ~*~*~tactically~*~*~ (hiding).
 41054 | Depths:4 | 41054 ||| INVOKING Heroism.
 41150 | Depths:4 | 41150 ||| INVOKING Heroism.
 41151 | Depths:4 | 41151 ||| INVOKING Finesse.
 41161 | Depths:4 | Reached XP level 23. HP: 150/158 MP: 23/30
 41196 | Depths:4 | Noticed a golden dragon
 41197 | Depths:4 | 41197 ||| INVOKING Heroism.
 41202 | Depths:4 | Noticed a golden dragon
 41207 | Depths:4 | 41207 ||| Stepping ~*~*~tactically~*~*~ (cloud).
 41210 | Depths:4 | 41210 ||| Stepping ~*~*~tactically~*~*~ (cloud).
 41211 | Depths:4 | 41211 ||| Stepping ~*~*~tactically~*~*~ (cloud).
 41212 | Depths:4 | Killed a golden dragon
 41223 | Depths:4 | Killed a golden dragon
 41249 | Depths:4 | Noticed a golden dragon
 41250 | Depths:4 | 41250 ||| INVOKING Heroism.
 41257 | Depths:4 | 41257 ||| Stepping ~*~*~tactically~*~*~ (cloud).
 41259 | Depths:4 | Killed a golden dragon
 41260 | Depths:4 | Reached skill level 21 in Fighting
 41350 | Depths:4 | Found a gate to the Realm of Zot.
 41359 | Depths:4 | Received a gift from Okawaru
 41419 | Depths:4 | 41419 ||| INVOKING Heroism.
 41420 | Depths:4 | 41420 ||| INVOKING Finesse.
 41446 | Depths:4 | Noticed a golden dragon
 41451 | Depths:4 | Noticed a golden dragon
 41456 | Depths:4 | Noticed a golden dragon
 41463 | Depths:4 | Received a gift from Okawaru
 41471 | Depths:4 | Killed a golden dragon
 41482 | Depths:4 | Killed a golden dragon
 41483 | Depths:4 | Reached skill level 21 in Armour
 41499 | Depths:4 | Killed a golden dragon
 41544 | Depths:4 | Identified the staff of earth "Ecoigocvu" {rCorr MP+9
                  | Dex+2}
 41571 | Depths:4 | 41571 ||| Stepping ~*~*~tactically~*~*~ (hiding).
 41749 | Depths:4 | 41749 ||| PLANNING VAULTS:5
 41749 | Depths:4 | 41749 ||| DROPPING +1 chain mail of cold resistance.
 41750 | Depths:4 | 41750 ||| DROPPING +0 ice dragon scales.
 41751 | Depths:4 | 41751 ||| UPGRADING to +0 gold dragon scales.
 41761 | Depths:4 | 41761 ||| DROPPING +3 chain mail of positive energy.
 41762 | Depths:4 | 41762 ||| UPGRADING to ring of the Tortoise {AC+8}.
 41764 | Depths:4 | 41764 ||| DROPPING ring of fire.
 41765 | Depths:4 | 41765 ||| DROPPING ring of protection from cold.
 41766 | Depths:4 | 41766 ||| UPGRADING to +5 ring of evasion.
 41768 | Depths:4 | 41768 ||| DROPPING ring "Nugy" {rN+ Slay+4}.
 41985 | Vaults:5 | Entered Level 5 of the Vaults
 41986 | Vaults:5 | 41986 ||| INVOKING Heroism.
 41995 | Vaults:5 | Identified the +1 kite shield of a sewer {rC+} (Okawaru
                  | gifted it to you on level 5 of the Vaults)
 41995 | Vaults:5 | Received a gift from Okawaru
 41997 | Vaults:5 | 41997 ||| INVOKING Finesse.
 42047 | Vaults:5 | Noticed an ancient lich
 42063 | Vaults:5 | 42063 ||| INVOKING Heroism.
 42069 | Vaults:5 | Noticed a golden dragon
 42076 | Vaults:5 | 42076 ||| INVOKING Finesse.
 42078 | Vaults:5 | Identified the ring of Ril Quv {Fly rF+ rN+ Dex-5 Stlth+}
 42087 | Vaults:5 | Noticed Saint Roka
 42093 | Vaults:5 | Killed an ancient lich
 42098 | Vaults:5 | Noticed an ancient lich
 42118 | Vaults:5 | 42118 ||| INVOKING Finesse.
 42122 | Vaults:5 | HP: 33/162 [deep elf high priest/divine providence (11)]
 42123 | Vaults:5 | 42123 ||| READING 19 scrolls of teleportation.
 42124 | Vaults:5 | 42124 ||| DRINKING 13 potions of heal wounds.
 42125 | Vaults:5 | 42125 ||| DRINKING 12 potions of heal wounds.
 42126 | Vaults:5 | 42126 ||| DRINKING 11 potions of heal wounds.
 42135 | Vaults:5 | 42135 ||| DRINKING potion of cancellation.
 42137 | Vaults:5 | 42137 ||| Stepping ~*~*~tactically~*~*~ (hiding).
 42139 | Vaults:5 | 42139 ||| Stepping ~*~*~tactically~*~*~ (hiding).
 42140 | Vaults:5 | 42140 ||| Stepping ~*~*~tactically~*~*~ (stealth).
 42141 | Vaults:5 | 42141 ||| Stepping ~*~*~tactically~*~*~ (hiding).
 42154 | Vaults:5 | 42154 ||| INVOKING Heroism.
 42169 | Vaults:5 | 42169 ||| INVOKING Finesse.
 42169 | Vaults:5 | Noticed Sojobo
 42170 | Vaults:5 | 42170 ||| Stepping ~*~*~tactically~*~*~ (hiding).
 42181 | Vaults:5 | 42181 ||| Stepping ~*~*~tactically~*~*~ (hiding).
 42193 | Vaults:5 | Paralysed by an air elemental for 1 turns
 42194 | Vaults:5 | 42194 ||| INVOKING Heroism.
 42204 | Vaults:5 | Paralysed by an air elemental for 1 turns
 42207 | Vaults:5 | Reached XP level 24. HP: 150/168 MP: 24/30
 42210 | Vaults:5 | Killed Sojobo
 42278 | Vaults:5 | Killed Saint Roka
 42285 | Vaults:5 | 42285 ||| INVOKING Heroism.
 42311 | Vaults:5 | Identified the +7 long sword of Focof {drain, *Slow Dex+5}
 42311 | Vaults:5 | Identified the ring "Xaskis" {Ice Drain rPois rCorr}
 42318 | Vaults:5 | 42318 ||| INVOKING Finesse.
 42376 | Vaults:5 | 42376 ||| Stepping ~*~*~tactically~*~*~ (hiding).
 42377 | Vaults:5 | 42377 ||| Stepping ~*~*~tactically~*~*~ (hiding).
 42394 | Vaults:5 | 42394 ||| INVOKING Heroism.
 42394 | Vaults:5 | Identified the ring "Ekhlaolu" {rF+ rC- rN+ Dex+3}
 42431 | Vaults:5 | Received a gift from Okawaru
 42450 | Vaults:5 | 42450 ||| Invisibility monster not found???
 42455 | Vaults:5 | 42455 ||| INVOKING Heroism.
 42466 | Vaults:5 | 42466 ||| INVOKING Finesse.
 42488 | Vaults:5 | Killed an ancient lich
 42697 | Vaults:5 | 42697 ||| INVOKING Heroism.
 42722 | Abyss:3  | Cast into level 3 of the Abyss (a deep elf sorcerer)
 42772 | Abyss:3  | 42772 ||| Stepping ~*~*~tactically~*~*~ (stealth).
 42785 | Abyss:3  | 42785 ||| DROPPING +1 chain mail of cold resistance.
 43035 | Abyss:3  | 43035 ||| INVOKING Heroism.
 43036 | Abyss:3  | 43036 ||| INVOKING Finesse.
 43050 | Abyss:3  | 43050 ||| Stepping ~*~*~tactically~*~*~ (stealth).
 43111 | Abyss:3  | 43111 ||| Stepping ~*~*~tactically~*~*~ (stealth).
 43153 | Abyss:3  | 43153 ||| Stepping ~*~*~tactically~*~*~ (stealth).
 43154 | Abyss:3  | 43154 ||| Stepping ~*~*~tactically~*~*~ (stealth).
 43155 | Abyss:3  | 43155 ||| Stepping ~*~*~tactically~*~*~ (stealth).
 43157 | Abyss:3  | 43157 ||| Stepping ~*~*~tactically~*~*~ (stealth).
 43183 | Abyss:3  | 43183 ||| Stepping ~*~*~tactically~*~*~ (stealth).
 43203 | Abyss:3  | 43203 ||| Stepping ~*~*~tactically~*~*~ (stealth).
 43234 | Abyss:3  | 43234 ||| Stepping ~*~*~tactically~*~*~ (hiding).
 43241 | Abyss:3  | 43241 ||| Stepping ~*~*~tactically~*~*~ (stealth).
 43289 | Abyss:3  | 43289 ||| Stepping ~*~*~tactically~*~*~ (stealth).
 43305 | Abyss:3  | 43305 ||| Stepping ~*~*~tactically~*~*~ (stealth).
 43338 | Abyss:3  | 43338 ||| Stepping ~*~*~tactically~*~*~ (stealth).
 43339 | Abyss:3  | 43339 ||| Stepping ~*~*~tactically~*~*~ (hiding).
 43340 | Abyss:3  | 43340 ||| Stepping ~*~*~tactically~*~*~ (hiding).
 43351 | Abyss:3  | 43351 ||| Stepping ~*~*~tactically~*~*~ (stealth).
 43427 | Abyss:3  | 43427 ||| Stepping ~*~*~tactically~*~*~ (stealth).
 43428 | Abyss:3  | 43428 ||| Stepping ~*~*~tactically~*~*~ (stealth).
 43437 | Abyss:3  | 43437 ||| Stepping ~*~*~tactically~*~*~ (stealth).
 43441 | Abyss:3  | 43441 ||| Stepping ~*~*~tactically~*~*~ (stealth).
 43447 | Abyss:3  | 43447 ||| Stepping ~*~*~tactically~*~*~ (stealth).
 43449 | Abyss:3  | 43449 ||| Stepping ~*~*~tactically~*~*~ (stealth).
 43524 | Abyss:4  | 43524 ||| INVOKING Heroism.
 43538 | Abyss:4  | HP: 27/120 [starcursed mass/accursed screaming (6)]
 43543 | Abyss:4  | HP: 18/120 [starcursed mass/accursed screaming (7)]
 43546 | Abyss:4  | 43546 ||| READING 18 scrolls of teleportation.
 43553 | Abyss:4  | 43553 ||| DRINKING 10 potions of heal wounds.
 43734 | Abyss:5  | 43734 ||| Stepping ~*~*~tactically~*~*~ (stealth).
 43753 | Vaults:5 | Escaped the Abyss
 43759 | Vaults:5 | 43759 ||| INVOKING Heroism.
 43780 | Vaults:5 | Found the +3 pair of seven-league boots {Rampage+∞}
 43808 | Vaults:5 | Identified the +8 short sword "Gargoyle's Regret" {flame,
                  | rC+ rN++ Int-3}
 43924 | Vaults:5 | 43924 ||| READING scroll of enchant armour.
 43924 | Vaults:5 | 43924 ||| ENCHANTING +0 gold dragon scales.
 44080 | Vaults:5 | 44080 ||| Stepping ~*~*~tactically~*~*~ (hiding).
 44084 | Vaults:5 | 44084 ||| INVOKING Heroism.
 44157 | Vaults:5 | Identified the staff of conjuration "Favusas" {rN++
                  | Will+++}
 44438 | Vaults:5 | Got a silver rune of Zot
 44481 | Vaults:5 | 44481 ||| PLANNING SHOPPING SPREE
 44481 | Vaults:5 | 44481 ||| DROPPING +1 plate armour of Qokyr {*Corrode rElec
                  | rF+ Regen+}.
 44482 | Vaults:5 | 44482 ||| UPGRADING to +3 pair of seven-league boots
                  | {Rampage+∞}.
 44492 | Vaults:5 | 44492 ||| DROPPING +2 pair of boots of stealth.
 44690 | Orc:2    | 44690 ||| BUYING shiny helmet (187 gold).
 44690 | Orc:2    | Bought a shiny helmet for 187 gold pieces
 44690 | Orc:2    | 44690 ||| UPGRADING to +2 helmet of see invisible.
 44700 | Orc:2    | 44700 ||| DROPPING +2 helmet.
 44875 | Orc:2    | 44875 ||| BUYING amulet of Vitality {RegenMP++ Regen++}
                  | (1100 gold).
 44875 | Orc:2    | Bought the amulet of Vitality {RegenMP++ Regen++} for 1100
                  | gold pieces
 44875 | Orc:2    | Found the amulet of Vitality {RegenMP++ Regen++}
 44875 | Orc:2    | 44875 ||| DROPPING brooch of Shielding {Spirit SH+8}.
 44876 | Orc:2    | 44876 ||| PLANNING ZOT:1-4
 45090 | Zot:1    | Entered Level 1 of the Realm of Zot
 45091 | Zot:1    | 45091 ||| INVOKING Heroism.
 45099 | Zot:1    | Reached skill level 24 in Fighting
 45172 | Zot:1    | Reached skill level 9 in Dodging
 45173 | Zot:1    | 45173 ||| Stepping ~*~*~tactically~*~*~ (hiding).
 45182 | Zot:1    | 45182 ||| INVOKING Heroism.
 45327 | Zot:1    | 45327 ||| INVOKING Heroism.
 45596 | Zot:1    | Reached XP level 25. HP: 165/180 MP: 30/30
 45711 | Zot:1    | Received a gift from Okawaru
 45804 | Zot:1    | 45804 ||| INVOKING Heroism.
 45869 | Zot:1    | Received a gift from Okawaru
 45895 | Zot:1    | Found the amulet of the Air {Inacc Air Fly rElec RMsl}
 45896 | Zot:1    | 45896 ||| Stepping ~*~*~tactically~*~*~ (hiding).
 45902 | Zot:1    | 45902 ||| INVOKING Heroism.
 45936 | Zot:1    | Received a gift from Okawaru
 45984 | Zot:1    | 45984 ||| INVOKING Heroism.
 46020 | Zot:1    | 46020 ||| Stepping ~*~*~tactically~*~*~ (stealth).
 46022 | Zot:1    | 46022 ||| Stepping ~*~*~tactically~*~*~ (hiding).
 46063 | Zot:1    | 46063 ||| INVOKING Heroism.
 46107 | Zot:1    | Identified the staff of conjuration "Xoischi" {rF+ Str-2
                  | SInv Stlth+}
 46222 | Zot:2    | 46222 ||| Stepping ~*~*~tactically~*~*~ (stealth).
 46223 | Zot:2    | 46223 ||| Stepping ~*~*~tactically~*~*~ (stealth).
 46466 | Zot:2    | 46466 ||| Stepping ~*~*~tactically~*~*~ (stealth).
 46511 | Zot:2    | 46511 ||| Stepping ~*~*~tactically~*~*~ (hiding).
 46549 | Zot:2    | 46549 ||| Stepping ~*~*~tactically~*~*~ (hiding).
 46550 | Zot:2    | 46550 ||| INVOKING Heroism.
 46567 | Zot:2    | Received a gift from Okawaru
 46578 | Zot:2    | 46578 ||| Stepping ~*~*~tactically~*~*~ (hiding).
 46580 | Zot:2    | 46580 ||| Stepping ~*~*~tactically~*~*~ (hiding).
 46589 | Zot:2    | Reached skill level 12 in Throwing
 46590 | Zot:2    | 46590 ||| INVOKING Heroism.
 46611 | Zot:2    | 46611 ||| Stepping ~*~*~tactically~*~*~ (hiding).
 46780 | Zot:2    | 46780 ||| INVOKING Heroism.
 46868 | Zot:2    | 46868 ||| INVOKING Heroism.
 47001 | Zot:2    | 47001 ||| Stepping ~*~*~tactically~*~*~ (hiding).
 47030 | Zot:2    | 47030 ||| Stepping ~*~*~tactically~*~*~ (hiding).
 47039 | Zot:2    | Received a gift from Okawaru
 47044 | Zot:2    | 47044 ||| Stepping ~*~*~tactically~*~*~ (stealth).
 47088 | Zot:2    | 47088 ||| Stepping ~*~*~tactically~*~*~ (stealth).
 47089 | Zot:2    | 47089 ||| Stepping ~*~*~tactically~*~*~ (stealth).
 47090 | Zot:2    | 47090 ||| Stepping ~*~*~tactically~*~*~ (stealth).
 47155 | Zot:2    | 47155 ||| Stepping ~*~*~tactically~*~*~ (hiding).
 47466 | Zot:2    | 47466 ||| Stepping ~*~*~tactically~*~*~ (hiding).
 47467 | Zot:2    | 47467 ||| FLEEEEING.
 47468 | Zot:2    | 47468 ||| FLEEEEING.
 47469 | Zot:2    | 47469 ||| FLEEEEING.
 47470 | Zot:2    | 47470 ||| FLEEEEING.
 47660 | Zot:3    | 47660 ||| STAIRDANCE
 47664 | Zot:3    | 47664 ||| STAIRDANCE
 47668 | Zot:3    | 47668 ||| STAIRDANCE
 47672 | Zot:3    | 47672 ||| STAIRDANCE
 47676 | Zot:3    | 47676 ||| STAIRDANCE
 47677 | Zot:2    | HP: 44/182 [komodo dragon[a white draconian stormcaller]
                  | (12)]
 47678 | Zot:2    | 47678 ||| READING 18 scrolls of teleportation.
 47679 | Zot:2    | 47679 ||| DRINKING 12 potions of heal wounds.
 47682 | Zot:3    | 47682 ||| STAIRDANCE
 47686 | Zot:3    | 47686 ||| STAIRDANCE
 47978 | Zot:3    | 47978 ||| Stepping ~*~*~tactically~*~*~ (stealth).
 47979 | Zot:3    | 47979 ||| Stepping ~*~*~tactically~*~*~ (stealth).
 48016 | Zot:3    | 48016 ||| INVOKING Heroism.
 48124 | Zot:3    | 48124 ||| INVOKING Heroism.
 48136 | Zot:3    | Received a gift from Okawaru
 48138 | Zot:3    | 48138 ||| Stepping ~*~*~tactically~*~*~ (stealth).
 48164 | Zot:3    | Noticed an ancient lich
 48165 | Zot:3    | 48165 ||| INVOKING Finesse.
 48171 | Zot:3    | 48171 ||| INVOKING Heroism.
 48174 | Zot:3    | Killed an ancient lich
 48189 | Zot:3    | Received a gift from Okawaru
 48254 | Zot:3    | Identified the +7 arbalest "Ikumioj" {flame, Will+}
 48289 | Zot:3    | 48289 ||| Stepping ~*~*~tactically~*~*~ (hiding).
 48292 | Zot:3    | 48292 ||| INVOKING Heroism.
 48358 | Zot:3    | 48358 ||| Stepping ~*~*~tactically~*~*~ (hiding).
 48361 | Zot:3    | 48361 ||| INVOKING Heroism.
 48362 | Zot:3    | 48362 ||| Stepping ~*~*~tactically~*~*~ (hiding).
 48400 | Zot:3    | 48400 ||| INVOKING Heroism.
 48430 | Zot:3    | Received a gift from Okawaru
 48549 | Zot:3    | 48549 ||| Stepping ~*~*~tactically~*~*~ (hiding).
 48550 | Zot:3    | 48550 ||| Stepping ~*~*~tactically~*~*~ (hiding).
 48563 | Zot:3    | 48563 ||| Stepping ~*~*~tactically~*~*~ (hiding).
 48565 | Zot:3    | 48565 ||| Stepping ~*~*~tactically~*~*~ (hiding).
 48566 | Zot:3    | 48566 ||| Stepping ~*~*~tactically~*~*~ (hiding).
 48654 | Zot:3    | 48654 ||| Stepping ~*~*~tactically~*~*~ (stealth).
 48656 | Zot:3    | 48656 ||| Stepping ~*~*~tactically~*~*~ (hiding).
 49086 | Zot:3    | Reached XP level 26. HP: 188/192 MP: 30/30
 49101 | Zot:3    | 49101 ||| Stepping ~*~*~tactically~*~*~ (hiding).
 49104 | Zot:3    | 49104 ||| Stepping ~*~*~tactically~*~*~ (hiding).
 49105 | Zot:3    | 49105 ||| Stepping ~*~*~tactically~*~*~ (hiding).
 49114 | Zot:3    | 49114 ||| INVOKING Heroism.
 49235 | Zot:3    | 49235 ||| FLEEEEING.
 49236 | Zot:3    | 49236 ||| FLEEEEING.
 49237 | Zot:3    | 49237 ||| FLEEEEING.
 49238 | Zot:3    | 49238 ||| FLEEEEING.
 49239 | Zot:3    | 49239 ||| FLEEEEING.
 49240 | Zot:3    | 49240 ||| FLEEEEING.
 49248 | Zot:3    | 49248 ||| FLEEEEING.
 49249 | Zot:3    | 49249 ||| FLEEEEING.
 49250 | Zot:3    | 49250 ||| FLEEEEING.
 49319 | Zot:3    | Gained mutation: You passively map a small area around you.
                  | [mutagenic glow]
 49348 | Zot:3    | 49348 ||| Stepping ~*~*~tactically~*~*~ (hiding).
 49425 | Zot:3    | 49425 ||| DROPPING +3 chain mail of poison resistance.
 49520 | Zot:4    | 49520 ||| INVOKING Heroism.
 49633 | Zot:4    | 49633 ||| Stepping ~*~*~tactically~*~*~ (hiding).
 49676 | Zot:4    | 49676 ||| INVOKING Heroism.
 49844 | Zot:4    | 49844 ||| INVOKING Heroism.
 49865 | Zot:4    | 49865 ||| Stepping ~*~*~tactically~*~*~ (hiding).
 49876 | Zot:4    | Reached ****** piety under Okawaru
 49926 | Zot:4    | 49926 ||| Stepping ~*~*~tactically~*~*~ (hiding).
 49940 | Zot:4    | 49940 ||| Stepping ~*~*~tactically~*~*~ (hiding).
 50069 | Zot:4    | 50069 ||| Stepping ~*~*~tactically~*~*~ (hiding).
 50097 | Zot:4    | Received a gift from Okawaru
 50140 | Zot:4    | 50140 ||| INVOKING Heroism.
 50149 | Zot:4    | Reached skill level 15 in Throwing
 50188 | Zot:4    | 50188 ||| INVOKING Heroism.
 50292 | Zot:4    | Received a gift from Okawaru
 50509 | Zot:4    | Identified the +5 kite shield of Past Mistakes {*Corrode
                  | rElec Str+3} (Okawaru gifted it to you on level 4 of the
                  | Realm of Zot)
 50509 | Zot:4    | Received a gift from Okawaru
 50511 | Zot:4    | 50511 ||| INVOKING Heroism.
 50628 | Zot:4    | 50628 ||| PLANNING SLIME:5
 50628 | Zot:4    | 50628 ||| UPGRADING to +1 chain mail of Filigreed Curiosity
                  | {Regen+ rCorr Stlth+}.
 50638 | Zot:4    | 50638 ||| DROPPING +1 hat.
 50639 | Zot:4    | 50639 ||| UPGRADING to +2 cloak.
 50649 | Zot:4    | 50649 ||| UPGRADING to ring "Irro" {rC+ Str+3 Stlth+}.
 50781 | Zot:2    | HP: 30/192 [red draconian scorcher/damnation (29)]
 50782 | Zot:2    | 50782 ||| READING 17 scrolls of teleportation.
 50783 | Zot:2    | 50783 ||| DRINKING 11 potions of heal wounds.
 50784 | Zot:2    | 50784 ||| DRINKING 10 potions of heal wounds.
 50785 | Zot:2    | 50785 ||| DRINKING 9 potions of heal wounds.
 50789 | Zot:2    | 50789 ||| STAIRDANCE
 64375 | Lair:4   | 64375 ||| PLANNING SLIME:5
 64412 | Lair:4   | 64412 ||| PLANNING SLIME:5
 64557 | Slime:1  | Entered Level 1 of the Pits of Slime
 64561 | Slime:1  | Gained mutation: Your magical capacity is low. (-10% MP) [a
                  | shining eye]
 64574 | Slime:1  | 64574 ||| STAIRDANCE
 64591 | Slime:1  | Gained mutation: Your body sometimes deteriorates upon
                  | taking damage. [a shining eye]
 64593 | Slime:1  | Gained mutation: You are weak. (Str -2) [a shining eye]
 64752 | Slime:3  | Paralysed by a floating eye for 2 turns
 64753 | Slime:3  | Gained mutation: Your spells are a little harder to cast,
                  | but a little more powerful. [a shining eye]
 64760 | Slime:3  | Gained mutation: You are frail. (-10% HP) [a shining eye]
 64762 | Slime:3  | Gained mutation: You are clumsy. (Dex -2) [a shining eye]
 64765 | Slime:3  | Gained mutation: You are very frail. (-20% HP) [a shining
                  | eye]
 64771 | Slime:3  | 64771 ||| DRINKING 8 potions of mutation.
 64771 | Slime:3  | Lost mutation: You passively map a small area around you.
                  | [potion of mutation]
 64771 | Slime:3  | Lost mutation: Your spells are a little harder to cast, but
                  | a little more powerful. [potion of mutation]
 64771 | Slime:3  | Lost mutation: You are weak. (Str -2) [potion of mutation]
 64771 | Slime:3  | Gained mutation: You are very clumsy. (Dex -4) [potion of
                  | mutation]
 64771 | Slime:3  | Lost mutation: You are very clumsy. (Dex -4) [potion of
                  | mutation]
 64771 | Slime:3  | Lost mutation: Your magical capacity is low. (-10% MP)
                  | [potion of mutation]
 64772 | Slime:3  | 64772 ||| DRINKING 7 potions of mutation.
 64772 | Slime:3  | Lost mutation: You are clumsy. (Dex -2) [potion of
                  | mutation]
 64772 | Slime:3  | Lost mutation: You are very frail. (-20% HP) [potion of
                  | mutation]
 64772 | Slime:3  | Lost mutation: You are frail. (-10% HP) [potion of
                  | mutation]
 64772 | Slime:3  | Gained mutation: You are strong-willed. (Will+) [potion of
                  | mutation]
 64810 | Slime:4  | 64810 ||| STAIRDANCE
 64820 | Slime:5  | Entered Level 5 of the Pits of Slime
 64834 | Slime:5  | Noticed the Royal Jelly
 64838 | Slime:5  | 64838 ||| INVOKING Heroism.
 64860 | Slime:5  | 64860 ||| READING 16 scrolls of teleportation.
 64969 | Slime:5  | 64969 ||| INVOKING Heroism.
 64976 | Slime:5  | 64976 ||| READING 15 scrolls of teleportation.
 64980 | Slime:5  | 64980 ||| READING 14 scrolls of teleportation.
 64986 | Slime:5  | 64986 ||| READING 13 scrolls of teleportation.
 64990 | Slime:5  | 64990 ||| READING 12 scrolls of teleportation.
 65023 | Slime:5  | 65023 ||| INVOKING Heroism.
 65026 | Slime:5  | 65026 ||| READING 11 scrolls of teleportation.
 65030 | Slime:5  | 65030 ||| READING 10 scrolls of teleportation.
 65058 | Slime:5  | Received a gift from Okawaru
 65075 | Slime:5  | Reached skill level 27 in Fighting
 65107 | Slime:5  | 65107 ||| INVOKING Heroism.
 65134 | Slime:5  | Killed the Royal Jelly
 65155 | Slime:5  | 65155 ||| READING 9 scrolls of teleportation.
 65156 | Slime:5  | 65156 ||| INVOKING Heroism.
 65160 | Slime:5  | HP: 33/193 [acid blob[the Royal Jelly] (23)]
 65161 | Slime:5  | 65161 ||| DRINKING 8 potions of heal wounds.
 65167 | Slime:5  | 65167 ||| READING 8 scrolls of teleportation.
 65167 | Slime:5  | HP: 45/193 [quicksilver ooze[the Royal Jelly] (11)]
 65168 | Slime:5  | 65168 ||| DRINKING 7 potions of heal wounds.
 65174 | Slime:5  | 65174 ||| READING 7 scrolls of teleportation.
 65183 | Slime:5  | Gained mutation: You are weak. (Str -2) [a shining eye]
 65190 | Slime:5  | 65190 ||| INVOKING Heroism.
 65210 | Slime:5  | Gained mutation: Your spells are a little easier to cast,
                  | but a little less powerful. [a shining eye]
 65333 | Slime:5  | Identified the ring of Moge {rN+ MP+9 Str+2}
 65338 | Slime:5  | Identified the ring "Saileujo" {rPois rN+++ Str-4 Int+6
                  | Stlth-}
 65340 | Slime:5  | Identified the staff of poison "Sixteal" {rPois Dex+2}
 65345 | Slime:5  | Identified the +0 falchion of Pyckujext {pain, rF+ Str+2}
 65368 | Slime:5  | Identified the staff of conjuration "Wyero" {Contam Will+
                  | Int+6}
 65397 | Slime:5  | Got a slimy rune of Zot
 65416 | Slime:5  | Identified the staff of fire "Raist" {rF+ Will++ MP-9}
 65420 | Slime:5  | 65420 ||| DROPPING +4 broad axe of electrocution.
 65897 | Slime:5  | 65897 ||| PLANNING THE SHINING ONE WORSHIP
 65897 | Slime:5  | 65897 ||| UPGRADING to +2 plate armour of willpower.
 65907 | Slime:5  | 65907 ||| DROPPING +1 chain mail of Filigreed Curiosity
                  | {Regen+ rCorr Stlth+}.
 65908 | Slime:5  | 65908 ||| UPGRADING to +2 ratskin cloak {*Rats rPois rN+
                  | Str-1 Int-1 Dex+1}.
 65918 | Slime:5  | 65918 ||| DROPPING scarf of harm.
 65919 | Slime:5  | 65919 ||| DROPPING +3 chain mail of poison resistance.
 65920 | Slime:5  | 65920 ||| UPGRADING to +1 gold dragon scales.
 65930 | Slime:5  | 65930 ||| DROPPING ring of Moge {rN+ MP+9 Str+2}.
 65931 | Slime:5  | 65931 ||| DROPPING ring "Xaskis" {Ice Drain rPois rCorr}.
 65932 | Slime:5  | 65932 ||| DROPPING ring of resist corrosion.
 65933 | Slime:5  | 65933 ||| DROPPING ring "Saileujo" {rPois rN+++ Str-4 Int+6
                  | Stlth-}.
 65934 | Slime:5  | 65934 ||| DROPPING ring of resist corrosion.
 65935 | Slime:5  | 65935 ||| UPGRADING to +5 ring of evasion.
 66181 | Temple   | Entered the Ecumenical Temple
 66380 | Temple   | Fell from the grace of Okawaru
 66380 | Temple   | Became a worshipper of the Shining One
 66380 | Temple   | 66380 ||| PLANNING CRYPT
 66381 | Temple   | 66381 ||| SWAPPING to +7 broad axe "Qaatutz" {flame, rElec
                  | Will++ Dex-5 Stlth+}.
 66382 | Temple   | 66382 ||| DROPPING +7 broad axe "Lenidwar" {vamp, Dex+3}.
 66587 | Crypt:1  | Entered Level 1 of the Crypt
 66621 | Crypt:1  | Noticed Boris
 66626 | Crypt:1  | Reached skill level 12 in Invocations
 66639 | Crypt:1  | Killed Boris
 66640 | Crypt:1  | Reached XP level 27. HP: 165/199 MP: 32/32
 66822 | Crypt:1  | Reached * piety under the Shining One
 66824 | Crypt:1  | 66824 ||| Stepping ~*~*~tactically~*~*~ (stealth).
 66828 | Crypt:1  | Noticed Vv
 66829 | Crypt:1  | 66829 ||| Stepping ~*~*~tactically~*~*~ (stealth).
 66830 | Crypt:1  | 66830 ||| DRINKING 2 potions of resistance.
 66839 | Crypt:1  | Reached ** piety under the Shining One
 66882 | Crypt:1  | HP: 45/199 [Vv (13)]
 66883 | Crypt:1  | 66883 ||| READING 6 scrolls of teleportation.
 66884 | Crypt:1  | 66884 ||| DRINKING 7 potions of heal wounds.
 66885 | Crypt:1  | 66885 ||| DRINKING 6 potions of heal wounds.
 66887 | Crypt:1  | Killed Vv
 67144 | Crypt:1  | Reached *** piety under the Shining One
 67147 | Crypt:1  | 67147 ||| Stepping ~*~*~tactically~*~*~ (hiding).
 67193 | Crypt:1  | 67193 ||| Stepping ~*~*~tactically~*~*~ (hiding).
 67194 | Crypt:1  | 67194 ||| Stepping ~*~*~tactically~*~*~ (hiding).
 67234 | Crypt:1  | Reached **** piety under the Shining One
 67271 | Crypt:1  | 67271 ||| Stepping ~*~*~tactically~*~*~ (stealth).
 67288 | Crypt:1  | Reached ***** piety under the Shining One
 67330 | Crypt:1  | 67330 ||| Stepping ~*~*~tactically~*~*~ (hiding).
 67443 | Crypt:1  | 67443 ||| Stepping ~*~*~tactically~*~*~ (stealth).
 67566 | Crypt:1  | 67566 ||| Stepping ~*~*~tactically~*~*~ (stealth).
 67568 | Crypt:1  | 67568 ||| Stepping ~*~*~tactically~*~*~ (stealth).
 67574 | Crypt:1  | 67574 ||| Stepping ~*~*~tactically~*~*~ (hiding).
 67577 | Crypt:1  | 67577 ||| Stepping ~*~*~tactically~*~*~ (hiding).
 67840 | Crypt:1  | 67840 ||| Stepping ~*~*~tactically~*~*~ (hiding).
 68136 | Crypt:2  | Reached ****** piety under the Shining One
 68143 | Crypt:2  | 68143 ||| INVOKING Cleansing Flame.
 68149 | Crypt:2  | 68149 ||| INVOKING Brand Weapon With Holy Wrath.
 68149 | Crypt:2  | Identified a +3 war axe of holy wrath (a +1 war axe blessed
                  | by the Shining One)
 68149 | Crypt:2  | Received a gift from the Shining One
 68192 | Crypt:2  | 68192 ||| READING scroll of enchant armour.
 68192 | Crypt:2  | 68192 ||| ENCHANTING +1 gold dragon scales.
 68270 | Crypt:2  | 68270 ||| Stepping ~*~*~tactically~*~*~ (hiding).
 68378 | Crypt:2  | 68378 ||| Stepping ~*~*~tactically~*~*~ (hiding).
 68399 | Crypt:2  | Reached skill level 15 in Invocations
 68630 | Crypt:2  | 68630 ||| Stepping ~*~*~tactically~*~*~ (hiding).
 69741 | Crypt:2  | 69741 ||| FLEEEEING.
 69742 | Crypt:2  | 69742 ||| FLEEEEING.
 70255 | Crypt:2  | 70255 ||| DROPPING +2 plate armour of willpower.
 70277 | Crypt:3  | Entered Level 3 of the Crypt
 70309 | Crypt:3  | 70309 ||| INVOKING Summon Divine Warrior.
 70312 | Crypt:3  | 70312 ||| INVOKING Cleansing Flame.
 70313 | Crypt:3  | 70313 ||| INVOKING Cleansing Flame.
 70314 | Crypt:3  | 70314 ||| INVOKING Cleansing Flame.
 70315 | Crypt:3  | 70315 ||| INVOKING Summon Divine Warrior.
 70315 | Crypt:3  | Identified the +2 tower shield of Death Resistance {MP+9}
 70381 | Crypt:3  | Identified the +11 sling of Integrity {elec, Dex+2 SInv}
 70548 | Crypt:3  | Found a staircase to the Tomb.
 70638 | Crypt:3  | Found a runed translucent gate.
 70638 | Crypt:3  | Found a runed translucent gate.
 70638 | Crypt:3  | Found a runed translucent gate.
 70638 | Crypt:3  | Noticed Esecs's ghost (veteran GrEE)
 70931 | Crypt:3  | Found an ancient bone altar of Kikubaaqudgha.
 70981 | Crypt:3  | 70981 ||| INVOKING Cleansing Flame.
 70982 | Crypt:3  | 70982 ||| INVOKING Cleansing Flame.
 71480 | Crypt:3  | 71480 ||| INVOKING Summon Divine Warrior.
 71484 | Crypt:3  | 71484 ||| INVOKING Cleansing Flame.
 71485 | Crypt:3  | 71485 ||| INVOKING Cleansing Flame.
 71486 | Crypt:3  | 71486 ||| INVOKING Cleansing Flame.
 71703 | Crypt:3  | Reached skill level 24 in Armour
 71727 | Crypt:3  | 71727 ||| Stepping ~*~*~tactically~*~*~ (stealth).
 71754 | Crypt:3  | Noticed an ancient lich
 71755 | Crypt:3  | 71755 ||| INVOKING Summon Divine Warrior.
 71765 | Crypt:3  | Killed an ancient lich
 71869 | Crypt:3  | Found the +7 mace of Variability {chaos, chaos arc}
 71933 | Crypt:3  | Was forgiven by Okawaru
 72032 | Crypt:3  | 72032 ||| PLANNING TOMB
 72082 | Tomb:1   | Entered Level 1 of the Tomb of the Ancients
 72286 | Tomb:1   | 72286 ||| Stepping ~*~*~tactically~*~*~ (stealth).
 72295 | Tomb:1   | 72295 ||| Stepping ~*~*~tactically~*~*~ (stealth).
 72300 | Tomb:1   | 72300 ||| Stepping ~*~*~tactically~*~*~ (hiding).
 72317 | Tomb:1   | 72317 ||| Stepping ~*~*~tactically~*~*~ (stealth).
 72382 | Tomb:1   | 72382 ||| FLEEEEING.
 72386 | Tomb:1   | Noticed a royal mummy
 72387 | Tomb:1   | 72387 ||| INVOKING Summon Divine Warrior.
 72391 | Tomb:1   | 72391 ||| INVOKING Cleansing Flame.
 72392 | Tomb:1   | 72392 ||| INVOKING Cleansing Flame.
 72393 | Tomb:1   | 72393 ||| INVOKING Cleansing Flame.
 72396 | Tomb:1   | Killed a royal mummy
 72409 | Tomb:1   | Noticed a royal mummy
 72410 | Tomb:1   | 72410 ||| INVOKING Summon Divine Warrior.
 72422 | Tomb:1   | Killed a royal mummy
 72582 | Tomb:1   | 72582 ||| Stepping ~*~*~tactically~*~*~ (stealth).
 72827 | Tomb:1   | 72827 ||| Stepping ~*~*~tactically~*~*~ (stealth).
 72881 | Tomb:1   | 72881 ||| Stepping ~*~*~tactically~*~*~ (stealth).
 72883 | Tomb:1   | 72883 ||| Stepping ~*~*~tactically~*~*~ (stealth).
 72922 | Tomb:1   | 72922 ||| INVOKING Cleansing Flame.
 72926 | Tomb:1   | 72926 ||| Stepping ~*~*~tactically~*~*~ (hiding).
 72931 | Tomb:1   | 72931 ||| INVOKING Cleansing Flame.
 72932 | Tomb:1   | 72932 ||| INVOKING Cleansing Flame.
 72946 | Tomb:1   | 72946 ||| FLEEEEING.
 73071 | Tomb:1   | 73071 ||| Stepping ~*~*~tactically~*~*~ (stealth).
 73072 | Tomb:1   | 73072 ||| Stepping ~*~*~tactically~*~*~ (stealth).
 73086 | Tomb:1   | Noticed a royal mummy
 73087 | Tomb:1   | 73087 ||| INVOKING Summon Divine Warrior.
 73093 | Tomb:1   | 73093 ||| INVOKING Cleansing Flame.
 73094 | Tomb:1   | 73094 ||| INVOKING Cleansing Flame.
 73095 | Tomb:1   | 73095 ||| INVOKING Cleansing Flame.
 73095 | Tomb:1   | Killed a royal mummy
 73104 | Tomb:1   | 73104 ||| INVOKING Cleansing Flame.
 73105 | Tomb:1   | 73105 ||| INVOKING Cleansing Flame.
 73664 | Tomb:2   | 73664 ||| DRINKING 5 potions of haste.
 73665 | Tomb:2   | 73665 ||| DRINKING 8 potions of attraction.
 73672 | Tomb:2   | 73672 ||| INVOKING Cleansing Flame.
 73672 | Tomb:2   | Noticed a royal mummy
 73672 | Tomb:2   | Noticed a royal mummy
 73673 | Tomb:2   | 73673 ||| INVOKING Summon Divine Warrior.
 73674 | Tomb:2   | 73674 ||| SWAPPING to +3 war axe of holy wrath.
 73675 | Tomb:2   | Noticed a royal mummy
 73675 | Tomb:2   | Noticed a royal mummy
 73677 | Tomb:2   | Noticed a royal mummy
 73682 | Tomb:2   | 73682 ||| INVOKING Cleansing Flame.
 73682 | Tomb:2   | Killed a royal mummy
 73684 | Tomb:2   | 73684 ||| INVOKING Cleansing Flame.
 73684 | Tomb:2   | Killed a royal mummy
 73689 | Tomb:2   | Killed a royal mummy
 73693 | Tomb:2   | 73693 ||| INVOKING Cleansing Flame.
 73695 | Tomb:2   | Killed a royal mummy
 73696 | Tomb:2   | 73696 ||| INVOKING Cleansing Flame.
 73696 | Tomb:2   | HP: 45/199 [something (12)]
 73697 | Tomb:2   | 73697 ||| READING 6 scrolls of teleportation.
 73698 | Tomb:2   | 73698 ||| DRINKING 8 potions of heal wounds.
 73699 | Tomb:2   | 73699 ||| INVOKING Cleansing Flame.
 73699 | Tomb:2   | Killed a royal mummy
 73700 | Tomb:2   | 73700 ||| SWAPPING to +7 broad axe "Qaatutz" {flame, rElec
                  | Will++ Dex-5 Stlth+}.
 73745 | Tomb:2   | 73745 ||| INVOKING Cleansing Flame.
 73745 | Tomb:2   | HP: 41/199 [something (21)]
 73749 | Tomb:2   | 73749 ||| DRINKING 7 potions of heal wounds.
 73753 | Tomb:2   | 73753 ||| Stepping ~*~*~tactically~*~*~ (hiding).
 73764 | Tomb:2   | 73764 ||| INVOKING Summon Divine Warrior.
 74156 | Tomb:2   | Identified the +2 chain mail of Nemelex Xobeh, Leaping
                  | {Will+}
 74300 | Tomb:1   | Noticed a royal mummy
 74301 | Tomb:1   | 74301 ||| INVOKING Cleansing Flame.
 74301 | Tomb:1   | Noticed a royal mummy
 74301 | Tomb:1   | Noticed a royal mummy
 74302 | Tomb:1   | 74302 ||| INVOKING Cleansing Flame.
 74303 | Tomb:1   | 74303 ||| INVOKING Summon Divine Warrior.
 74303 | Tomb:1   | Noticed a royal mummy
 74304 | Tomb:1   | Noticed a royal mummy
 74305 | Tomb:1   | Killed a royal mummy
 74308 | Tomb:1   | 74308 ||| INVOKING Cleansing Flame.
 74309 | Tomb:1   | 74309 ||| INVOKING Cleansing Flame.
 74309 | Tomb:1   | Killed a royal mummy
 74310 | Tomb:1   | 74310 ||| INVOKING Cleansing Flame.
 74311 | Tomb:1   | 74311 ||| INVOKING Cleansing Flame.
 74311 | Tomb:1   | Killed a royal mummy
 74312 | Tomb:1   | 74312 ||| SWAPPING to +3 war axe of holy wrath.
 74314 | Tomb:1   | Noticed a royal mummy
 74320 | Tomb:1   | 74320 ||| DRINKING 8 potions of magic.
 74321 | Tomb:1   | 74321 ||| INVOKING Summon Divine Warrior.
 74324 | Tomb:1   | Noticed a royal mummy
 74332 | Tomb:1   | 74332 ||| INVOKING Cleansing Flame.
 74332 | Tomb:1   | Noticed a royal mummy
 74332 | Tomb:1   | Noticed a royal mummy
 74333 | Tomb:1   | 74333 ||| INVOKING Cleansing Flame.
 74334 | Tomb:1   | 74334 ||| INVOKING Cleansing Flame.
 74335 | Tomb:1   | 74335 ||| INVOKING Cleansing Flame.
 74336 | Tomb:1   | 74336 ||| INVOKING Cleansing Flame.
 74337 | Tomb:1   | 74337 ||| DRINKING 7 potions of magic.
 74338 | Tomb:1   | 74338 ||| INVOKING Cleansing Flame.
 74339 | Tomb:1   | 74339 ||| INVOKING Cleansing Flame.
 74339 | Tomb:1   | Killed a royal mummy
 74340 | Tomb:1   | 74340 ||| INVOKING Cleansing Flame.
 74341 | Tomb:1   | 74341 ||| INVOKING Cleansing Flame.
 74341 | Tomb:1   | Killed a royal mummy
 74341 | Tomb:1   | HP: 47/199 [royal mummy/divine providence (10)]
 74342 | Tomb:1   | 74342 ||| READING 5 scrolls of teleportation.
 74343 | Tomb:1   | 74343 ||| DRINKING 8 potions of heal wounds.
 74344 | Tomb:1   | 74344 ||| INVOKING Cleansing Flame.
 74344 | Tomb:1   | Killed a royal mummy
 74570 | Tomb:1   | 74570 ||| READING 8 scrolls of enchant weapon.
 74570 | Tomb:1   | 74570 ||| ENCHANTING +3 war axe of holy wrath.
 74571 | Tomb:1   | 74571 ||| READING 7 scrolls of enchant weapon.
 74571 | Tomb:1   | 74571 ||| ENCHANTING +4 war axe of holy wrath.
 74572 | Tomb:1   | 74572 ||| READING 6 scrolls of enchant weapon.
 74572 | Tomb:1   | 74572 ||| ENCHANTING +5 war axe of holy wrath.
 74573 | Tomb:1   | 74573 ||| READING 5 scrolls of enchant weapon.
 74573 | Tomb:1   | 74573 ||| ENCHANTING +6 war axe of holy wrath.
 74574 | Tomb:1   | 74574 ||| READING 4 scrolls of enchant weapon.
 74574 | Tomb:1   | 74574 ||| ENCHANTING +7 war axe of holy wrath.
 74575 | Tomb:1   | 74575 ||| READING 3 scrolls of enchant weapon.
 74575 | Tomb:1   | 74575 ||| ENCHANTING +8 war axe of holy wrath.
 74576 | Tomb:1   | 74576 ||| UPGRADING to +2 cloak.
 74586 | Tomb:1   | 74586 ||| DROPPING +2 ratskin cloak {*Rats rPois rN+ Str-1
                  | Int-1 Dex+1}.
 74687 | Tomb:1   | 74687 ||| INVOKING Cleansing Flame.
 74688 | Tomb:1   | 74688 ||| INVOKING Summon Divine Warrior.
 74688 | Tomb:1   | Noticed a royal mummy
 74692 | Tomb:1   | Killed a royal mummy
 74693 | Tomb:1   | 74693 ||| INVOKING Cleansing Flame.
 74693 | Tomb:1   | Noticed a royal mummy
 74698 | Tomb:1   | Killed a royal mummy
 74703 | Tomb:1   | Killed a royal mummy
 74708 | Tomb:1   | Killed a royal mummy
 74710 | Tomb:1   | 74710 ||| INVOKING Cleansing Flame.
 74714 | Tomb:1   | Killed a royal mummy
 74715 | Tomb:1   | Reached skill level 18 in Invocations
 75020 | Tomb:1   | Noticed a royal mummy
 75021 | Tomb:1   | 75021 ||| INVOKING Summon Divine Warrior.
 75023 | Tomb:1   | 75023 ||| INVOKING Summon Divine Warrior.
 75030 | Tomb:1   | Noticed a royal mummy
 75031 | Tomb:1   | Killed a royal mummy
 75042 | Tomb:1   | Killed a royal mummy
 75209 | Tomb:1   | Noticed a royal mummy
 75211 | Tomb:1   | Noticed Boris
 75213 | Tomb:1   | Noticed a royal mummy
 75214 | Tomb:1   | 75214 ||| INVOKING Cleansing Flame.
 75214 | Tomb:1   | Noticed a royal mummy
 75215 | Tomb:1   | 75215 ||| INVOKING Cleansing Flame.
 75216 | Tomb:1   | 75216 ||| INVOKING Cleansing Flame.
 75217 | Tomb:1   | 75217 ||| INVOKING Cleansing Flame.
 75218 | Tomb:1   | 75218 ||| INVOKING Cleansing Flame.
 75218 | Tomb:1   | Killed Boris
 75224 | Tomb:1   | 75224 ||| INVOKING Summon Divine Warrior.
 75232 | Tomb:1   | 75232 ||| INVOKING Summon Divine Warrior.
 75237 | Tomb:1   | 75237 ||| DRINKING 6 potions of magic.
 75238 | Tomb:1   | 75238 ||| INVOKING Cleansing Flame.
 75239 | Tomb:1   | 75239 ||| INVOKING Cleansing Flame.
 75240 | Tomb:1   | 75240 ||| INVOKING Cleansing Flame.
 75241 | Tomb:1   | 75241 ||| INVOKING Cleansing Flame.
 75241 | Tomb:1   | Killed a royal mummy
 75244 | Tomb:1   | Killed a royal mummy
 75255 | Tomb:1   | HP: 45/199 [royal mummy/divine providence (11)]
 75256 | Tomb:1   | 75256 ||| READING 4 scrolls of teleportation.
 75740 | Tomb:1   | 75740 ||| Stepping ~*~*~tactically~*~*~ (hiding).
 75742 | Tomb:1   | 75742 ||| INVOKING Summon Divine Warrior.
 75745 | Tomb:1   | Killed a royal mummy
 76666 | Tomb:1   | 76666 ||| PLANNING TOMB
 76766 | Tomb:1   | 76766 ||| PLANNING TOMB
 76768 | Tomb:2   | 76768 ||| PLANNING TOMB
 76780 | Tomb:2   | 76780 ||| INVOKING Cleansing Flame.
 76781 | Tomb:2   | 76781 ||| INVOKING Cleansing Flame.
 76795 | Tomb:2   | 76795 ||| INVOKING Summon Divine Warrior.
 76925 | Tomb:2   | 76925 ||| PLANNING TOMB
 76928 | Tomb:2   | Gained mutation: You are clumsy. (Dex -2) [mutagenic glow]
 77047 | Tomb:2   | 77047 ||| PLANNING TOMB
 77048 | Tomb:3   | Entered Level 3 of the Tomb of the Ancients
 77049 | Tomb:3   | 77049 ||| DRINKING 4 potions of haste.
 77050 | Tomb:3   | 77050 ||| DRINKING 7 potions of attraction.
 77090 | Tomb:3   | 77090 ||| INVOKING Cleansing Flame.
 77094 | Tomb:3   | Noticed Boris
 77095 | Tomb:3   | 77095 ||| INVOKING Cleansing Flame.
 77095 | Tomb:3   | Noticed a royal mummy
 77096 | Tomb:3   | 77096 ||| INVOKING Cleansing Flame.
 77096 | Tomb:3   | Noticed a royal mummy
 77097 | Tomb:3   | 77097 ||| INVOKING Cleansing Flame.
 77097 | Tomb:3   | Noticed a royal mummy
 77098 | Tomb:3   | 77098 ||| INVOKING Summon Divine Warrior.
 77099 | Tomb:3   | Noticed a royal mummy
 77099 | Tomb:3   | Noticed a royal mummy
 77100 | Tomb:3   | Noticed a royal mummy
 77101 | Tomb:3   | Noticed a royal mummy
 77102 | Tomb:3   | 77102 ||| INVOKING Cleansing Flame.
 77104 | Tomb:3   | Noticed a royal mummy
 77105 | Tomb:3   | 77105 ||| INVOKING Cleansing Flame.
 77106 | Tomb:3   | 77106 ||| INVOKING Cleansing Flame.
 77107 | Tomb:3   | 77107 ||| INVOKING Cleansing Flame.
 77107 | Tomb:3   | Killed a royal mummy
 77107 | Tomb:3   | Noticed a royal mummy
 77108 | Tomb:3   | Killed a royal mummy
 77108 | Tomb:3   | HP: 38/199 [something (17)]
 77109 | Tomb:3   | Reached skill level 27 in Armour
 77109 | Tomb:3   | 77109 ||| READING 3 scrolls of teleportation.
 77110 | Tomb:3   | 77110 ||| DRINKING 7 potions of heal wounds.
 77111 | Tomb:3   | 77111 ||| DRINKING 6 potions of heal wounds.
 77112 | Tomb:3   | 77112 ||| INVOKING Summon Divine Warrior.
 77116 | Tomb:3   | HP: 43/199 [royal mummy/divine providence (11)]
 77117 | Tomb:3   | 77117 ||| READING 2 scrolls of teleportation.
 77118 | Tomb:3   | 77118 ||| DRINKING 5 potions of heal wounds.
 77120 | Tomb:3   | 77120 ||| INVOKING Summon Divine Warrior.
 77121 | Tomb:3   | HP: 38/199 [royal mummy/divine providence (16)]
 77122 | Tomb:3   | 77122 ||| READING scroll of teleportation.
 77123 | Tomb:3   | 77123 ||| DRINKING 4 potions of heal wounds.
 77124 | Tomb:3   | 77124 ||| DRINKING 3 potions of heal wounds.
 77127 | Tomb:3   | 77127 ||| INVOKING Summon Divine Warrior.
 77138 | Tomb:3   | 77138 ||| INVOKING Cleansing Flame.
 77139 | Tomb:3   | 77139 ||| DRINKING 5 potions of magic.
 77140 | Tomb:3   | 77140 ||| INVOKING Cleansing Flame.
 77140 | Tomb:3   | Killed a royal mummy
 77141 | Tomb:3   | 77141 ||| INVOKING Cleansing Flame.
 77142 | Tomb:3   | 77142 ||| INVOKING Cleansing Flame.
 77142 | Tomb:3   | HP: 45/199 [??? (8)]
 77143 | Tomb:3   | 77143 ||| DRINKING 2 potions of heal wounds.
 77144 | Tomb:3   | 77144 ||| INVOKING Cleansing Flame.
 77144 | Tomb:3   | Killed a royal mummy
 77146 | Tomb:3   | 77146 ||| INVOKING Cleansing Flame.
 77153 | Tomb:3   | 77153 ||| INVOKING Cleansing Flame.
 77153 | Tomb:3   | HP: 45/199 [royal mummy/divine providence (14)]
 77154 | Tomb:3   | 77154 ||| DRINKING potion of heal wounds.
 77156 | Tomb:3   | Killed a royal mummy
 77157 | Tomb:3   | Killed Boris
 77160 | Tomb:3   | HP: 48/199 [mummy priest/divine providence (15)]
 77163 | Tomb:3   | Killed a royal mummy
 77167 | Tomb:3   | 77167 ||| INVOKING Cleansing Flame.
 77168 | Tomb:3   | 77168 ||| INVOKING Cleansing Flame.
 77173 | Tomb:3   | HP: 48/199 [??? (9)]
 77181 | Tomb:3   | 77181 ||| INVOKING Cleansing Flame.
 77183 | Tomb:3   | Killed a royal mummy
 77183 | Tomb:3   | Lost dexterity.
 77187 | Tomb:3   | 77187 ||| INVOKING Cleansing Flame.
 77195 | Tomb:3   | 77195 ||| INVOKING Cleansing Flame.
 77196 | Tomb:3   | 77196 ||| INVOKING Cleansing Flame.
 77196 | Tomb:3   | Killed a royal mummy
 77198 | Tomb:3   | 77198 ||| INVOKING Cleansing Flame.
 77198 | Tomb:3   | Killed a royal mummy
 77411 | Tomb:3   | Identified the +7 short sword of an ossuary {flame, rF+
                  | Int+2 Dex+4}
 77449 | Tomb:3   | Identified the +5 pair of boots of Ydeeqyes {rN++}
 77546 | Tomb:3   | Identified the staff of air "Luaqil" {rElec rC+ Str-3 Int+7
                  | Stlth+}
 77625 | Tomb:3   | Identified the +5 ring mail of Immorality {rElec rN+ Str-2}
 77653 | Tomb:3   | Identified the staff of conjuration "Ricyuj" {Will++ Int+2}
 77660 | Tomb:3   | Identified the staff of poison "Hott" {rPois rCorr Int+3
                  | Dex+4}
 77662 | Tomb:3   | Identified the staff of fire "Operar" {rF+ Will+ SInv}
 77667 | Tomb:3   | Identified the +2 scale mail of Negation {Str+6 Int+2}
 77730 | Tomb:3   | Got a golden rune of Zot
 77788 | Tomb:3   | 77788 ||| PLANNING PAN
 77788 | Tomb:3   | 77788 ||| UPGRADING to +5 pair of boots of Ydeeqyes {rN++}.
 77798 | Tomb:3   | 77798 ||| DROPPING +0 pair of gloves of hurling.
 77799 | Tomb:3   | 77799 ||| DROPPING +3 pair of seven-league boots
                  | {Rampage+∞}.
 77800 | Tomb:3   | 77800 ||| DROPPING +0 cloak of willpower.
 77801 | Tomb:3   | 77801 ||| DROPPING +1 hat.
 78221 | Pan      | Entered Pandemonium
 78281 | Pan      | 78281 ||| Stepping ~*~*~tactically~*~*~ (hiding).
 78348 | Pan      | 78348 ||| Stepping ~*~*~tactically~*~*~ (hiding).
 78351 | Pan      | 78351 ||| Stepping ~*~*~tactically~*~*~ (hiding).
 78353 | Pan      | 78353 ||| Stepping ~*~*~tactically~*~*~ (hiding).
 78427 | Pan      | 78427 ||| INVOKING Cleansing Flame.
 78501 | Pan      | 78501 ||| Stepping ~*~*~tactically~*~*~ (hiding).
 78502 | Pan      | 78502 ||| Stepping ~*~*~tactically~*~*~ (hiding).
 78625 | Pan      | 78625 ||| Stepping ~*~*~tactically~*~*~ (stealth).
 78626 | Pan      | 78626 ||| Stepping ~*~*~tactically~*~*~ (stealth).
 78628 | Pan      | 78628 ||| Stepping ~*~*~tactically~*~*~ (hiding).
 78707 | Pan      | 78707 ||| Stepping ~*~*~tactically~*~*~ (hiding).
 78842 | Pan      | 78842 ||| Stepping ~*~*~tactically~*~*~ (stealth).
 78846 | Pan      | 78846 ||| Stepping ~*~*~tactically~*~*~ (stealth).
 78924 | Pan      | 78924 ||| Stepping ~*~*~tactically~*~*~ (stealth).
 78926 | Pan      | 78926 ||| Stepping ~*~*~tactically~*~*~ (hiding).
 78956 | Pan      | 78956 ||| Stepping ~*~*~tactically~*~*~ (stealth).
 78974 | Pan      | 78974 ||| Stepping ~*~*~tactically~*~*~ (hiding).
 78983 | Pan      | 78983 ||| Stepping ~*~*~tactically~*~*~ (stealth).
 78985 | Pan      | 78985 ||| Stepping ~*~*~tactically~*~*~ (hiding).
 78991 | Pan      | 78991 ||| INVOKING Summon Divine Warrior.
 79021 | Pan      | Noticed Wuyvocw the pandemonium lord
 79027 | Pan      | 79027 ||| DRINKING 33 potions of curing.
 79027 | Pan      | 79027 ||| (to cure confusion)
 79029 | Pan      | 79029 ||| INVOKING Cleansing Flame.
 79030 | Pan      | 79030 ||| DRINKING 32 potions of curing.
 79030 | Pan      | 79030 ||| (to cure confusion)
 79031 | Pan      | 79031 ||| INVOKING Cleansing Flame.
 79032 | Pan      | 79032 ||| INVOKING Cleansing Flame.
 79033 | Pan      | 79033 ||| INVOKING Summon Divine Warrior.
 79035 | Pan      | Killed Wuyvocw the pandemonium lord
 79088 | Pan      | 79088 ||| INVOKING Cleansing Flame.
 79089 | Pan      | 79089 ||| INVOKING Cleansing Flame.
 79094 | Pan      | 79094 ||| INVOKING Cleansing Flame.
 79095 | Pan      | 79095 ||| INVOKING Cleansing Flame.
 79229 | Pan      | 79229 ||| INVOKING Cleansing Flame.
 79230 | Pan      | 79230 ||| INVOKING Cleansing Flame.
 79231 | Pan      | 79231 ||| INVOKING Cleansing Flame.
 79404 | Pan      | 79404 ||| READING scroll of acquirement.
 79404 | Pan      | 79404 ||| ACQUIRING 655 gold pieces
 79404 | Pan      | Acquired 655 gold pieces
 79486 | Pan      | 79486 ||| INVOKING Cleansing Flame.
 79800 | Pan      | 79800 ||| INVOKING Cleansing Flame.
 79801 | Pan      | 79801 ||| INVOKING Cleansing Flame.
 79802 | Pan      | 79802 ||| INVOKING Cleansing Flame.
 79803 | Pan      | 79803 ||| INVOKING Cleansing Flame.
 79814 | Pan      | 79814 ||| INVOKING Cleansing Flame.
 79815 | Pan      | 79815 ||| INVOKING Cleansing Flame.
 80081 | Pan      | 80081 ||| UPGRADING to +2 tower shield of cold resistance.
 80091 | Pan      | 80091 ||| DROPPING +2 plate armour of poison resistance.
 80187 | Pan      | Noticed Duyvy the pandemonium lord
 80241 | Pan      | 80241 ||| INVOKING Summon Divine Warrior.
 80244 | Pan      | 80244 ||| INVOKING Cleansing Flame.
 80245 | Pan      | 80245 ||| INVOKING Cleansing Flame.
 80246 | Pan      | 80246 ||| INVOKING Cleansing Flame.
 80247 | Pan      | 80247 ||| INVOKING Cleansing Flame.
 80285 | Pan      | Found an exit through the horrors of the Abyss.
 80439 | Pan      | Reached skill level 21 in Invocations
 80719 | Pan      | 80719 ||| Stepping ~*~*~tactically~*~*~ (stealth).
 80721 | Pan      | 80721 ||| Stepping ~*~*~tactically~*~*~ (hiding).
 80722 | Pan      | 80722 ||| Stepping ~*~*~tactically~*~*~ (hiding).
 80725 | Pan      | 80725 ||| INVOKING Summon Divine Warrior.
 80726 | Pan      | 80726 ||| INVOKING Cleansing Flame.
 80821 | Pan      | 80821 ||| Stepping ~*~*~tactically~*~*~ (stealth).
 80823 | Pan      | 80823 ||| INVOKING Summon Divine Warrior.
 80825 | Pan      | 80825 ||| INVOKING Cleansing Flame.
 80826 | Pan      | 80826 ||| INVOKING Cleansing Flame.
 80827 | Pan      | 80827 ||| INVOKING Cleansing Flame.
 80828 | Pan      | 80828 ||| INVOKING Cleansing Flame.
 80829 | Pan      | 80829 ||| INVOKING Cleansing Flame.
 80829 | Pan      | Killed Duyvy the pandemonium lord
 80963 | Pan      | 80963 ||| INVOKING Cleansing Flame.
 80964 | Pan      | 80964 ||| INVOKING Cleansing Flame.
 80965 | Pan      | 80965 ||| INVOKING Cleansing Flame.
 81040 | Pan      | 81040 ||| INVOKING Summon Divine Warrior.
 81043 | Pan      | 81043 ||| INVOKING Cleansing Flame.
 81118 | Pan      | 81118 ||| Stepping ~*~*~tactically~*~*~ (hiding).
 81120 | Pan      | 81120 ||| Stepping ~*~*~tactically~*~*~ (hiding).
 81121 | Pan      | 81121 ||| Stepping ~*~*~tactically~*~*~ (hiding).
 81122 | Pan      | 81122 ||| Stepping ~*~*~tactically~*~*~ (hiding).
 81123 | Pan      | 81123 ||| Stepping ~*~*~tactically~*~*~ (hiding).
 81124 | Pan      | 81124 ||| Stepping ~*~*~tactically~*~*~ (hiding).
 81126 | Pan      | 81126 ||| Stepping ~*~*~tactically~*~*~ (hiding).
 81127 | Pan      | 81127 ||| Stepping ~*~*~tactically~*~*~ (hiding).
 81194 | Pan      | 81194 ||| Stepping ~*~*~tactically~*~*~ (stealth).
 81216 | Pan      | 81216 ||| Stepping ~*~*~tactically~*~*~ (stealth).
 81217 | Pan      | 81217 ||| Stepping ~*~*~tactically~*~*~ (stealth).
 81326 | Pan      | 81326 ||| Stepping ~*~*~tactically~*~*~ (hiding).
 81421 | Pan      | Identified the +4 battleaxe "Ciorun" {speed, Drain rF+
                  | Str+9 Int+2}
 81535 | Pan      | 81535 ||| Stepping ~*~*~tactically~*~*~ (hiding).
 81560 | Pan      | 81560 ||| INVOKING Summon Divine Warrior.
 81570 | Pan      | 81570 ||| INVOKING Cleansing Flame.
 81571 | Pan      | 81571 ||| INVOKING Cleansing Flame.
 81604 | Pan      | Identified the +5 mace of the Bequeathed God {freeze, rCorr
                  | Str+3}
 81614 | Pan      | Identified the +9 great mace of Zojy {drain, *Noise +Blink
                  | rC+}
 81624 | Pan      | Identified the +10 great sword of Hacking and Slashing
                  | {flame, Contam rC++ Str+2 Int+2}
 81814 | Depths:1 | Escaped Pandemonium
 81816 | Pan      | Entered Pandemonium
 81862 | Pan      | Found Urhihesk's Exquisite Manuscripts.
 81863 | Pan      | 81863 ||| Stepping ~*~*~tactically~*~*~ (hiding).
 81864 | Pan      | 81864 ||| Stepping ~*~*~tactically~*~*~ (hiding).
 81875 | Pan      | 81875 ||| INVOKING Cleansing Flame.
 81879 | Pan      | 81879 ||| INVOKING Cleansing Flame.
 81890 | Pan      | Found an opulent altar of Gozag.
 81890 | Pan      | Noticed a dread lich
 81891 | Pan      | 81891 ||| INVOKING Summon Divine Warrior.
 81897 | Pan      | 81897 ||| INVOKING Cleansing Flame.
 81898 | Pan      | 81898 ||| INVOKING Cleansing Flame.
 81898 | Pan      | Killed a dread lich
 81904 | Pan      | Found an opulent altar of Gozag.
 81916 | Pan      | Found Urhihesk's Assorted Sundries.
 81918 | Pan      | 81918 ||| INVOKING Cleansing Flame.
 81948 | Pan      | Found an opulent altar of Gozag.
 81949 | Pan      | Noticed Urhihesk the pandemonium lord
 81950 | Pan      | 81950 ||| BUYING potion of lignification (51 gold).
 81950 | Pan      | Bought a potion of lignification for 51 gold pieces
 81950 | Pan      | 81950 ||| BUYING scroll of acquirement (884 gold).
 81950 | Pan      | Bought a scroll of acquirement for 884 gold pieces
 81950 | Pan      | 81950 ||| BUYING scroll of teleportation (51 gold).
 81950 | Pan      | Bought a scroll of teleportation for 51 gold pieces
 81951 | Pan      | 81951 ||| INVOKING Cleansing Flame.
 81952 | Pan      | 81952 ||| INVOKING Cleansing Flame.
 81953 | Pan      | 81953 ||| INVOKING Cleansing Flame.
 81954 | Pan      | 81954 ||| INVOKING Cleansing Flame.
 81955 | Pan      | 81955 ||| INVOKING Cleansing Flame.
 81956 | Pan      | Killed Urhihesk the pandemonium lord
 81959 | Pan      | 81959 ||| INVOKING Cleansing Flame.
 81961 | Pan      | 81961 ||| INVOKING Cleansing Flame.
 81962 | Pan      | 81962 ||| READING scroll of acquirement.
 81962 | Pan      | 81962 ||| ACQUIRING ring "Keps" {Drain Will+ rCorr Str+7}
 81962 | Pan      | Acquired the ring "Keps" {Drain Will+ rCorr Str+7}
 81969 | Pan      | Found Urhihesk's Demonic Rune Trove.
 81970 | Pan      | 81970 ||| INVOKING Cleansing Flame.
 81971 | Pan      | 81971 ||| INVOKING Cleansing Flame.
 82105 | Pan      | 82105 ||| SHOPLISTING demonic rune of Zot (5880 gold, have
                  | 5366).
 82127 | Pan      | 82127 ||| BUYING 2 scrolls of enchant weapon (315 gold).
 82127 | Pan      | Bought 2 scrolls of enchant weapon for 315 gold pieces
 82127 | Pan      | 82127 ||| BUYING scroll of enchant armour (157 gold).
 82127 | Pan      | Bought a scroll of enchant armour for 157 gold pieces
 82127 | Pan      | 82127 ||| READING scroll of enchant armour.
 82127 | Pan      | 82127 ||| ENCHANTING +2 gold dragon scales.
 82140 | Pan      | 82140 ||| INVOKING Cleansing Flame.
 82141 | Pan      | 82141 ||| INVOKING Cleansing Flame.
 82196 | Pan      | Found Urhihesk's Fine Accessories.
 82440 | Pan      | 82440 ||| READING scroll of enchant armour.
 82440 | Pan      | 82440 ||| ENCHANTING +3 gold dragon scales.
 82721 | Pan      | 82721 ||| Stepping ~*~*~tactically~*~*~ (hiding).
 82758 | Pan      | Reached skill level 24 in Shields
 82795 | Pan      | 82795 ||| DROPPING +3 plate armour of willpower.
 82796 | Pan      | 82796 ||| UPGRADING to ring "Keps" {Drain Will+ rCorr
                  | Str+7}.
 82863 | Pan      | Gained mutation: You are dopey. (Int -2) [a neqoxec]
 82872 | Pan      | 82872 ||| Stepping ~*~*~tactically~*~*~ (stealth).
 82882 | Pan      | 82882 ||| READING scroll of enchant armour.
 82882 | Pan      | 82882 ||| ENCHANTING +4 gold dragon scales.
 83039 | Pan      | Found an exit through the horrors of the Abyss.
 83064 | Pan      | Found a runed translucent door.
 83193 | Pan      | 83193 ||| INVOKING Cleansing Flame.
 83203 | Pan      | 83203 ||| Stepping ~*~*~tactically~*~*~ (cloud).
 83234 | Pan      | Identified the staff of fire "Siugiori" {Fly rF+ Int-3
                  | Dex+2 Stlth+}
 83341 | Pan      | 83341 ||| Stepping ~*~*~tactically~*~*~ (hiding).
 83352 | Pan      | 83352 ||| Stepping ~*~*~tactically~*~*~ (stealth).
 83437 | Pan      | 83437 ||| Stepping ~*~*~tactically~*~*~ (hiding).
 83438 | Pan      | 83438 ||| INVOKING Cleansing Flame.
 83439 | Pan      | 83439 ||| INVOKING Summon Divine Warrior.
 83444 | Pan      | Noticed Suhux the pandemonium lord
 83445 | Pan      | 83445 ||| DRINKING 3 potions of resistance.
 83452 | Pan      | 83452 ||| INVOKING Cleansing Flame.
 83453 | Pan      | 83453 ||| INVOKING Summon Divine Warrior.
 83455 | Pan      | Killed Suhux the pandemonium lord
 83457 | Pan      | 83457 ||| INVOKING Summon Divine Warrior.
 83702 | Pan      | 83702 ||| Stepping ~*~*~tactically~*~*~ (hiding).
 83715 | Pan      | 83715 ||| Stepping ~*~*~tactically~*~*~ (stealth).
 83723 | Pan      | 83723 ||| Stepping ~*~*~tactically~*~*~ (stealth).
 83799 | Pan      | 83799 ||| Stepping ~*~*~tactically~*~*~ (stealth).
 83839 | Pan      | Identified the +0 robe of Mysticism {Int+4}
 83881 | Pan      | 83881 ||| Stepping ~*~*~tactically~*~*~ (hiding).
 83883 | Pan      | 83883 ||| Stepping ~*~*~tactically~*~*~ (hiding).
 83888 | Pan      | 83888 ||| Stepping ~*~*~tactically~*~*~ (stealth).
 83893 | Pan      | 83893 ||| Stepping ~*~*~tactically~*~*~ (stealth).
 83916 | Pan      | 83916 ||| Stepping ~*~*~tactically~*~*~ (hiding).
 83994 | Pan      | 83994 ||| Stepping ~*~*~tactically~*~*~ (stealth).
 83998 | Pan      | 83998 ||| Stepping ~*~*~tactically~*~*~ (stealth).
 84000 | Pan      | 84000 ||| Stepping ~*~*~tactically~*~*~ (hiding).
 84002 | Pan      | 84002 ||| Stepping ~*~*~tactically~*~*~ (hiding).
 84060 | Pan      | 84060 ||| Stepping ~*~*~tactically~*~*~ (stealth).
 84067 | Pan      | 84067 ||| Stepping ~*~*~tactically~*~*~ (hiding).
 84076 | Pan      | Reached skill level 24 in Invocations
 84087 | Pan      | 84087 ||| Stepping ~*~*~tactically~*~*~ (hiding).
 84089 | Pan      | 84089 ||| Stepping ~*~*~tactically~*~*~ (hiding).
 84096 | Pan      | 84096 ||| Stepping ~*~*~tactically~*~*~ (hiding).
 84097 | Pan      | 84097 ||| Stepping ~*~*~tactically~*~*~ (hiding).
 84182 | Pan      | 84182 ||| Stepping ~*~*~tactically~*~*~ (stealth).
 84183 | Pan      | 84183 ||| Stepping ~*~*~tactically~*~*~ (stealth).
 84233 | Pan      | 84233 ||| Stepping ~*~*~tactically~*~*~ (stealth).
 84297 | Pan      | Noticed Nezixiaxisk the pandemonium lord
 84298 | Pan      | 84298 ||| Stepping ~*~*~tactically~*~*~ (stealth).
 84301 | Pan      | 84301 ||| Stepping ~*~*~tactically~*~*~ (hiding).
 84302 | Pan      | 84302 ||| Stepping ~*~*~tactically~*~*~ (hiding).
 84304 | Pan      | 84304 ||| INVOKING Summon Divine Warrior.
 84306 | Pan      | 84306 ||| INVOKING Cleansing Flame.
 84316 | Pan      | Killed Nezixiaxisk the pandemonium lord
 84317 | Pan      | 84317 ||| Stepping ~*~*~tactically~*~*~ (cloud).
 84405 | Pan      | 84405 ||| DRINKING 2 potions of resistance.
 84406 | Pan      | 84406 ||| INVOKING Summon Divine Warrior.
 84412 | Pan      | 84412 ||| INVOKING Summon Divine Warrior.
 84614 | Pan      | 84614 ||| UPGRADING to +1 tower shield of protection.
 84624 | Pan      | 84624 ||| DROPPING +0 tower shield of protection.
 84680 | Pan      | 84680 ||| Stepping ~*~*~tactically~*~*~ (stealth).
 84682 | Pan      | 84682 ||| Stepping ~*~*~tactically~*~*~ (hiding).
 84683 | Pan      | 84683 ||| Stepping ~*~*~tactically~*~*~ (hiding).
 84684 | Pan      | 84684 ||| Stepping ~*~*~tactically~*~*~ (hiding).
 84896 | Pan      | 84896 ||| Stepping ~*~*~tactically~*~*~ (hiding).
 84967 | Pan      | Noticed Pohiabeugu the pandemonium lord
 84968 | Pan      | 84968 ||| INVOKING Summon Divine Warrior.
 84974 | Pan      | 84974 ||| DRINKING potion of resistance.
 84980 | Pan      | Killed Pohiabeugu the pandemonium lord
 84981 | Pan      | 84981 ||| INVOKING Cleansing Flame.
 84982 | Pan      | 84982 ||| INVOKING Cleansing Flame.
 85313 | Pan      | Identified the +1 rapier "Xutosi Mism" {flame, *Corrode
                  | rF++ rN+ Stlth+}
 85630 | Pan      | 85630 ||| READING scroll of enchant armour.
 85630 | Pan      | 85630 ||| ENCHANTING +5 gold dragon scales.
 85802 | Pan      | 85802 ||| INVOKING Cleansing Flame.
 86056 | Pan      | 86056 ||| INVOKING Cleansing Flame.
 86111 | Pan      | 86111 ||| INVOKING Cleansing Flame.
 86456 | Pan      | 86456 ||| Stepping ~*~*~tactically~*~*~ (stealth).
 86503 | Pan      | 86503 ||| Stepping ~*~*~tactically~*~*~ (stealth).
 86524 | Pan      | Found an exit through the horrors of the Abyss.
 86554 | Pan      | Noticed Pamepsuv the pandemonium lord
 86554 | Pan      | 86554 ||| INVOKING Summon Divine Warrior.
 86554 | Pan      | Identified the +3 tower shield "Sosuyffo" {Rampage Regen+
                  | Slay+3}
 86555 | Pan      | 86555 ||| INVOKING Cleansing Flame.
 86557 | Pan      | 86557 ||| INVOKING Cleansing Flame.
 86564 | Pan      | Killed Pamepsuv the pandemonium lord
 86568 | Pan      | 86568 ||| INVOKING Cleansing Flame.
 86569 | Pan      | 86569 ||| DRINKING potion of resistance.
 86574 | Pan      | 86574 ||| INVOKING Cleansing Flame.
 86575 | Pan      | 86575 ||| INVOKING Cleansing Flame.
 86576 | Pan      | 86576 ||| INVOKING Cleansing Flame.
 86631 | Pan      | 86631 ||| INVOKING Cleansing Flame.
 86772 | Pan      | Got a demonic rune of Zot
 86775 | Pan      | Entered the realm of Cerebov.
 86824 | Pan      | 86824 ||| Stepping ~*~*~tactically~*~*~ (hiding).
 86826 | Pan      | 86826 ||| Stepping ~*~*~tactically~*~*~ (hiding).
 86867 | Pan      | 86867 ||| Stepping ~*~*~tactically~*~*~ (hiding).
 86872 | Pan      | 86872 ||| Stepping ~*~*~tactically~*~*~ (hiding).
 86891 | Pan      | 86891 ||| Stepping ~*~*~tactically~*~*~ (stealth).
 86897 | Pan      | 86897 ||| Stepping ~*~*~tactically~*~*~ (hiding).
 86901 | Pan      | 86901 ||| INVOKING Summon Divine Warrior.
 86904 | Pan      | 86904 ||| INVOKING Cleansing Flame.
 87059 | Pan      | Identified the +2 hand crossbow "qw's Curse" {flame, rPois
                  | rF++ Str-3 SInv}
 87158 | Pan      | 87158 ||| Stepping ~*~*~tactically~*~*~ (stealth).
 87192 | Pan      | 87192 ||| Stepping ~*~*~tactically~*~*~ (hiding).
 87193 | Pan      | 87193 ||| Stepping ~*~*~tactically~*~*~ (hiding).
 87195 | Pan      | 87195 ||| Stepping ~*~*~tactically~*~*~ (hiding).
 87207 | Pan      | 87207 ||| Stepping ~*~*~tactically~*~*~ (cloud).
 87207 | Pan      | Identified the ring of Tutiodav {rF+ Will+ EV+5}
 87216 | Pan      | Identified the +5 trident of Intimidation {flame, rPois rC+
                  | MP+9 Stlth+}
 87216 | Pan      | Identified the amulet of Jouhew {rElec rC+ Regen+}
 87225 | Pan      | Found the +6 sword of Cerebov {flame}
 87225 | Pan      | Noticed Cerebov
 87226 | Pan      | 87226 ||| DRINKING 4 potions of haste.
 87227 | Pan      | 87227 ||| INVOKING Summon Divine Warrior.
 87228 | Pan      | 87228 ||| DRINKING 17 potions of might.
 87246 | Pan      | 87246 ||| INVOKING Summon Divine Warrior.
 87251 | Pan      | 87251 ||| Stepping ~*~*~tactically~*~*~ (cloud).
 87252 | Pan      | 87252 ||| INVOKING Cleansing Flame.
 87253 | Pan      | Killed Cerebov
 87580 | Pan      | Identified the amulet of the Noxious Tomato {Spirit Str+5
                  | Int+4 Slay+2}
 87620 | Pan      | Got a fiery rune of Zot
 87806 | Pan      | Entered the realm of Lom Lobon.
 87859 | Pan      | 87859 ||| Stepping ~*~*~tactically~*~*~ (hiding).
 88089 | Pan      | 88089 ||| INVOKING Summon Divine Warrior.
 88092 | Pan      | 88092 ||| INVOKING Cleansing Flame.
 88199 | Pan      | Noticed Lom Lobon
 88200 | Pan      | 88200 ||| DRINKING 3 potions of haste.
 88201 | Pan      | 88201 ||| DRINKING 16 potions of might.
 88206 | Pan      | 88206 ||| INVOKING Cleansing Flame.
 88207 | Pan      | 88207 ||| INVOKING Cleansing Flame.
 88208 | Pan      | 88208 ||| INVOKING Summon Divine Warrior.
 88219 | Pan      | 88219 ||| INVOKING Summon Divine Warrior.
 88220 | Pan      | 88220 ||| INVOKING Cleansing Flame.
 88221 | Pan      | 88221 ||| INVOKING Cleansing Flame.
 88222 | Pan      | 88222 ||| DRINKING 5 potions of magic.
 88223 | Pan      | 88223 ||| INVOKING Summon Divine Warrior.
 88228 | Pan      | 88228 ||| INVOKING Cleansing Flame.
 88229 | Pan      | 88229 ||| INVOKING Cleansing Flame.
 88237 | Pan      | 88237 ||| INVOKING Summon Divine Warrior.
 88238 | Pan      | Killed Lom Lobon
 88239 | Pan      | 88239 ||| Stepping ~*~*~tactically~*~*~ (cloud).
 88424 | Pan      | Got a magical rune of Zot
 88535 | Pan      | Entered the realm of Mnoleg.
 88651 | Pan      | Gained mutation: Your magical capacity is low. (-10% MP) [a
                  | neqoxec]
 88652 | Pan      | 88652 ||| Stepping ~*~*~tactically~*~*~ (hiding).
 88653 | Pan      | 88653 ||| Stepping ~*~*~tactically~*~*~ (hiding).
 88772 | Pan      | Found an exit through the horrors of the Abyss.
 88839 | Pan      | 88839 ||| Stepping ~*~*~tactically~*~*~ (hiding).
 88965 | Pan      | Gained mutation: Your magical capacity is very low. (-20%
                  | MP) [a neqoxec]
 89007 | Pan      | 89007 ||| Stepping ~*~*~tactically~*~*~ (hiding).
 89048 | Pan      | 89048 ||| Stepping ~*~*~tactically~*~*~ (hiding).
 89160 | Pan      | 89160 ||| Stepping ~*~*~tactically~*~*~ (hiding).
 89161 | Pan      | 89161 ||| Stepping ~*~*~tactically~*~*~ (hiding).
 89163 | Pan      | 89163 ||| Stepping ~*~*~tactically~*~*~ (hiding).
 89260 | Pan      | Noticed Mnoleg
 89261 | Pan      | 89261 ||| Stepping ~*~*~tactically~*~*~ (hiding).
 89262 | Pan      | 89262 ||| Stepping ~*~*~tactically~*~*~ (hiding).
 89263 | Pan      | 89263 ||| INVOKING Summon Divine Warrior.
 89274 | Pan      | Killed Mnoleg
 89299 | Pan      | Got a glowing rune of Zot
 89455 | Pan      | 89455 ||| Stepping ~*~*~tactically~*~*~ (hiding).
 89456 | Pan      | 89456 ||| Stepping ~*~*~tactically~*~*~ (hiding).
 89459 | Pan      | 89459 ||| INVOKING Summon Divine Warrior.
 89583 | Pan      | 89583 ||| Stepping ~*~*~tactically~*~*~ (hiding).
 89596 | Pan      | 89596 ||| DRINKING potion of resistance.
 89597 | Pan      | 89597 ||| INVOKING Summon Divine Warrior.
 89602 | Pan      | 89602 ||| INVOKING Summon Divine Warrior.
 89697 | Pan      | Identified the amulet of Xaulis {Acrobat Rampage Slay-5
                  | Stlth+}
 89721 | Pan      | Entered the realm of Gloorx Vloq.
 89810 | Pan      | 89810 ||| Stepping ~*~*~tactically~*~*~ (stealth).
 89831 | Pan      | Found an exit through the horrors of the Abyss.
 89853 | Pan      | Reached skill level 21 in Axes
 89868 | Pan      | 89868 ||| Stepping ~*~*~tactically~*~*~ (stealth).
 89894 | Pan      | 89894 ||| Stepping ~*~*~tactically~*~*~ (stealth).
 89897 | Pan      | 89897 ||| Stepping ~*~*~tactically~*~*~ (stealth).
 90026 | Pan      | 90026 ||| Stepping ~*~*~tactically~*~*~ (stealth).
 90027 | Pan      | 90027 ||| Stepping ~*~*~tactically~*~*~ (stealth).
 90028 | Pan      | 90028 ||| Stepping ~*~*~tactically~*~*~ (stealth).
 90029 | Pan      | 90029 ||| Stepping ~*~*~tactically~*~*~ (stealth).
 90050 | Pan      | 90050 ||| Stepping ~*~*~tactically~*~*~ (stealth).
 90102 | Pan      | 90102 ||| Stepping ~*~*~tactically~*~*~ (stealth).
 90103 | Pan      | 90103 ||| Stepping ~*~*~tactically~*~*~ (stealth).
 90150 | Pan      | 90150 ||| Stepping ~*~*~tactically~*~*~ (hiding).
 90153 | Pan      | 90153 ||| INVOKING Cleansing Flame.
 90182 | Pan      | Noticed Gloorx Vloq
 90215 | Pan      | 90215 ||| Stepping ~*~*~tactically~*~*~ (stealth).
 90236 | Pan      | Reached skill level 1 in Short Blades
 90257 | Pan      | 90257 ||| Stepping ~*~*~tactically~*~*~ (stealth).
 90261 | Pan      | 90261 ||| Stepping ~*~*~tactically~*~*~ (stealth).
 90263 | Pan      | 90263 ||| INVOKING Summon Divine Warrior.
 90264 | Pan      | 90264 ||| INVOKING Cleansing Flame.
 90269 | Pan      | Killed Gloorx Vloq
 90390 | Pan      | Got a dark rune of Zot
 90530 | Pan      | 90530 ||| Stepping ~*~*~tactically~*~*~ (stealth).
 90584 | Pan      | 90584 ||| Stepping ~*~*~tactically~*~*~ (stealth).
 90586 | Pan      | 90586 ||| Stepping ~*~*~tactically~*~*~ (stealth).
 90612 | Pan      | 90612 ||| Stepping ~*~*~tactically~*~*~ (stealth).
 90613 | Pan      | 90613 ||| Stepping ~*~*~tactically~*~*~ (stealth).
 90680 | Pan      | 90680 ||| PLANNING COC RUNE
 90680 | Pan      | 90680 ||| UPGRADING to +2 tower shield of cold resistance.
 90690 | Pan      | 90690 ||| DROPPING amulet of Xaulis {Acrobat Rampage Slay-5
                  | Stlth+}.
 90691 | Pan      | 90691 ||| DROPPING amulet of the Noxious Tomato {Spirit
                  | Str+5 Int+4 Slay+2}.
 90692 | Pan      | 90692 ||| DROPPING ring "Ekhlaolu" {rF+ rC- rN+ Dex+3}.
 90693 | Pan      | 90693 ||| UPGRADING to ring of Tutiodav {rF+ Will+ EV+5}.
 90695 | Pan      | 90695 ||| DROPPING +5 ring of evasion.
 90696 | Pan      | 90696 ||| DROPPING ring of protection from fire.
 90697 | Pan      | 90697 ||| UPGRADING to ring of the Tortoise {AC+8}.
 90716 | Pan      | Reached skill level 3 in Short Blades
 90799 | Pan      | 90799 ||| Stepping ~*~*~tactically~*~*~ (hiding).
 90805 | Pan      | 90805 ||| Stepping ~*~*~tactically~*~*~ (hiding).
 90853 | Pan      | 90853 ||| Stepping ~*~*~tactically~*~*~ (hiding).
 90854 | Pan      | 90854 ||| Stepping ~*~*~tactically~*~*~ (stealth).
 90856 | Pan      | Noticed Niewucs the pandemonium lord
 90856 | Pan      | 90856 ||| INVOKING Summon Divine Warrior.
 90870 | Pan      | Killed Niewucs the pandemonium lord
 91028 | Pan      | Identified the +5 great sword of Ymumoc {venom, *Slow
                  | Dex+5}
 91405 | Pan      | 91405 ||| INVOKING Cleansing Flame.
 91465 | Pan      | 91465 ||| FLEEEEING.
 91591 | Pan      | Gained mutation: Your body often deteriorates upon taking
                  | damage. [a cacodemon]
 91593 | Pan      | 91593 ||| DRINKING 12 potions of mutation.
 91593 | Pan      | Lost mutation: Your spells are a little easier to cast, but
                  | a little less powerful. [potion of mutation]
 91593 | Pan      | Lost mutation: You are strong-willed. (Will+) [potion of
                  | mutation]
 91593 | Pan      | Gained mutation: You have a pair of small horns on your
                  | head. [potion of mutation]
 91593 | Pan      | Gained mutation: You are partially covered in large bone
                  | plates. (SH +4) [potion of mutation]
 91593 | Pan      | Gained mutation: You have hidden genetic potential. [potion
                  | of mutation]
 91594 | Pan      | 91594 ||| DRINKING 11 potions of mutation.
 91594 | Pan      | Lost mutation: You are clumsy. (Dex -2) [potion of
                  | mutation]
 91594 | Pan      | Lost mutation: You have a pair of small horns on your head.
                  | [potion of mutation]
 91594 | Pan      | Lost mutation: You have hidden genetic potential. [potion
                  | of mutation]
 91594 | Pan      | Lost mutation: Your body often deteriorates upon taking
                  | damage. [potion of mutation]
 91594 | Pan      | Gained mutation: You possess an exceptional clarity of
                  | mind. [potion of mutation]
 91625 | Pan      | Found an exit through the horrors of the Abyss.
 91830 | Pan      | 91830 ||| DROPPING +1 pair of gloves.
 91831 | Pan      | 91831 ||| UPGRADING to +2 helmet of see invisible.
 91855 | Depths:1 | Escaped Pandemonium
 91883 | Hell     | Entered the Vestibule of Hell
 91884 | Hell     | Noticed Geryon
 91895 | Hell     | Reached skill level 27 in Invocations
 91974 | Hell     | 91974 ||| STAIRDANCE
 92085 | Hell     | Killed Geryon
 92207 | Hell     | Found a gateway to the freezing wastes of Cocytus.
 92253 | Coc:1    | Entered Level 1 of Cocytus
 92288 | Coc:1    | 92288 ||| INVOKING Summon Divine Warrior.
 92291 | Coc:1    | 92291 ||| INVOKING Cleansing Flame.
 92292 | Coc:1    | 92292 ||| INVOKING Cleansing Flame.
 92367 | Coc:2    | 92367 ||| INVOKING Cleansing Flame.
 92404 | Coc:3    | 92404 ||| INVOKING Summon Divine Warrior.
 92409 | Coc:3    | 92409 ||| INVOKING Cleansing Flame.
 92410 | Coc:3    | 92410 ||| INVOKING Cleansing Flame.
 92451 | Coc:3    | 92451 ||| INVOKING Summon Divine Warrior.
 92473 | Coc:4    | 92473 ||| INVOKING Cleansing Flame.
 92487 | Coc:4    | 92487 ||| INVOKING Summon Divine Warrior.
 92496 | Coc:4    | 92496 ||| INVOKING Cleansing Flame.
 92521 | Coc:4    | 92521 ||| INVOKING Summon Divine Warrior.
 92526 | Coc:4    | 92526 ||| INVOKING Summon Divine Warrior.
 92627 | Coc:5    | 92627 ||| INVOKING Cleansing Flame.
 92664 | Coc:5    | 92664 ||| Stepping ~*~*~tactically~*~*~ (stealth).
 92666 | Coc:5    | 92666 ||| INVOKING Summon Divine Warrior.
 92682 | Coc:5    | 92682 ||| INVOKING Summon Divine Warrior.
 92692 | Coc:5    | 92692 ||| INVOKING Summon Divine Warrior.
 92991 | Coc:6    | 92991 ||| INVOKING Summon Divine Warrior.
 92996 | Coc:6    | 92996 ||| INVOKING Summon Divine Warrior.
 93022 | Coc:6    | 93022 ||| INVOKING Cleansing Flame.
 93026 | Coc:6    | 93026 ||| INVOKING Cleansing Flame.
 93027 | Coc:6    | 93027 ||| INVOKING Cleansing Flame.
 93028 | Coc:6    | 93028 ||| INVOKING Cleansing Flame.
 93030 | Coc:6    | 93030 ||| Stepping ~*~*~tactically~*~*~ (stealth).
 93034 | Coc:6    | 93034 ||| Stepping ~*~*~tactically~*~*~ (stealth).
 93041 | Coc:6    | 93041 ||| INVOKING Summon Divine Warrior.
 93073 | Coc:6    | 93073 ||| INVOKING Summon Divine Warrior.
 93090 | Coc:6    | 93090 ||| INVOKING Summon Divine Warrior.
 93100 | Coc:6    | Paralysed by a wendigo for 1 turns
 93102 | Coc:6    | 93102 ||| INVOKING Cleansing Flame.
 93103 | Coc:6    | Paralysed by a wendigo for 1 turns
 93341 | Coc:7    | Entered Level 7 of Cocytus
 93383 | Coc:7    | 93383 ||| Stepping ~*~*~tactically~*~*~ (stealth).
 93389 | Coc:7    | 93389 ||| INVOKING Summon Divine Warrior.
 93392 | Coc:7    | 93392 ||| INVOKING Cleansing Flame.
 93393 | Coc:7    | 93393 ||| INVOKING Cleansing Flame.
 93428 | Coc:7    | 93428 ||| Stepping ~*~*~tactically~*~*~ (hiding).
 93513 | Coc:7    | Noticed the Serpent of Hell
 93544 | Coc:7    | Killed the Serpent of Hell
 93565 | Coc:7    | 93565 ||| Stepping ~*~*~tactically~*~*~ (hiding).
 93572 | Coc:7    | 93572 ||| INVOKING Summon Divine Warrior.
 93574 | Coc:7    | Paralysed by a wendigo for 1 turns
 93589 | Coc:7    | Reached skill level 12 in Dodging
 93594 | Coc:7    | 93594 ||| INVOKING Summon Divine Warrior.
 93601 | Coc:7    | HP: 41/199 [nargun (16)]
 93602 | Coc:7    | 93602 ||| READING 10 scrolls of teleportation.
 93602 | Coc:7    | HP: 20/199 [titan (21)]
 93609 | Coc:7    | 93609 ||| READING 9 scrolls of teleportation.
 93614 | Coc:7    | 93614 ||| READING 8 scrolls of teleportation.
 93614 | Coc:7    | HP: 21/199 [frost giant/bolt of cold (5)]
 93619 | Coc:7    | 93619 ||| READING 7 scrolls of teleportation.
 93624 | Coc:7    | 93624 ||| READING 6 scrolls of teleportation.
 93624 | Coc:7    | HP: 27/199 [tentacle[a kraken simulacrum] (3)]
 93628 | Coc:7    | 93628 ||| READING 5 scrolls of teleportation.
 93631 | Coc:7    | 93631 ||| READING 4 scrolls of teleportation.
 93631 | Coc:7    | HP: 26/199 [??? (4)]
 93635 | Coc:7    | 93635 ||| READING 3 scrolls of teleportation.
 93637 | Coc:7    | Killed from afar by a titan

Levels and vault maps discovered:
D:1:      lightli_molten_gateway, layout_basic,
          ebering_ecumenical_altar_petrified, interstate_on_off
D:2:      layout_basic, serial_shops, nicolae_shop_behind_doors, basic_altar
D:3:      layout_basic
D:4:      layout_layer_cave
D:5:      layout_cave_pools, minmay_temple_entry_wispy
D:6:      layout_basic, serial_curves, eino_curves_03, eino_curves_04,
          nicolae_ossuary_entry_plus, hangedman_glass_teeth
D:7:      layout_rooms
D:8:      layout_loops_ring, special_room [special_room_orc],
          nicolae_take_the_stairs
D:9:      layout_small_grid, grunt_temple_overflow_open, dpeg_lair_monsters
D:10:     nzn_winding_woodlands_cross [nzn_winding_woodlands_5x15_default,
          nzn_winding_woodlands_5x15_pockets,
          nzn_winding_woodlands_5x15_lazy_stream,
          nzn_winding_woodlands_5x15_zeroes,
          nzn_winding_woodlands_15x15_five_gardens], layout_cave_pods
D:11:     layout_irregular_city, erik_orc_4, uniq_nergalle, uniq_urug
D:12:     layout_loops_cross, serial_shops, shop, serial_bayou_pond_e,
          kennysheep_doodads, kennysheep_generic_room_4
D:13:     layout_long_grid, skrybe_vaults_entry_preservation, serial_shops, shop
D:14:     layout_small_grid, gammafunk_ghost_mausoleum, corexii_hall_statues_t,
          led_sif_book
D:15:     grunt_enter_depths_snipers, layout_loops_ring, elyvilon_altar_3,
          nicolae_uskayaw_suspiria
Temple:   nicolae_temple_slightly_damp_pantheon
Lair:1:   layout_layer_cave, ebering_ghost_xom, grunt_megastairs_3
Lair:2:   layout_long_grid, nicolae_snake_entry_squirm
Lair:3:   layout_hall_layers, minmay_swamp_entry_worms,
          chequers_serial_rivers_large_a, infiniplex_staircase_pool, uniq_kirke
Lair:4:   layout_gridlike, slime_entry_2, lemuel_fruit_fields,
          grunt_megastairs_2
Lair:5:   minmay_lair_end_frog_pond, layout_layer_cave,
          minmay_stone_trees_small, serial_bayou_shore_b,
          infiniplex_staircase_pool_2
Swamp:1:  nicolae_swamp_wrong_neighborhood, layout_basic_swamp,
          evilmike_swamp_ruin_wall, nicolae_swamp_frolicking_bunyips,
          uniq_roxanne
Swamp:2:  layout_falls_marsh, lemuel_altar_in_water2, swamp_pool4,
          nicolae_swamp_nymph_family_reunion
Swamp:3:  nicolae_swamp_long_stream, layout_falls_marsh,
          gammafunk_ghost_cemetery, evilmike_swamp_ruin_rubble_1
Swamp:4:  swamp_fiery, layout_basic_swamp, swamp_pool1
Snake:1:  layout_misc_corridors
Snake:2:  layout_rooms, serial_shops, nicolae_shop_pleasant_corner_grove,
          uniq_vashnia, uniq_agnes
Snake:3:  layout_cave_town, nicolae_snake_gridmaze_spiral, grunt_ministairs_3,
          grunt_megastairs_5
Snake:4:  snake_pit_salamanders_mu, layout_layer_cave, serial_shops, statue_bzr,
          uniq_donald, uniq_mara
Slime:1:  layout_caves
Slime:2:  layout_caves
Slime:3:  layout_caves, nicolae_slime_getting_an_eyeful
Slime:4:  layout_caves
Slime:5
Orc:1:    layout_caves
Orc:2:    st_orc_rangers, layout_caves, special_room, uniq_sonja
Vaults:1: gammafunk_its_a_trap, nicolae_vaults_closet_pinwheel_2,
          ontoclasm_vaults_chip, nicolae_vaults_prndl, v_misc_24, v_rooms_3,
          nicolae_vaults_little_squares_1, nicolae_vaults_double_plus_1,
          layout_vaults_omnigrid
Vaults:2: hangedman_vaults_pinch, v_misc_28, nicolae_vaults_specimen_jars,
          hangedman_vaults_snaps, v_pattern_4, ontoclasm_vaults_misaligned,
          grunt_vaults_trifunnel, nicolae_vaults_rhombus_7,
          minmay_crypt_entry_necro_gods, nicolae_vaults_trapezoid_lopsided_2,
          vaults_mumra_hex, nicolae_vaults_double_plus_1,
          layout_vaults_big_room, serial_shops, nicolae_shop_tiny_statue_garden
Vaults:3: nicolae_vaults_wine_cellar, nicolae_vaults_double_plus_1,
          vaults_dpeg_spiral, nicolae_vaults_closet_pinwheel_4,
          nicolae_vaults_antechamber_and_loot_room, v_misc_12,
          ontoclasm_vaults_gateway, nicolae_vaults_weapon_check,
          nicolae_vaults_trapezoid_lopsided_4, nicolae_vaults_twisting_passages,
          nicolae_vaults_border_crossing, nicolae_vaults_trapezoid_2,
          nicolae_vaults_house_2, nicolae_vaults_double_plus_2,
          layout_vaults_ring, serial_shops, shop
Vaults:4: nicolae_vaults_windows_and_doors_thing,
          ontoclasm_vaults_decontamination, hangedman_vaults_variations,
          nicolae_vaults_frosty_reception, ontoclasm_vaults_misaligned,
          nicolae_vaults_octothorpe, nicolae_vaults_variable_pillar_hall,
          nicolae_vaults_tetromino_L_2, ontoclasm_vaults_loading_screen,
          nicolae_vaults_network_quincunx
          [nicolae_vaults_network_quincunx_subvault,
          nicolae_vaults_network_quincunx_subvault,
          nicolae_vaults_network_quincunx_subvault,
          nicolae_vaults_network_quincunx_subvault,
          nicolae_vaults_network_quincunx_subvault], v_pattern_1,
          nicolae_vaults_house_2, nicolae_vaults_more_shelving_2,
          nicolae_vaults_cochlea, ontoclasm_vaults_loading_screen,
          ontoclasm_vaults_misaligned, vaults_dpeg_diagonal,
          nicolae_vaults_diamond_2, layout_vaults_maze_bifur
Vaults:5: uniq_sojobo, uniq_saint_roka
Crypt:1:  layout_catacombs, st_stairs_13, tombwall_bobbens,
          grunt_crypt_arrival_split, uniq_vv, uniq_boris
Crypt:2:  layout_catacombs, amcnicky_mini_pool_small, grunt_megastairs_1
Crypt:3:  church_of_pain_bobbens, layout_chaotic_city,
          nicolae_tomb_entry_grand_gallery, ebering_ghost_rock_garden
Tomb:1
Tomb:2
Tomb:3
Depths:1: layout_honeycomb, enter_ziggurat_b, pan_entry, hell_entry, drop_trap,
          nemelex_xobeh_ov_fountains_minmay
Depths:2: minmay_crystal_thing, layout_cave_shapes, special_room
          [special_room_morgue], serial_hangedman_research,
          hangedman_research_quantum, hangedman_research_electronics,
          hangedman_research_thanatology, hangedman_research_thermodynamics,
          hangedman_research_toxicology, hangedman_research_probablistics,
          kiku_gazebo_pond_becter, pan_entry, hell_entry, serial_bayou_pond_e,
          infiniplex_staircase_door_maze
Depths:3: minmay_containers, layout_honeycomb, hellmouth_1, abyss_entry_crystal
Depths:4: lemuel_castle_with_subvaults [lemuel_castle_interior_carwin_2],
          layout_cave_pools, minmay_strange_pillars, lightli_too_deep,
          pan_entry, grunt_decor_resistance, nicolae_figureground_sparkle
Hell
Coc:1:    layout_ice_bergs, serial_ice, serial_ice_c, serial_ice_d, serial_ice_e
Coc:2:    layout_ice_bergs, nicolae_hells_hurtin_island
Coc:3:    layout_ice_bergs
Coc:4:    layout_ice_bergs
Coc:5:    layout_ice_bergs
Coc:6:    layout_ice_bergs, nicolae_coc_downstairs_cove
Coc:7:    coc_hangedman
Zot:1:    layout_cellular_growth, st_small_dragon_hoard_5, grunt_ministairs_13,
          st_small_dragon_hoard_2
Zot:2:    lemuel_draconian_sentries, layout_twisted_circle
Zot:3:    layout_gridlike, nzn_random_ring
Zot:4:    minmay_elemental_castle, layout_gridlike

Skill      XL: |  1  2  3  4  5  6  7  8  9 10 11 12 13 14 15 16 17 18 19 20 21 22 23 24 25 26 27 |
---------------+----------------------------------------------------------------------------------+-----
Axes           | 2 3 4 5 6 8 9 10 11 12 14 16 17 18 23 | 23.4
Invocations    | 1 2 4 6 9 10 12 27 | 27.0
Fighting       | 4 5 7 8 9 10 11 12 13 15 16 18 19 20 22 24 26 27 | 27.0
Dodging        | 1 2 3 5 6 7 8 9 11 12 | 12.0
Throwing       | 1 2 3 4 5 6 7 9 10 11 13 15 | 15.0
Armour         | 4 5 8 9 10 11 12 13 15 17 19 20 22 27 | 27.0
Shields        | 4 5 6 7 8 9 12 17 19 20 21 22 25 | 25.3
Short Blades   | 4 |  4.8

Action                     |  1- 3 |  4- 6 |  7- 9 | 10-12 | 13-15 | 16-18 | 19-21 | 22-24 | 25-27 || total
---------------------------+-------+-------+-------+-------+-------+-------+-------+-------+-------++-------
  Melee: War axe           |    99 |   100 |   219 |       |       |       |       |       |  2210 ||  2628
         Broad axe         |       |       |    85 |   343 |  1127 |  1373 |  1484 |  1715 |  2792 ||  8919
         Morningstar       |       |       |       |    15 |    23 |    54 |       |       |       ||    92
  Throw: Javelin           |       |       |    34 |    55 |   114 |    34 |   105 |    48 |   133 ||   523
         Boomerang         |       |       |    12 |    39 |    82 |    85 |    35 |    56 |   535 ||   844
 Invoke: Heroism           |       |     1 |    11 |    19 |    28 |    45 |    23 |    33 |    27 ||   187
         Finesse           |       |       |       |     3 |     6 |     3 |    10 |    12 |     1 ||    35
         Cleansing Flame   |       |       |       |       |       |       |       |       |   172 ||   172
         Summon Divine War |       |       |       |       |       |       |       |       |    69 ||    69
         Brand Weapon With |       |       |       |       |       |       |       |       |     1 ||     1
    Use: Scroll            |     6 |     3 |     8 |     7 |     3 |     4 |     2 |     4 |    40 ||    77
         Potion            |     1 |     2 |     2 |     4 |     1 |     5 |       |     7 |    43 ||    65
   Stab: Petrified         |       |       |       |       |     2 |       |       |       |       ||     2
         Sleeping          |       |       |       |       |     1 |     2 |       |       |       ||     3
         Distracted        |       |       |       |       |       |     1 |       |       |       ||     1
         Confused          |       |       |       |       |       |     2 |       |       |     2 ||     4
 Armour: Scale mail        |    49 |    61 |    61 |       |       |       |       |       |       ||   171
         Chain mail        |       |       |   102 |    27 |   575 |   895 |    63 |       |   301 ||  1963
         Plate armour      |       |       |       |   215 |    28 |       |   457 |   392 |       ||  1092
         Gold dragon scale |       |       |       |       |       |       |       |   500 |  2570 ||  3070
  Dodge: Dodged            |    61 |    58 |   142 |   139 |   559 |  1115 |   431 |   655 |  1686 ||  4846
  Block: Buckler           |    28 |    21 |    52 |    90 |   352 |   212 |       |       |       ||   755
         Tower shield      |       |       |       |       |       |   765 |  1169 |  1578 |  4617 ||  8129
         Kite shield       |       |       |       |       |       |    78 |       |       |       ||    78

Table legend:
 A = Non-vault XP
 B = Vault XP
 C = Vault XP percentage of total XP
 D = Non-vault monster count
 E = Vault monster count
 F = Vault count percentage of total count
                 A         B        C        D         E       F
            +---------+---------+-------+---------+---------+-------
      Total | 1208525 | 1114680 |  48.0 |    2118 |    1319 |  38.4
            +---------+---------+-------+---------+---------+-------
        D:1 |      11 |       0 |   0.0 |       6 |       0 |   0.0
        D:2 |      25 |       0 |   0.0 |       8 |       0 |   0.0
        D:3 |     266 |       0 |   0.0 |      18 |       0 |   0.0
        D:4 |     355 |       0 |   0.0 |      23 |       0 |   0.0
        D:5 |     681 |       0 |   0.0 |      17 |       0 |   0.0
        D:6 |     586 |       0 |   0.0 |      16 |       0 |   0.0
        D:7 |    1476 |       0 |   0.0 |      30 |       0 |   0.0
        D:8 |    1328 |     113 |   7.8 |      26 |      24 |  48.0
        D:9 |    3268 |    2581 |  44.1 |      30 |      11 |  26.8
       D:10 |    4646 |    5865 |  55.8 |      29 |      19 |  39.6
       D:11 |    3743 |    2114 |  36.1 |      30 |      18 |  37.5
       D:12 |    8777 |     177 |   2.0 |      26 |       1 |   3.7
       D:13 |    4367 |    4932 |  53.0 |      14 |       9 |  39.1
       D:14 |    6706 |      71 |   1.0 |      17 |       2 |  10.5
       D:15 |    4084 |    2711 |  39.9 |      12 |       3 |  20.0
     Lair:1 |    5036 |    1007 |  16.7 |      19 |       3 |  13.6
     Lair:2 |    9878 |     491 |   4.7 |      36 |       3 |   7.7
     Lair:3 |    7449 |    3313 |  30.8 |      18 |      10 |  35.7
     Lair:4 |    2300 |    6536 |  74.0 |       7 |       5 |  41.7
     Lair:5 |   12432 |    9840 |  44.2 |      39 |      35 |  47.3
    Swamp:1 |    7618 |    7203 |  48.6 |      22 |       7 |  24.1
    Swamp:2 |   12741 |    2969 |  18.9 |      23 |       4 |  14.8
    Swamp:3 |    9474 |       0 |   0.0 |      13 |       0 |   0.0
    Swamp:4 |    9443 |   14335 |  60.3 |      22 |      30 |  57.7
    Snake:1 |    7941 |       0 |   0.0 |      16 |       0 |   0.0
    Snake:2 |   23879 |    8183 |  25.5 |      51 |       7 |  12.1
    Snake:3 |   22841 |    2956 |  11.5 |      51 |       9 |  15.0
    Snake:4 |   11144 |   38904 |  77.7 |      26 |      53 |  67.1
    Slime:1 |   11028 |       0 |   0.0 |      14 |       0 |   0.0
    Slime:2 |    4009 |       0 |   0.0 |       3 |       0 |   0.0
    Slime:3 |    4158 |       0 |   0.0 |       5 |       0 |   0.0
    Slime:5 |   14554 |   29364 |  66.9 |      28 |      18 |  39.1
      Orc:1 |    1521 |       0 |   0.0 |      25 |       0 |   0.0
      Orc:2 |     853 |    6854 |  88.9 |      18 |      37 |  67.3
   Vaults:1 |   34964 |   12838 |  26.9 |      51 |      15 |  22.7
   Vaults:2 |   23824 |   30526 |  56.2 |      42 |      41 |  49.4
   Vaults:3 |   15233 |   26377 |  63.4 |      23 |      31 |  57.4
   Vaults:4 |   15710 |   18956 |  54.7 |      21 |      27 |  56.2
   Vaults:5 |   27877 |  114021 |  80.4 |      44 |     108 |  71.1
    Crypt:1 |   38754 |   11297 |  22.6 |      65 |      11 |  14.5
    Crypt:2 |   35810 |    6430 |  15.2 |      58 |       7 |  10.8
    Crypt:3 |   14099 |   59622 |  80.9 |      21 |      82 |  79.6
     Tomb:1 |   16613 |  106869 |  86.5 |      39 |      68 |  63.6
     Tomb:2 |    6099 |   30209 |  83.2 |      29 |      45 |  60.8
     Tomb:3 |   13457 |   55741 |  80.6 |      27 |      59 |  68.6
   Depths:1 |   41459 |       0 |   0.0 |      47 |       0 |   0.0
   Depths:2 |   28763 |   62942 |  68.6 |      37 |      94 |  71.8
   Depths:3 |   23667 |   15458 |  39.5 |      28 |      12 |  30.0
   Depths:4 |   32243 |   65914 |  67.2 |      36 |      53 |  59.6
       Hell |   11670 |   10570 |  47.5 |      28 |      17 |  37.8
      Coc:1 |    6726 |    3010 |  30.9 |      11 |       4 |  26.7
      Coc:2 |    6745 |       0 |   0.0 |      12 |       0 |   0.0
      Coc:3 |   12036 |       0 |   0.0 |      16 |       0 |   0.0
      Coc:4 |   17226 |       0 |   0.0 |      15 |       0 |   0.0
      Coc:5 |   16251 |       0 |   0.0 |      16 |       0 |   0.0
      Coc:6 |   18196 |    9803 |  35.0 |      24 |       4 |  14.3
      Coc:7 |   14160 |   32617 |  69.7 |      17 |      30 |  63.8
      Zot:1 |   35699 |   14639 |  29.1 |      30 |       9 |  23.1
      Zot:2 |   35355 |       0 |   0.0 |      28 |       0 |   0.0
      Zot:3 |   62866 |   26722 |  29.8 |      56 |      18 |  24.3
      Zot:4 |   54665 |   16803 |  23.5 |      50 |      16 |  24.2
    Abyss:1 |   12892 |       0 |   0.0 |      29 |       0 |   0.0
    Abyss:2 |    3889 |       0 |   0.0 |       3 |       0 |   0.0
    Abyss:3 |   19034 |       0 |   0.0 |      36 |       0 |   0.0
    Abyss:4 |     800 |   10294 |  92.8 |       6 |      14 |  70.0
    Abyss:5 |    1735 |       0 |   0.0 |       2 |       0 |   0.0
        Pan |  291390 |  222503 |  43.3 |     433 |     246 |  36.2
            +---------+---------+-------+---------+---------+-------
